Workbook
Name _Hlk37864212: 'Aprobación Riesgo Mínimo'!#REF!
Name _Hlk37864212: 'Aprobación RMM'!#REF!
Name _Hlk37864212: 'Carta aprobación de enmiendas'!#REF!
Name _Hlk37864212: 'Carta de aprobación Excención'!#REF!
Name _Hlk37864212: 'Carta Renovación de Aprobación'!#REF!
Name _Hlk37864212: 'Compromiso de confidencialidad'!#REF!
Name _Hlk37864212: 'Conflicto Interés Evaluadores'!#REF!
Name _Hlk37864212: 'Datos de Investigación'!#REF!
Name _Hlk37864212: 'Declaración Conflicto Interés'!#REF!
Name _Hlk37864212: 'Declaración de Interés Inst SR'!#REF!
Name _Hlk37864212: 'Declaración de Interés Inst.'!#REF!
Name _Hlk37864212: 'Declaración de Resp. (O&I)'!#REF!
Name _Hlk37864212: 'Declaración de Responsabilidad'!#REF!
Name _Hlk37864212: Evaluación!#REF!
Name _Hlk37864212: 'Evaluación de Enmiendas'!#REF!
Name _Hlk37864212: 'Formato resp. a observaciones'!#REF!
Name _Hlk37864212: 'Hoja de vida'!#REF!
Name _Hlk37864212: 'Hoja de vida.'!#REF!
Name _Hlk37864212: Instrucciones!#REF!
Name _Hlk37864212: 'Instrumentos de la invest.'!#REF!
Name _Hlk37864212: 'Instrumentos de la invest. SR'!#REF!
Name _Hlk37864212: 'Lista de Verificación Inv. Int.'!#REF!
Name _Hlk37864212: 'Lista de Verificación Inv. Obs'!#REF!
Name _Hlk37864212: 'Lista de Verificación SR'!#REF!
Name _Hlk37864212: 'Mod. Justificación de enmiendas'!#REF!
Name _Hlk37864212: 'No aplicación Consent.Infor(IO)'!#REF!
Name _Hlk37864212: 'No aplicación Consent.Informado'!#REF!
Name _Hlk37864212: 'Notificación Recepción de Docs.'!#REF!
Name _Hlk37864212: Protocolo!$B$7
Name _Hlk37864212: 'Seguimiento (Informe Avance)'!#REF!
Name _Hlk37864212: 'Seguimiento (Informe Final)'!#REF!
Name _Hlk37864212: 'Seguimiento (Informe Inicial)'!#REF!
Name _Hlk37864212: 'Solicitud de Evaluación'!#REF!
Name _Hlk37864212: 'Solicitud de Excención'!#REF!
Name _Hlk37864212: 'Solicitud Evaluación Enmiendas'!#REF!
Name _Hlk37864212: 'Solicitud Renovación de APROB.'!#REF!

Sheet Instrucciones
A1: COMITÉ DE ETICA DE INVESTIGACIÓN EN SERES HUMANOS (CEISH-USFQ)
B3: ACUERDO N° 00005 - 2022 REGLAMENTO PARA LA APROBACIÓN Y SEGUIMIENTO DE COMITÉS DE ÉTICA DE INVESTIGACIÓN EN SERES HUMANOS (CEISH)
B5: EN CASO DE QUERER REVISAR EL ACUERDO DAR CLICK EN ESTE LINK
A7: Introducción para completar formularios.
A8: Instrucciones
A9: 1. Lee atentamente las instrucciones de cada hoja del archivo.
A10: 2. ES OBLIGATORIO Utilizar el botón "PASAR AL SIGUIENTE DOCUMENTO" para navegar a través de los distintos formularios, éste te guiará únicamente por los documentos que necesitas llenar según el tipo de investigación al cual pertenezca tu proyecto.
A13: 3. Imprime los documentos en pdf, fírmalos y envíalos al correo ceishusfq@usfq.edu.ec junto con este excel.
A14: 4. Mantén los campos y formatos de los formularios. Revisa que en los pdf salga todo el texto
A16: Generalidades
A17: 1. Todos los documentos que se envíen al CEISH-USFQ, en todas sus versiones, deben contener: • Firmas y fechas • El código CEISH se asignará a partir de la versión 2 (dos) del documento. • Con cada versión deberá actualizarse la fecha del documento. 2. Guardar el documento como: Ejemplo de nombre de archivo: Protocolo_VE01_24ene2024 (NOMBRE, VERSIÓN, FECHA).
F24: =IF(E24="",HYPERLINK("#"&"'Datos de Investigación'!B1","Pasar al siguiente documento"),"Llenar campos en gris") -> Pasar al siguiente documento

Sheet Datos de Investigación
B1: Recopilación de datos personales y de la Investigación para completar formularios.
B2: Completa los campos en color gris para llenar de manera automática parte de los datos en los documentos requeridos para presentar su investigación. Una vez completo, dar click en "Pasar al siguiente documento" para continuar con el proceso.
B5: VERSIÓN
B6: FECHA | C6: =TODAY() -> 45699
B7: CÓDIGO DE LA INVESTIGACIÓN
B8: NOMBRES Y APELLIDOS COMPLETOS (Investigador Principal)
B9: ROL DENTRO DE LA INVESTIGACIÓN | C9: Investigador Principal
B10: NÚMERO DE DOCUMENTO DE IDENTIDAD (Investigador Principal)
B11: TELÉFONO (Investigador Principal)
B12: DIRECCIÓN (Investigador Principal)
B13: CORREO (Investigador Principal)
B14: INSTITUCIÓN
B15: FACULTAD
B16: CÓDIGO HUBI (Este campo aplica solo para investigadores y docentes USFQ)
B17: TÍTULO DE LA INVESTIGACIÓN (Incluir localidad y año)
B18: RAZONES DE INTERÉS INSTITUCIONAL DE LA INVESTIGACIÓN (descripción corta) (si aplica)
B19: PATROCINADOR (Si aplica)
B20: ESTABLECIMIENTO DE SALUD, INSTITUCIÓN O DISTRITO DONDE SE REALIZARÁ LA INVESTIGACIÓN
B21: NOMBRE Y APELLIDO DE LA AUTORIDAD DE LA INSTITUCIÓN DONDE SE REALIZARÁ LA INVESTIGACIÓN (si aplica)
... B27: REGRESAR
B28: =IF(OR(C6="",ISBLANK(C6),C5="",ISBLANK(C5),C8="",ISBLANK(C8),C9="",ISBLANK(C9),C10="",ISBLANK(C10),C11="",ISBLANK(C11),C13="",ISBLANK(C13),C14="",ISBLANK(C14),C12="",ISBLANK(C12)),"Formulario incompleto","") -> Formulario incompleto
B29: =IF(B28="",HYPERLINK("#"&"'Formulario de clasificación'!B1","Pasar al siguiente documento"),"Llenar campos en gris") -> Llenar campos en gris

Sheet Formulario de clasificación
B1: Instrucciones: Completa los campos en gris con una "X" dentro de cada casillero para identificar el nivel de riesgo de tu investigación, recuerda que TODAS las preguntas deben tener al menos una selección de SI o NO. Al identificarse un nivel de riesgo, la tablas de riesgos menores ya no aplican. Cuando se hayan contestado todas las preguntas requeridas se mostrará el resultado de tu investigación al final del formulario. Recuerda revisar que toda la información ingresada sea correcta y al final firmar la Declaración de Responsabilidad. OBLIGATORIO Utilizar el botón "PASAR AL SIGUIENTE DOCUMENTO" para navegar a través de los distintos formularios, éste le guiará únicamente por los que necesita llenar según el tipo de investigación a la cual pertenezca su proyecto.
H2: ='Datos de Investigación'!$C$5 -> 0
H3: =""&'Datos de Investigación'!$C$7&""
F4: ='Datos de Investigación'!$C$6 -> 45699
B5: Formulario de Clasificación de Riesgo de Investigaciones
B6: Este formulario cumple con lo dispuesto en el "Reglamento Sustitutivo del Reglamento para la Aprobación y Seguimiento de Comités de Ética de Investigación en Seres Humanos (CEISH) y Comités de Ética Asistenciales para la Salud (CEAS)" expedido mediante Acuerdo Ministerial Nro. 005 de 02 de agosto de 2022, para la estratificación de riesgos de investigaciones. Por tal motivo, este formato no podrá ser modificado.
B8: INVESTIGACIONES CON RIESGO MAYOR AL MÍNIMO | F8: SI | G8: NO | I8: CONTROL
B9: 1 | C9: Ensayos clínicos con medicamentos, vacunas, dispositivos médicos, innovación quirúrgica, productos biológicos o productos naturales procesados de uso medicinal, sujetos a registro sanitario. | H9: =IF(SUM($I$9:$I$21)=13,IF(AND(SUM($I$9:$I$21)=13,COUNTIF($F$9:$F$21,"X")>0),"Ok, completo. La investigación corresponde a este nivel de riesgo.","Ok, completo. No aplica este riesgo"),"Alerta, hay preguntas sin contestar o hay más de una selección para una pregunta. Revise la información en gris") -> Alerta, hay preguntas sin contestar o hay más de una selección para una pregunta. Revise la información en gris | I9: =IF(COUNTIF($F9:$G9,"X")=1,1,0) -> 0 | J9: =IF(COUNTIF(F9,"X")=1,1,0) -> 0
B10: 2 | C10: Estudios de farmacología de Fase I a III. | I10: =IF(COUNTIF($F10:$G10,"X")=1,1,0) -> 0 | J10: =IF(COUNTIF(F10,"X")=1,1,0) -> 0
B11: 3 | C11: Investigaciones con recopilación de información privada (historias clínicas), identificativa y/o sensible. | I11: =IF(COUNTIF($F11:$G11,"X")=1,1,0) -> 0 | J11: =IF(COUNTIF(F11,"X")=1,1,0) -> 0 | K11: SI(CONTAR.SI(F5:$G$17;"X")=13;"Ok, completo";"Alerta, hay preguntas sin contestar")
B12: 4 | C12: Investigaciones con uso de muestras biológicas humanas identificables. | I12: =IF(COUNTIF($F12:$G12,"X")=1,1,0) -> 0 | J12: =IF(COUNTIF(F12,"X")=1,1,0) -> 0
B13: 5 | C13: Investigaciones con participación de población vulnerable o en condición de vulnerabilidad. | I13: =IF(COUNTIF($F13:$G13,"X")=1,1,0) -> 0 | J13: =IF(COUNTIF(F13,"X")=1,1,0) -> 0
B14: 6 | C14: Estudios experimentales con nuevos dispositivos, nuevos métodos diagnósticos invasivos, preventivos, de rehabilitación o nuevos procedimientos quirúrgicos. | I14: =IF(COUNTIF($F14:$G14,"X")=1,1,0) -> 0 | J14: =IF(COUNTIF(F14,"X")=1,1,0) -> 0
B15: 7 | C15: Investigaciones con fármacos con margen de seguridad estrecho. | I15: =IF(COUNTIF($F15:$G15,"X")=1,1,0) -> 0 | J15: =IF(COUNTIF(F15,"X")=1,1,0) -> 0
B16: 8 | C16: Investigaciones psicológicas que implican manipulación de la conducta. | I16: =IF(COUNTIF($F16:$G16,"X")=1,1,0) -> 0 | J16: =IF(COUNTIF(F16,"X")=1,1,0) -> 0
B17: 9 | C17: Investigaciones de intervención social. | I17: =IF(COUNTIF($F17:$G17,"X")=1,1,0) -> 0 | J17: =IF(COUNTIF(F17,"X")=1,1,0) -> 0
B18: 10 | C18: Investigaciones con uso de procedimientos invasivos (ej. Amniocentesis, punción lumbar, cateterismo, entre otros) por fuera de la indicación y frecuencia de la práctica estándar. | I18: =IF(COUNTIF($F18:$G18,"X")=1,1,0) -> 0 | J18: =IF(COUNTIF(F18,"X")=1,1,0) -> 0
B19: 11 | C19: Investigaciones que requieren del abandono o retiro de la medicación habitual. | I19: =IF(COUNTIF($F19:$G19,"X")=1,1,0) -> 0 | J19: =IF(COUNTIF(F19,"X")=1,1,0) -> 0
B20: 12 | C20: Investigaciones en situación de emergencias sanitarias. | I20: =IF(COUNTIF($F20:$G20,"X")=1,1,0) -> 0 | J20: =IF(COUNTIF(F20,"X")=1,1,0) -> 0
B21: 13 | C21: Investigaciones que se realicen por primera vez en seres humanos. | I21: =IF(COUNTIF($F21:$G21,"X")=1,1,0) -> 0 | J21: =IF(COUNTIF(F21,"X")=1,1,0) -> 0
B23: INVESTIGACIONES DE RIESGO MÍNIMO | F23: SI | G23: NO | I23: CONTROL
B24: 1 | C24: Investigación con recopilación de información identificativa de seres humanos. | H24: =IF(COUNTIF($F$9:$G$21,"X")<>13,"Primero se debe completar la tabla anterior",IF(AND(SUM($I$24:$I$32)=9,COUNTIF($F$24:$F$32,"X")>0),"OK, completo. La investigación corresponde a este nivel de riesgo.",IF(COUNTIF($F$24:$G$32,"X")=9,"Ok, completo. No aplica este riesgo.",IF(COUNTIF($F$9:$F$21,"X")>0,"No aplica","Alerta, hay preguntas sin contestar o hay más de una selección para una pregunta. Revise la información en gris")))) -> Primero se debe completar la tabla anterior | I24: =IF(COUNTIF($F24:$G24,"X")=1,1,0) -> 0 | J24: =IF(COUNTIF(F24,"X")=1,1,0) -> 0
B25: 2 | C25: Investigación con recopilación de datos de grabaciones de voz, video o de imágenes. | I25: =IF(COUNTIF($F25:$G25,"X")=1,1,0) -> 0 | J25: =IF(COUNTIF(F25,"X")=1,1,0) -> 0 | K25: SI(CONTAR.SI(F24:$G$32;"X")=9;"Ok, completo";"Alerta, hay preguntas sin contestar")
B26: 3 | C26: Investigaciones que se realizan con datos de salud o muestras biológicas almacenados en servicios de salud de manera tal que no se pueda determinar la identidad de los titulares (revisión de historias clínicas cuyos datos de identificación fueron anonimizados, análisis de muestras biológicas humanas anónimas o anonimizadas). Siempre y cuando el establecimiento o institución pública o privada cuente con un proceso estandarizado de anonimización o seudonimización, conforme lo determina la Ley Orgánica de Protección de Datos Personales. | I26: =IF(COUNTIF($F26:$G26,"X")=1,1,0) -> 0 | J26: =IF(COUNTIF(F26,"X")=1,1,0) -> 0
B27: 4 | C27: Investigación con uso de muestras biológicas humanas anonimizadas, almacenadas en colecciones o biobancos, que cuenten con un consentimiento informado amplio para almacenamiento y uso de futuras investigaciones. | I27: =IF(COUNTIF($F27:$G27,"X")=1,1,0) -> 0 | J27: =IF(COUNTIF(F27,"X")=1,1,0) -> 0
B28: 5 | C28: Investigación con análisis de medicamentos de amplio margen terapéutico, registrados por la ARCSA. Siempre que se respeten las indicaciones, dosis y vías de administración establecidas por las agencias reguladoras de medicamentos internacionales. Incluyen ensayos clínicos fase IV. | I28: =IF(COUNTIF($F28:$G28,"X")=1,1,0) -> 0 | J28: =IF(COUNTIF(F28,"X")=1,1,0) -> 0
B29: 6 | C29: Investigación con mediciones o procedimientos aprobados en la práctica habitual (ej. Clínicos, educativos, físicos nutricionales, odontológicos o psicológicos). | I29: =IF(COUNTIF($F29:$G29,"X")=1,1,0) -> 0 | J29: =IF(COUNTIF(F29,"X")=1,1,0) -> 0
B30: 7 | C30: Investigación que incluye interrogar, observar y/o medir cara a cara a los sujetos de investigación, en un área o materia que no sea sensible, siempre que la información se recopile de manera anónima. | I30: =IF(COUNTIF($F30:$G30,"X")=1,1,0) -> 0 | J30: =IF(COUNTIF(F30,"X")=1,1,0) -> 0
B31: 8 | C31: Investigación con intervenciones probadas y eficaces. | I31: =IF(COUNTIF($F31:$G31,"X")=1,1,0) -> 0 | J31: =IF(COUNTIF(F31,"X")=1,1,0) -> 0
B32: 9 | C32: Investigación de intervención educativa en adultos con recopilación de información identificativa. | I32: =IF(COUNTIF($F32:$G32,"X")=1,1,0) -> 0 | J32: =IF(COUNTIF(F32,"X")=1,1,0) -> 0
B34: INVESTIGACIONES SIN RIESGO | F34: SI | G34: NO | I34: CONTROL
B35: 1 | C35: Investigaciones que no se realicen sobre seres humanos, sus datos o sus muestras biológicas. | H35: =IF(AND(H9="Ok, completo. La investigación corresponde a este nivel de riesgo.",(H24="No aplica")),"No aplica",IF(COUNTIF($F$24:$G$32,"X")<>9,"Primero se debe completar la tabla anterior",IF(COUNTIF($F$24:$F$32,"X")>0,"No aplica",IF(AND(SUM($I$35:$I$42)=8,COUNTIF($F$35:$F$42,"X")>0),"OK, completo. La investigación corresponde a este nivel de riesgo.",IF(AND(COUNTIF($G$24:$G$32,"X")=8,COUNTIF($F$24:$G$32,"X")=9),"Ok, completo. No aplica este riesgo.",IF(OR(COUNTIF($F$35:$G$42,"X")=0,COUNTIF($F$35:$G$42,"X")>8,COUNTIF($F$35:$G$42,"X")<8),"Alerta, hay preguntas sin contestar o hay más de una selección para una pregunta. Revise la información en gris","Ok, completo. No aplica este riesgo.")))))) -> Primero se debe completar la tabla anterior | I35: =IF(COUNTIF($F35:$G35,"X")=1,1,0) -> 0 | J35: =IF(COUNTIF(F35,"X")=1,1,0) -> 0
B36: 2 | C36: Investigación con recopilación y análisis de datos abiertos o públicos. | I36: =IF(COUNTIF($F36:$G36,"X")=1,1,0) -> 0 | J36: =IF(COUNTIF(F36,"X")=1,1,0) -> 0 | K36: SI(CONTAR.SI(F31:$G$38;"X")=8;"Ok, completo";"Alerta, hay preguntas sin contestar")
B37: 3 | C37: Investigación con análisis secundario de datos consolidados o bases de datos anonimizadas, obtenidos de registros existentes que reposan en instituciones o establecimientos públicos o privados (no se incluye establecimientos de salud) que cuentan con procesos estandarizados de anonimización o seudonimización de la información de acuerdo con la Ley Orgánica de Protección de Datos Personales. | I37: =IF(COUNTIF($F37:$G37,"X")=1,1,0) -> 0 | J37: =IF(COUNTIF(F37,"X")=1,1,0) -> 0
B38: 4 | C38: Revisiones de políticas públicas y/o reglamentación. | I38: =IF(COUNTIF($F38:$G38,"X")=1,1,0) -> 0 | J38: =IF(COUNTIF(F38,"X")=1,1,0) -> 0
B39: 5 | C39: Investigación con análisis de información obtenida de fuentes secundarias de literatura científica. | I39: =IF(COUNTIF($F39:$G39,"X")=1,1,0) -> 0 | J39: =IF(COUNTIF(F39,"X")=1,1,0) -> 0
B40: 6 | C40: Investigación que evalúa anónimamente el sabor y/o calidad de alimentos, o estudios de aceptación del consumidor. | I40: =IF(COUNTIF($F40:$G40,"X")=1,1,0) -> 0 | J40: =IF(COUNTIF(F40,"X")=1,1,0) -> 0
B41: 7 | C41: Investigación que evalúa anónimamente programas públicos o prácticas educativas. | I41: =IF(COUNTIF($F41:$G41,"X")=1,1,0) -> 0 | J41: =IF(COUNTIF(F41,"X")=1,1,0) -> 0
B42: 8 | C42: Investigaciones con recopilación de información de forma anónima, como cuestionarios, entrevistas anónimas, donde no se registren datos que permitan la identificación de los participantes (datos personales), datos sensibles, población vulnerable, ni se traten aspectos sensibles de su conducta. | I42: =IF(COUNTIF($F42:$G42,"X")=1,1,0) -> 0 | J42: =IF(COUNTIF(F42,"X")=1,1,0) -> 0
B44: Resultado de la clasificación | F44: =IF(AND((H9="Ok, completo. La investigación corresponde a este nivel de riesgo."),(H24="No aplica"),(H35="No aplica")),"Riesgo mayor al mínimo",IF(AND(COUNTIF($F$24:$G$32,"X")=9,(COUNTIF($F$24:$F$32,"X")>0)),"Riesgo mínimo",IF(AND(COUNTIF($F$35:$G$42,"X")=8,COUNTIF($F$35:$F$42,"X")>0),"Investigación Sin Riesgo","Complete el formulario"))) -> Complete el formulario
B45: Subtipo de Investigación | F45: Elija una opción
B46: =CONCATENATE(IF(F44="Investigación Sin Riesgo","Tu investigación será Exenta de evaluación. Recibirá la resolución del CEISH-USFQ al término de quince (15) días laborables, contados a partir de la recepción de la documentación COMPLETA. Esto, según las disposiciones del Acuerdo Ministerial 005-2022.",""),IF(F44="Riesgo mayor al mínimo","Tu investigación será evaluada bajo la modalidad En pleno. Recibirás la resolución del CEISH-USFQ al término de sesenta (60) días laborables,"&" contados a partir de la notificación de recepción de la documentación COMPLETA de la investigación. Esto, según las disposiciones del Acuerdo Ministerial 005-2022.",""),IF(F44="Riesgo mínimo","Tu investigación será evaluada bajo la modalidad Expedita. Recibirás la resolución del CEISH-USFQ al término de cuarenta y cinco (45) días laborables,"&" contados a partir de la notificación de recepción de la documentación COMPLETA de la investigación. Esto, según las disposiciones del Acuerdo Ministerial 005-2022.",""))
B51: Declaración de Responsabilidad
B53: ="Yo, "&'Datos de Investigación'!$C$8&", con cédula número CC "&'Datos de Investigación'!$C$10&", asumo la responsabilidad total del contenido y veracidad de la información ingresada en este formulario." -> Yo, , con cédula número CC , asumo la responsabilidad total del contenido y veracidad de la información ingresada en este formulario.
B60: Firma
B61: ='Datos de Investigación'!$C$6 -> 45699
B64: ="Yo, "&'Datos de Investigación'!$C$24&", con cédula número CC "&'Datos de Investigación'!$C$25&", en calidad de tutor de tesis, certifico que la información contenida en este formulario es adecuada y que cumple con lo dispuesto en la legislación que regula las investigaciones con seres humanos." -> Yo, , con cédula número CC , en calidad de tutor de tesis, certifico que la información contenida en este formulario es adecuada y que cumple con lo dispuesto en la legislación que regula las investigaciones con seres humanos.
B72: Firma Tutor
B73: NOTA: Revisar que el documento esté completo adecuadamente para guardar en PDF.
B75: REGRESAR | E75: =IF(OR(F44="Investigación Sin Riesgo",F44="Riesgo mínimo",F44="Riesgo mayor al mínimo"),"Formulario completo","Formulario incompleto") -> Formulario incompleto | G75: =IF(E75="Formulario completo",HYPERLINK("#"&"'Protocolo'!B1","Pasar al siguiente documento"),"Llenar campos en gris") -> Llenar campos en gris

Sheet Protocolo
B1: Instrucciones: Completa los campos en color gris, si tienes alguna duda de como llenar algún campo, consulta en el ícono Asegúrate de que todos los datos estén completos y correctos, antes de imprimir en PDF. OBLIGATORIO Utilizar el botón "PASAR AL SIGUIENTE DOCUMENTO" para navegar a través de los distintos formularios, éste le guiará únicamente por los que necesita llenar según el tipo de investigación a la cual pertenezca su proyecto.
J2: ='Datos de Investigación'!C5 -> 0
J3: =""&'Datos de Investigación'!$C$7&""
I4: ='Datos de Investigación'!C6 -> 45699
B5: Formulario para la presentación de Investigaciones
B7: A. DATOS GENERALES DEL PROYECTO
A8: i | B8: 1. TÍTULO (Debe constar el lugar y el año/s de la investigación)
B9: =""&'Datos de Investigación'!$C$17&""
A11: i | B11: 2. TIPO DE INVESTIGACIÓN
B12: Investigación Observacional | D12: =IF(B12='Formulario de clasificación'!F45,"X","") | E12: Investigación de Intervención | H12: =IF(AND(D12="",'Formulario de clasificación'!F45<>"Elija una opción",'Formulario de clasificación'!F45<>"Diseños Cualitativos en áreas sociales y humanidades"),"X","") | I12: Diseños Cualitativos en áreas sociales y humanidades | K12: =IF(I12='Formulario de clasificación'!F45,"X","")
B14: Marcar con X solo el campo que aplique según su investigación. (Dar click en cada tipo de estudio para obtener una definición).
B15: Estudio de corte transversal | D15: - | E15: Estudios cuasi-experimentales | H15: - | I15: Etnográfico | K15: -
B16: Estudio ecológico | D16: - | E16: Ensayo Clínico | H16: - | I16: Narrativo/ Biográfico | K16: -
B17: Reporte de caso | D17: - | E17: Estudios experimentales sin uso de medicamentos y/o dispositivos médicos | H17: - | I17: Fenomenológico | K17: -
B18: Series de casos | D18: - | E18: Intervenciones poblaciones experimentales | H18: - | I18: Documental | K18: -
B19: Estudio de caso y control | D19: - | H19: - | I19: Estudio de casos | K19: -
B20: Estudios de cohorte prospectivo | D20: - | H20: - | I20: Grupos focales/entrevistas | K20: -
B21: Estudios de cohorte retrospectivo | D21: - | H21: - | I21: Interpretativo/Teoría fundamentada | K21: -
I22: Observación
I23: Investigación-acción
B24: Otro: Especifique aquí | E24: Otro: Especifique aquí | I24: Otro: Especifique aquí
A27: i | B27: 3. TIEMPO DE EJECUCIÓN DE LA INVESTIGACIÓN
B28: Fecha estimada de inicio de la investigación:
B29: Fecha estimada de término de la investigación:
B30: Periodo de duración (en meses): | G30: =DATEDIF(G28,G29,"m") -> 0
A32: i | B32: 4. FINANCIAMIENTO DE LA INVESTIGACIÓN
B33: Monto total del financiamiento de la investigación:
B34: Fuentes de financiamiento:
A36: i | B36: 5. DATOS DEL PATROCINADOR
B37: Patrocinador | F37: Cédula de ciudadanía/ RUC:
B38: Telf. Institucional | E38: Ext. | F38: Correo electrónico:
B39: Dirección
B40: Página Web Institucional
B41: Órgano Ejecutor
A43: i | B43: 6. COBERTURA DE EJECUCIÓN DE LA INVESTIGACIÓN (Marcar con una "X" y elegir una opción).
B44: Nacional | C44: Elija una opción
B45: Provincial | C45: Elija una opción
B46: 2 o mas Provincias | C46: Elija una opción
B47: Local | C47: Elija una opción
A51: i | B51: 7. PERSONAL DE LA INVESTIGACIÓN (No eliminar las filas en este cuadro, solo aumentar en caso de necesitarlo).
B52: Función/Rol | C52: Nombre completo | E52: Cédula / Pasaporte | F52: Formación Académica | G52: Entidad a la que pertenece | H52: Correo electrónico personal e institucional | J52: Teléfono celular
B53: ='Datos de Investigación'!C9 -> Investigador Principal | C53: ='Datos de Investigación'!C8 -> 0 | E53: ='Datos de Investigación'!C10 -> 0 | G53: ='Datos de Investigación'!$C$14 -> 0 | H53: ='Datos de Investigación'!C13 -> 0 | J53: ='Datos de Investigación'!C11 -> 0
A65: i | B65: 8. INSTITUCIONES PARTICIPANTES EN LA INVESTIGACIÓN
B66: Nombre de la Institución | C66: Pública/ Privada | D66: Dirección Postal | E66: Persona de Contacto | F66: Correo electrónico persona contacto | J66: Teléfono persona de contacto
C67: Elija un elemento
C68: Elija un elemento
C69: Elija un elemento
C70: Elija un elemento
C71: Elija un elemento
C72: Elija un elemento
B74: B. DETALLE DE LA INVESTIGACIÓN
A75: i | B75: 1. PROBLEMA DE INVESTIGACIÓN
A80: i | B80: 2. JUSTIFICACIÓN
A85: i | B85: 3. MARCO TEÓRICO
A90: i | B90: 4. OBJETIVOS DE LA INVESTIGACIÓN
B91: 1. Objetivo General
B93: 2. Objetivos Específicos
A97: i | B97: 5. METODOLOGÍA
B98: Diseño metodológico
B99: Universo
B100: Tamaño muestral
B101: Criterios de Inclusión
B102: Criterios de Exclusión
B103: Variables
A105: i | B105: 6. PROCEDIMIENTOS
B106: Actividad | D106: Descripción | J106: Responsable
A112: i | B112: 7. RECURSOS HUMANOS (No eliminar las filas en este cuadro, solo aumentar en caso de necesitarlo).
B113: Nombre | D113: Rol | F113: Funciones/ Responsabilidades
B114: =""&Protocolo!$C$53&"" -> 0 | D114: =B53 -> Investigador Principal
B115: =""&Protocolo!$C$54&"" | D115: =B54 -> 0
B116: =""&Protocolo!$C$55&"" | D116: =B55 -> 0
B117: =""&Protocolo!$C$56&"" | D117: =B56 -> 0
B118: =""&Protocolo!$C$57&"" | D118: =B57 -> 0
B119: =""&Protocolo!$C$58&"" | D119: =B58 -> 0
B120: =""&Protocolo!$C$59&"" | D120: =B59 -> 0
B121: =""&Protocolo!$C$60&"" | D121: =B60 -> 0
B122: =""&Protocolo!$C$61&"" | D122: =B60 -> 0
B123: =""&Protocolo!$C$62&"" | D123: =B61 -> 0
A126: i | B126: 8. RECURSOS MATERIALES
B131: C. CONSIDERACIONES ÉTICAS
A132: i | B132: 1. CONSIDERACIONES ÉTICAS Y DE GÉNERO
B133: 1. Aplicación de Principios Éticos
B134: 2. Riesgos
B135: 3. Beneficios
B136: 4. Seguridad y Confidencialidad de la Información
B137: 5. Provisiones especiales
A139: i | B139: 2. CONSENTIMIENTO INFORMADO
B140: NO APLICA CONSENTIMIENTO INFORMADO (Investigaciones Sin Riesgo o Riesgo Mínimo) | G140: Se adjunta formulario/ formato de Consentimiento Informado
A143: i | B143: 3. RESULTADOS ESPERADOS
A147: i | B147: 4. CRONOGRAMA DE TRABAJO
B148: Fecha estimada de inicio de la investigación: | F148: =G28 -> 0 | G148: Elija una opción
B149: Fecha estimada de término de la investigación: | F149: =G29 -> 0
B150: Descripción de las actividades para desarrollar la investigación | F150: Inicio de la actividad | H150: Fin de la actividad | J150: Período total de duración de la actividad
F152: 1 | H152: Elija una opción | J152: =H152-F152 -> #VALUE!
F153: Elija una opción | H153: Elija una opción | J153: =H153-F153 -> #VALUE!
F154: Elija una opción | H154: Elija una opción | J154: =H154-F154 -> #VALUE!
F155: Elija una opción | H155: Elija una opción | J155: =H155-F155 -> #VALUE!
F156: Elija una opción | H156: Elija una opción | J156: =H156-F156 -> #VALUE!
F157: Elija una opción | H157: Elija una opción | J157: =H157-F157 -> #VALUE!
F158: Elija una opción | H158: Elija una opción | J158: =H158-F158 -> #VALUE!
...

Sheet Declaración de Responsabilidad
I1: ='Datos de Investigación'!C5 -> 0
I2: =""&'Datos de Investigación'!$C$7&""
H3: ='Datos de Investigación'!C6 -> 45699
A5: Declaración de Responsabilidad del Investigador Principal Investigaciones Sin Riesgo
A6: ="Yo "&'Datos de Investigación'!$C$8&", con cédula Nro. "&'Datos de Investigación'!$C$10&" en calidad de Investigador principal de la investigación "&'Datos de Investigación'!$C$17&", me comprometo a:" -> Yo , con cédula Nro. en calidad de Investigador principal de la investigación , me comprometo a:
A7: 1. Iniciar la ejecución de mi investigación una vez obtenida la carta de exención del CEISH-USFQ. 2. Conducir mi investigación de conformidad a lo estipulado en el protocolo de investigación aprobado por el CEISH-USFQ. 3. Aplicar las normas nacionales e internacionales de bioética de la investigación, en todas las fases del estudio, para: a) Cumplir con los principios de autonomía, justicia, beneficencia y no maleficencia. b) Garantizar la confidencialidad de la información recopilada durante la investigación. c) Garantizar la adecuada aplicación del consentimiento informado (si aplica) d) Garantizar la seguridad y el bienestar de los sujetos de investigación. e) Diseñar provisiones especiales, si fueren necesarias, para atender las necesidades de los sujetos de investigación. 4. Garantizar la validez científica y ética de mi investigación. 5. Garantizar la veracidad de los datos recolectados y publicados. 6. Cumplir con los acuerdos de entrega de beneficios descritos en el protocolo de investigación. 7. Seguir las instrucciones correctivas establecidas por el CEISH-USFQ. 8. Notificar al CEISH-USFQ del inicio y finalización de la investigación, en el término de diez (10) días. 9. Reportar al CEISH-USFQ las desviaciones al protocolo de investigación aprobado, adjuntando un plan de remediación-prevención. 10. Solicitar al CEISH-USFQ la evaluación y aprobación de enmiendas a mi investigación y/o documentación relacionada, previo a su implementación. 11. Emitir al CEISH-USFQ publicación científica oficial de la investigación, cuando esté disponible. Adjuntando enlace de acceso directo o artículo científico a texto completo. 12. Responder a las comunicaciones en los tiempos establecidos por el CEISH-USFQ. De ser necesario podré solicitar en una sola ocasión una extensión del tiempo otorgado por el Comité. Entiendo que, si no respondo dentro del tiempo establecido, mi proceso será archivado y tendré que presentar una nueva solicitud.
A12: Firma investigador principal
A14: =""&'Datos de Investigación'!C8&""
A15: =""&'Datos de Investigación'!$C$14&""
A16: Correo electrónico: | C16: =""&'Datos de Investigación'!$C$13&""
A17: Telf.: | B17: ='Datos de Investigación'!$C$11 -> 0
A18: NOTA: Revisar que el documento esté completo adecuadamente para guardar en PDF.
B20: REGRESAR | G20: =IF(A17="Telf.:",HYPERLINK("#"&"'No aplicación Consent.Informado'!A1","Pasar al siguiente documento"),"Documentos Investigaciones Sin Riesgo") -> Pasar al siguiente documento

Sheet No aplicación Consent.Informado
A1: Instrucciones: En la siguiente carta completar los campos en color gris, asegurarse que los campos se llenen de acuerdo a los comentarios que se despliegan al dar click en cada campo.
I2: ='Datos de Investigación'!C5 -> 0
I3: =""&'Datos de Investigación'!$C$7&""
H4: ='Datos de Investigación'!C6 -> 45699
A5: Justificación de No aplicación de Consentimiento Informado
A7: A. Datos de la investigación
A8: Título de la investigación: | D8: =""&'Datos de Investigación'!$C$17&""
A9: Investigador principal: | D9: =""&'Datos de Investigación'!$C$8&""
A10: Patrocinador: | D10: =""&'Datos de Investigación'!$C$19&""
A11: Correo electrónico: | D11: =""&'Datos de Investigación'!$C$13&""
A13: B. Investigaciones que no requieren de la aplicación de un FCI
A14: Investigación que no se realizan sobre seres humanos, sus datos o sus muestras biológicas | J14: =IF('Formulario de clasificación'!F35="X","X","N/A") -> N/A
A15: Investigación con recopilación y análisis de datos abiertos o públicos. | J15: =IF('Formulario de clasificación'!F36="X","X","N/A") -> N/A
A16: Investigación con análisis secundario de datos consolidados o bases de datos anonimizadas, obtenidos de registros existentes que reposan en instituciones o establecimientos públicos o privados que cuentan con procesos estandarizados de anonimización o seudonimización de la información. | J16: =IF('Formulario de clasificación'!F37="X","X","N/A") -> N/A
A17: Revisiones de políticas públicas y/o reglamentación. | J17: =IF('Formulario de clasificación'!F38="X","X","N/A") -> N/A
A18: Investigación con análisis de información obtenida de fuentes secundarias de literatura científica. | J18: =IF('Formulario de clasificación'!F39="X","X","N/A") -> N/A
A19: Investigación que evalúa anónimamente el sabor y/o calidad de alimentos, o estudios de aceptación del consumidor. | J19: =IF('Formulario de clasificación'!F40="X","X","N/A") -> N/A
A20: Investigación que evalúa anónimamente programas públicos o prácticas educativas. | J20: =IF('Formulario de clasificación'!F41="X","X","N/A") -> N/A
A21: Investigación con recopilación de información de forma anónima, en las que no se registre información sensible o participe población vulnerable o en condición de vulnerabilidad. | J21: =IF('Formulario de clasificación'!F42="X","X","N/A") -> N/A
A23: C. Justificación de no aplicación de consentimiento informado
A31: Firma investigador principal
A33: =""&'Datos de Investigación'!C8&""
A34: =""&'Datos de Investigación'!$C$14&""
A35: Correo electrónico: | C35: =""&'Datos de Investigación'!$C$13&""
A36: Telf.: | B36: ='Datos de Investigación'!$C$11 -> 0
A38: NOTA: Revisar que el documento esté completo adecuadamente para guardar en PDF.
B40: REGRESAR | G40: =IF(A36="Telf.:",HYPERLINK("#"&"'Declaración de Interés Inst SR'!A1","Pasar al siguiente documento"),"Documentos Investigaciones Sin Riesgo") -> Pasar al siguiente documento

Sheet Declaración de Interés Inst SR
A1: Instrucciones: EN CASO DE QUE APLIQUE guardar/ imprimir en PDF la siguiente carta.
I2: ='Datos de Investigación'!C5 -> 0
I3: =""&'Datos de Investigación'!$C$7&""
H4: ='Datos de Investigación'!C6 -> 45699
A6: Carta de Declaración de Interés Institucional
A7: A quien pueda interesar
A9: ="Por medio de la presente manifiesto que el proyecto titulado: "&'Datos de Investigación'!$C$17&", es de interés institucional por los resultados que se pueden generar para el "&'Datos de Investigación'!$C$20&", tomando en cuenta que: "&'Datos de Investigación'!$C$18&" Informo también que la participación del "&'Datos de Investigación'!C20&", es libre y voluntaria; y, que en caso de solicitar datos anonimizados o seudonimizados el "&'Datos de Investigación'!C20&" cuenta con la capacidad de entregar los datos de manera anonimizada o seudonimizada según lo establecido en la Ley Orgánica de Protección de datos Personales entendiéndose"&" por datos personales: nombres, cédula de identidad y correo electrónico, etc; de contener alguna de esta información, no podrá categorizarse como investigaciones Sin Riesgo." -> Por medio de la presente manifiesto que el proyecto titulado: , es de interés institucional por los resultados que se pueden generar para el , tomando en cuenta que: Informo también que la participación del , es libre y voluntaria; y, que en caso de solicitar datos anonimizados o seudonimizados el cuenta con la capacidad de entregar los datos de manera anonimizada o seudonimizada según lo establecido en la Ley Orgánica de Protección de datos Personales entendiéndose por datos personales: nombres, cédula de identidad y correo electrónico, etc; de contener alguna de esta información, no podrá categorizarse como investigaciones Sin Riesgo.
A15: ="Además, los investigadores han manifestado que cuentan con los insumos necesarios para la ejecución del proyecto de Investigación. Por tanto, el "&'Datos de Investigación'!$C$20&" no contempla algún tipo de financiamiento para el desarrollo de este estudio. " -> Además, los investigadores han manifestado que cuentan con los insumos necesarios para la ejecución del proyecto de Investigación. Por tanto, el no contempla algún tipo de financiamiento para el desarrollo de este estudio.
A18: Se aclara que este documento no constituye la autorización, ni la aprobación del proyecto, o del uso de insumos o recursos humanos de la institución. Además, se informa que una vez que la investigación sea aprobada por un Comité de Ética de Investigación en Seres Humanos autorizado por el Ministerio de Salud Pública, el Investigador principal podrá solicitar los datos de los sujetos de estudio o datos de salud anonimizados o seudonimizado, debiendo adjuntar el protocolo de investigación aprobado y la carta de aprobación emitida por el CEISH.
A26: Quito, | B26: =H4 -> 45699
A32: =""&'Datos de Investigación'!$C$21&""
A33: =""&'Datos de Investigación'!$C$22&""
A35: NOTA: Revisar que el documento esté completo adecuadamente para guardar en PDF.
B37: REGRESAR | G37: =IF(A35="Nota: Revisar que el documento esté completo adecuadamente para guardar en PDF.",HYPERLINK("#"&"'Instrumentos de la invest. SR'!A1","Pasar al siguiente documento"),"Documentos Investigaciones Sin Riesgo") -> Pasar al siguiente documento

Sheet Instrumentos de la invest. SR
A1: Instrucciones: Incluir cualquier formulario que sirva para la recolección de información: Entrevistas, encuestas, instrucciones escritas, manuales, guías, entre otros. Pegar aquí la información en cualquier formato.
I2: ='Datos de Investigación'!C5 -> 0
I3: =""&'Datos de Investigación'!$C$7&""
H4: ='Datos de Investigación'!C6 -> 45699
A5: Instrumentos de la Investigación
A28: NOTA: Revisar que el documento esté completo adecuadamente para guardar en PDF.
A30: REGRESAR | D30: =IF(OR(#REF!="",ISBLANK(#REF!),#REF!="",ISBLANK(#REF!),#REF!="",ISBLANK(#REF!)),"Formulario incompleto","") -> #REF! | G30: =IF(A28="Nota: Revisar que el documento esté completo adecuadamente para guardar en PDF.",HYPERLINK("#"&"'Solicitud de Excención'!A1","Pasar al siguiente documento"),"Documentos Investigaciones Sin Riesgo") -> Pasar al siguiente documento

Sheet Solicitud de Excención
A1: Instrucciones: En la siguiente carta completar los campos en color gris, asegurarse que los campos se llenen de acuerdo a los comentarios que se despliegan al dar click en cada campo.
I3: ='Datos de Investigación'!C5 -> 0
I4: =""&'Datos de Investigación'!$C$7&""
G5: ='Datos de Investigación'!C6 -> 45699
A6: Señora, Ximena Garzón MD. PhD. Presidente del Comité de Ética de Investigación en Seres Humanos de la Universidad San Francisco de Quito USFQ (CEISH-USFQ)
A8: De mi mejor consideración:
A10: ="Por medio del presente, yo "&'Datos de Investigación'!$C$8&" en calidad de investigador principal, solicito la exención de evaluación de la investigación "&'Datos de Investigación'!$C$17&", que se sustenta en la siguiente documentación:" -> Por medio del presente, yo en calidad de investigador principal, solicito la exención de evaluación de la investigación , que se sustenta en la siguiente documentación:
A14: Documentos adjuntos | G14: Idioma Versión | I14: Fecha Doc. | J14: # págs
A15: 1 | B15: Protocolo de investigación
A16: 2 | B16: Justificación de no aplicación de consentimiento informado
A17: 3 | B17: Instrumentos de la investigación (entrevistas, encuestas, instrucciones escritas, manuales, guías, entre otros).
A18: 4 | B18: Hoja de vida del investigador principal
A19: 5 | B19: Declaración de responsabilidad del investigador principal
A20: 6 | B20: Carta de interés institucional, suscrita por la máxima autoridad del o de los establecimientos de salud o instituciones en las que se ejecutará la investigación (si aplica).
A22: Justificación de Exención de evaluación
A28: Código HUBI | C28: ='Datos de Investigación'!$C$16 -> 0
A29: Colegio | C29: ='Datos de Investigación'!$C$15 -> 0
A31: Atentamente
A36: =""&'Datos de Investigación'!C8&""
A37: =""&'Datos de Investigación'!$C$14&""
A38: Correo electrónico: | C38: =""&'Datos de Investigación'!$C$13&""
A39: Telf.: | B39: ='Datos de Investigación'!$C$11 -> 0
A40: NOTA: Revisar que el documento esté completo adecuadamente para guardar en PDF.
B42: REGRESAR | F42: =IF('Hoja de vida'!D74="Formulario completo",HYPERLINK("#"&"'Hoja de vida'!B1","Pasar al siguiente documento"),"Llenar campos en gris") -> Pasar al siguiente documento

Sheet Hoja de vida
A1: Instrucciones: Llenar una hoja de vida por cada miembro de la investigación, en caso de ser necesarios aumentar mas cuadros. Al momento de imprimir seleccionar la hoja de vida que se desea imprimir, ir a ARCHIVO>> IMPRIMIR>> CONFIGURACIÓN>> IMPRIMIR SELECCIÓN. De esta manera solo se imprimirá la hoja de vida seleccionada.
A5: Modelo Hoja de vida | K5: Modelo Hoja de vida | U5: Modelo Hoja de vida | AE5: Modelo Hoja de vida | AO5: Modelo Hoja de vida
A7: =""&'Datos de Investigación'!$C$8&"" | K7: =""&Protocolo!$C$54&"" | U7: =""&Protocolo!$C$55&"" | AE7: =""&Protocolo!$C$56&"" | AO7: =""&Protocolo!$C$57&""
A9: DATOS GENERALES | K9: DATOS GENERALES | U9: DATOS GENERALES | AE9: DATOS GENERALES | AO9: DATOS GENERALES
A10: Cédula o pasaporte: | C10: ='Datos de Investigación'!$C$10 -> 0 | K10: Cédula o pasaporte: | M10: =""&Protocolo!$E$54&"" | U10: Cédula o pasaporte: | W10: =""&Protocolo!$E$55&"" | AE10: Cédula o pasaporte: | AG10: =""&Protocolo!$E$56&"" | AO10: Cédula o pasaporte: | AQ10: =""&Protocolo!$E$57&""
A11: Dirección: | C11: ='Datos de Investigación'!$C$12 -> 0 | K11: Dirección: | U11: Dirección: | AE11: Dirección: | AO11: Dirección:
A12: Teléfono: | C12: ='Datos de Investigación'!$C$11 -> 0 | K12: Teléfono: | M12: =""&Protocolo!$J$54&"" | U12: Teléfono: | W12: =""&Protocolo!$J$55&"" | AE12: Teléfono: | AG12: =""&Protocolo!$J$56&"" | AO12: Teléfono: | AQ12: =""&Protocolo!$J$57&""
A13: Correo electrónico: | C13: ='Datos de Investigación'!$C$10 -> 0 | K13: Correo electrónico: | M13: =""&Protocolo!$H$54&"" | U13: Correo electrónico: | W13: =""&Protocolo!$H$55&"" | AE13: Correo electrónico: | AG13: =""&Protocolo!$H$56&"" | AO13: Correo electrónico: | AQ13: =""&Protocolo!$H$57&""
A15: FORMACIÓN ACADÉMICA | K15: FORMACIÓN ACADÉMICA | U15: FORMACIÓN ACADÉMICA | AE15: FORMACIÓN ACADÉMICA | AO15: FORMACIÓN ACADÉMICA
A16: Título* | D16: Institución Superior | F16: Año | G16: País | I16: Nº. Registro SENESCYT | K16: Título* | N16: Institución Superior | P16: Año | Q16: País | S16: Nº. Registro SENESCYT | U16: Título* | X16: Institución Superior | Z16: Año | AA16: País | AC16: Nº. Registro SENESCYT | AE16: Título* | AH16: Institución Superior | AJ16: Año | AK16: País | AM16: Nº. Registro SENESCYT | AO16: Título* | AR16: Institución Superior | AT16: Año | AU16: País | AW16: Nº. Registro SENESCYT
A21: Registro Título SENESCYT | K21: Registro Título SENESCYT | U21: Registro Título SENESCYT | AE21: Registro Título SENESCYT | AO21: Registro Título SENESCYT
A26: EXPERIENCIA LABORAL (En caso de no tener experiencia laboral dejar este campo vacío). | K26: EXPERIENCIA LABORAL (En caso de no tener experiencia laboral dejar este campo vacío). | U26: EXPERIENCIA LABORAL (En caso de no tener experiencia laboral dejar este campo vacío). | AE26: EXPERIENCIA LABORAL (En caso de no tener experiencia laboral dejar este campo vacío). | AO26: EXPERIENCIA LABORAL (En caso de no tener experiencia laboral dejar este campo vacío).
A27: Institución | D27: Desde | E27: Hasta | F27: Cargo dentro de la institución | I27: Ciudad-País | K27: Institución | N27: Desde | O27: Hasta | P27: Cargo dentro de la institución | S27: Ciudad-País | U27: Institución | X27: Desde | Y27: Hasta | Z27: Cargo dentro de la institución | AC27: Ciudad-País | AE27: Institución | AH27: Desde | AI27: Hasta | AJ27: Cargo dentro de la institución | AM27: Ciudad-País | AO27: Institución | AR27: Desde | AS27: Hasta | AT27: Cargo dentro de la institución | AW27: Ciudad-País
A35: EXPERIENCIA EN INVESTIGACIÓN (En caso de no tener experiencia en investigación dejar este campo vacío). | K35: EXPERIENCIA EN INVESTIGACIÓN (En caso de no tener experiencia en investigación dejar este campo vacío). | U35: EXPERIENCIA EN INVESTIGACIÓN (En caso de no tener experiencia en investigación dejar este campo vacío). | AE35: EXPERIENCIA EN INVESTIGACIÓN (En caso de no tener experiencia en investigación dejar este campo vacío). | AO35: EXPERIENCIA EN INVESTIGACIÓN (En caso de no tener experiencia en investigación dejar este campo vacío).
A36: Título de la investigación | D36: Tipo de investigación | F36: Área de estudio | G36: Institución | I36: Rol en la investigación | K36: Título de la investigación | N36: Tipo de investigación | P36: Área de estudio | Q36: Institución | S36: Rol en la investigación | U36: Título de la investigación | X36: Tipo de investigación | Z36: Área de estudio | AA36: Institución | AC36: Rol en la investigación | AE36: Título de la investigación | AH36: Tipo de investigación | AJ36: Área de estudio | AK36: Institución | AM36: Rol en la investigación | AO36: Título de la investigación | AR36: Tipo de investigación | AT36: Área de estudio | AU36: Institución | AW36: Rol en la investigación
A43: Nª. Registro Investigador SENESCYT | D43: Categoría | H43: Estado | K43: Nª. Registro Investigador SENESCYT | N43: Categoría | R43: Estado | U43: Nª. Registro Investigador SENESCYT | X43: Categoría | AB43: Estado | AE43: Nª. Registro Investigador SENESCYT | AH43: Categoría | AL43: Estado | AO43: Nª. Registro Investigador SENESCYT | AR43: Categoría | AV43: Estado
A46: PUBLICACIONES | K46: PUBLICACIONES | U46: PUBLICACIONES | AE46: PUBLICACIONES | AO46: PUBLICACIONES
A47: Título de la publicación | D47: Tipo publicación | E47: Publicación | F47: Fecha publicación | G47: DOI o ISBN | I47: Autores | K47: Título de la publicación | N47: Tipo publicación | O47: Publicación | P47: Fecha publicación | Q47: DOI o ISBN | S47: Autores | U47: Título de la publicación | X47: Tipo publicación | Y47: Publicación | Z47: Fecha publicación | AA47: DOI o ISBN | AC47: Autores | AE47: Título de la publicación | AH47: Tipo publicación | AI47: Publicación | AJ47: Fecha publicación | AK47: DOI o ISBN | AM47: Autores | AO47: Título de la publicación | AR47: Tipo publicación | AS47: Publicación | AT47: Fecha publicación | AU47: DOI o ISBN | AW47: Autores
A54: CAPACITACIONES | K54: CAPACITACIONES | U54: CAPACITACIONES | AE54: CAPACITACIONES | AO54: CAPACITACIONES
A55: Curso, taller, seminario, congreso etc. | E55: Institución | G55: Duración | I55: Mes-año | K55: Curso, taller, seminario, congreso etc. | O55: Institución | Q55: Duración | S55: Mes-año | U55: Curso, taller, seminario, congreso etc. | Y55: Institución | AA55: Duración | AC55: Mes-año | AE55: Curso, taller, seminario, congreso etc. | AI55: Institución | AK55: Duración | AM55: Mes-año | AO55: Curso, taller, seminario, congreso etc. | AS55: Institución | AU55: Duración | AW55: Mes-año
A59: Certificados de Capacitación en Ética de la Investigación | K59: Certificados de Capacitación en Ética de la Investigación | U59: Certificados de Capacitación en Ética de la Investigación | AE59: Certificados de Capacitación en Ética de la Investigación | AO59: Certificados de Capacitación en Ética de la Investigación
A65: En caso de no contar con capacitación en ética de la investigación, completar los cursos: Introduction to Research Ethics Informed Consent Good Clinical Practice. Completar este curso solo si es investigador de un ensayo clínico. Estos cursos se encuentran disponibles de forma gratuita en la plataforma Training and Resources in Research Ethics Evaluation | K65: En caso de no contar con capacitación en ética de la investigación, completar los cursos: Introduction to Research Ethics Informed Consent Good Clinical Practice. Completar este curso solo si es investigador de un ensayo clínico. Estos cursos se encuentran disponibles de forma gratuita en la plataforma Training and Resources in Research Ethics Evaluation | U65: En caso de no contar con capacitación en ética de la investigación, completar los cursos: Introduction to Research Ethics Informed Consent Good Clinical Practice. Completar este curso solo si es investigador de un ensayo clínico. Estos cursos se encuentran disponibles de forma gratuita en la plataforma Training and Resources in Research Ethics Evaluation | AE65: En caso de no contar con capacitación en ética de la investigación, completar los cursos: Introduction to Research Ethics Informed Consent Good Clinical Practice. Completar este curso solo si es investigador de un ensayo clínico. Estos cursos se encuentran disponibles de forma gratuita en la plataforma Training and Resources in Research Ethics Evaluation | AO65: En caso de no contar con capacitación en ética de la investigación, completar los cursos: Introduction to Research Ethics Informed Consent Good Clinical Practice. Completar este curso solo si es investigador de un ensayo clínico. Estos cursos se encuentran disponibles de forma gratuita en la plataforma Training and Resources in Research Ethics Evaluation
A71: https://elearning.trree.org/ | K71: https://elearning.trree.org/ | U71: https://elearning.trree.org/ | AE71: https://elearning.trree.org/ | AO71: https://elearning.trree.org/
A73: NOTA: Revisar que el documento esté completo adecuadamente para guardar en PDF.
B74: REGRESAR | D74: Formulario completo | G74: FINALIZADO

Sheet Declaración de Resp. (O&I)
I1: ='Datos de Investigación'!C5 -> 0
I2: =""&'Datos de Investigación'!$C$7&""
H3: ='Datos de Investigación'!C6 -> 45699
A5: Declaración de Responsabilidad del Investigador Principal
A6: ="Yo "&'Datos de Investigación'!$C$8&", con cédula Nro. "&'Datos de Investigación'!$C$10&" en calidad de Investigador principal de la investigación "&'Datos de Investigación'!$C$17&", me comprometo a:" -> Yo , con cédula Nro. en calidad de Investigador principal de la investigación , me comprometo a:
A7: 1. Iniciar la ejecución de mi investigación una vez obtenida la aprobación del CEISH-USFQ. 2. Conducir mi investigación de conformidad a lo estipulado en el protocolo de investigación aprobado por el CEISH-USFQ. 3. Aplicar las normas nacionales e internacionales de bioética de la investigación, en todas las fases del estudio, para: a) Cumplir con los principios de autonomía, justicia, beneficencia y no maleficencia. b) Garantizar la confidencialidad de la información recopilada durante la investigación. c) Garantizar la adecuada aplicación del consentimiento informado. d) Garantizar la seguridad y el bienestar de los sujetos de investigación. e) Diseñar provisiones especiales, si fueren necesarias, para atender las necesidades de los sujetos de investigación. 4. Garantizar la validez científica y ética de mi investigación. 5. Garantizar la veracidad de los datos recolectados y publicados. 6. Cumplir con los acuerdos de entrega de beneficios descritos en el protocolo de investigación. 7. Declarar cualquier conflicto de interés que pueda afectar la objetividad e independencia en el cumplimiento de mis responsabilidades. 8. Proveer al CEISH-USFQ cualquier información que este solicite durante el proceso de seguimiento de la investigación. 9. Seguir las instrucciones correctivas establecidas por el CEISH-USFQ. 10. Emitir al CEISH-USFQ: a) Informe de inicio de la investigación, al término de treinta (30) días. b) Informes de avance de la investigación con una periodicidad semestral, desde el inicio de ejecución hasta la culminación de la investigación. c) Informe final de la investigación al término de sesenta (60) días después de culminada la investigación. 11. Notificar al CEISH-USFQ de la terminación anticipada de la investigación, al término de quince (15) días, informando las razones de la terminación, los resultados obtenidos antes de la terminación y las medidas adoptadas con los participantes (si aplica). 12. Reportar al CEISH-USFQ las desviaciones al protocolo de investigación aprobado, adjuntando un plan de remediación-prevención. 13. Aceptar cualquier visita/reunión de seguimiento requerida por el CEISH-USFQ, brindando las facilidades correspondientes. 14. Solicitar al CEISH-USFQ la evaluación y aprobación de enmiendas a mi investigación y/o documentación relacionada, previo a su implementación. 15. Solicitar la renovación de la aprobación de mi proyecto de investigación, con al menos sesenta (60) días de anticipación a la terminación de la vigencia de aprobación otorgada por el CEISH-USFQ. En caso de expirar la aprobación otorgada por el CEISH-USFQ, suspenderé las actividades de la investigación a fin de garantizar la seguridad de los sujetos de investigación.
A43: 16. Solicitar a la ARCSA la autorización de importación/exportación de muestras biológicas humanas (si aplica).
A44: 17. Emitir al CEISH-USFQ publicación científica oficial de la investigación, cuando esté disponible. Adjuntando enlace de acceso directo o artículo científico a texto completo. 18. Responder a las comunicaciones en los tiempos establecidos por el CEISH-USFQ. De ser necesario podré solicitar en una sola ocasión una extensión del tiempo otorgado por el Comité. Entiendo que, si no respondo dentro del tiempo establecido, mi proceso será archivado y tendré que presentar una nueva solicitud.
A52: Firma investigador principal
A54: =""&'Datos de Investigación'!C8&""
A55: =""&'Datos de Investigación'!$C$14&""
A56: Correo electrónico: | C56: =""&'Datos de Investigación'!$C$13&""
A57: Telf.: | B57: ='Datos de Investigación'!$C$11 -> 0
A58: NOTA: Revisar que el documento esté completo adecuadamente para guardar en PDF.
C60: REGRESAR | F60: =IF(A57="Telf.:",HYPERLINK("#"&"'Compromiso de confidencialidad'!A1","Pasar al siguiente documento"),"Documentos Investigaciones Observacionales") -> Pasar al siguiente documento

Sheet Compromiso de confidencialidad
I1: ='Datos de Investigación'!C5 -> 0
I2: =""&'Datos de Investigación'!$C$7&""
H3: ='Datos de Investigación'!C6 -> 45699
A5: Declaración de Compromiso de Confidencialidad
G7: Quito, | H7: =TODAY() -> 45699
A9: ="Por medio del presente, yo/nosotros "&Protocolo!$C$53&", "&Protocolo!$C$54&", "&Protocolo!$C$55&", "&Protocolo!$C$56&", "&Protocolo!$C$57&", "&Protocolo!$C$58&", "&Protocolo!$C$59&", "&Protocolo!$C$60&", "&Protocolo!$C$61&", "&Protocolo!$C$62&", con cédula Nro. "&Protocolo!$E$53&", "&Protocolo!$E$54&", "&Protocolo!$E$55&", "&Protocolo!$E$56&", "&Protocolo!$E$57&", "&Protocolo!$E$58&", "&Protocolo!$E$59&", "&Protocolo!$E$60&", "&Protocolo!$E$61&", "&Protocolo!$E$62&" en calidad de "&Protocolo!$B$53&", "&Protocolo!$B$54&", "&Protocolo!$B$55&", "&Protocolo!$B$56&", "&Protocolo!$B$57&", "&Protocolo!$B$58&", "&Protocolo!$B$59&", "&Protocolo!$B$60&", "&Protocolo!$B$61&", "&Protocolo!$B$62&", de la presente investigación, consciente/s de la importancia de salvaguardar la confidencialidad y el derecho a la protección de la información de los sujetos de la investigación, me comprometo/nos comprometemos a:" -> Por medio del presente, yo/nosotros 0, , , , , , , , , , con cédula Nro. 0, , , , , , , , , en calidad de Investigador Principal, , , , , , , , , , de la presente investigación, consciente/s de la importancia de salvaguardar la confidencialidad y el derecho a la protección de la información de los sujetos de la investigación, me comprometo/nos comprometemos a:
A11: a. Guardar estricta confidencialidad de la información de carácter personal y privada de los sujetos de investigación. b. Garantizar la seguridad y confidencialidad de la información recabada o que resulte de la investigación. c. Cumplir con lo dispuesto en la Ley Orgánica de Protección de Datos personales (si aplica). d. No difundir, publicar, transferir y/o ceder a terceros la información de los sujetos de investigación, sin su consentimiento expreso. e. Emplear la información recabada durante la investigación exclusivamente para los fines descritos en el protocolo de investigación aprobado por el CEISH-USFQ. f. Manejar la información de conformidad a lo descrito en el protocolo de investigación aprobado por el CEISH-USFQ. g. Publicar los resultados de la investigación garantizando la confidencialidad de los sujetos de investigación. Las obligaciones establecidas en el presente documento tendrán una duración indefinida y se mantendrán en vigor incluso con posterioridad a la finalización de la investigación.
A17: =""&Protocolo!$C$53&"" -> 0 | E17: =""&Protocolo!$C$54&"" | H17: =""&Protocolo!$C$55&""
A24: =""&Protocolo!$C$56&"" | E24: =""&Protocolo!$C$57&"" | H24: =""&Protocolo!$C$58&""
A31: =""&Protocolo!$C$59&"" | E31: =""&Protocolo!$C$60&"" | H31: =""&Protocolo!$C$61&""
A38: =""&Protocolo!$C$62&""
A39: Firma de todos los miembros del equipo
A41: NOTA: Revisar que el documento esté completo adecuadamente para guardar en PDF.
C43: REGRESAR | G43: =IF(A41="NOTA: Revisar que el documento esté completo adecuadamente para guardar en PDF.",HYPERLINK("#"&"'No aplicación Consent.Infor(IO)'!A1","Pasar al siguiente documento"),"Documentos Investigaciones Observacionales") -> Pasar al siguiente documento

Sheet No aplicación Consent.Infor(IO)
A1: Instrucciones: EN CASO DE QUE APLIQUE llenar la siguiente carta completando los campos en color gris, asegurarse que los campos se llenen de acuerdo a los comentarios que se despliegan al dar click en cada campo.
I2: ='Datos de Investigación'!C5 -> 0
I3: =""&'Datos de Investigación'!$C$7&""
G4: ='Datos de Investigación'!C6 -> 45699
A5: Justificación de No aplicación de Consentimiento Informado Investigaciones Observacionales de Riesgo Mínimo
A7: A. Datos de la investigación
A8: Título de la investigación: | D8: =""&'Datos de Investigación'!$C$17&""
A9: Investigador principal: | D9: =""&'Datos de Investigación'!$C$8&""
A10: Patrocinador: | D10: =""&'Datos de Investigación'!$C$19&""
A11: Correo electrónico: | D11: =""&'Datos de Investigación'!$C$13&""
A13: B. Investigaciones que no requieren de la aplicación de un FCI
A14: Investigación que no se realizan sobre seres humanos, sus datos o sus muestras biológicas | J14: NO
A15: Investigación con recopilación y análisis de datos abiertos o públicos. | J15: NO
A16: Investigación con análisis secundario de datos consolidados o bases de datos anonimizadas, obtenidos de registros existentes que reposan en instituciones o establecimientos públicos o privados que cuentan con procesos estandarizados de anonimización o seudonimización de la información.
A17: Revisiones de políticas públicas y/o reglamentación.
A18: Investigación con análisis de información obtenida de fuentes secundarias de literatura científica. | J18: NO
A19: Investigación que evalúa anónimamente el sabor y/o calidad de alimentos, o estudios de aceptación del consumidor.
A20: Investigación que evalúa anónimamente programas públicos o prácticas educativas.
A21: Investigación con recopilación de información de forma anónima, en las que no se registre información sensible o participe población vulnerable o en condición de vulnerabilidad.
A23: C. Justificación de no aplicación de consentimiento informado
A31: Firma investigador principal
A33: =""&'Datos de Investigación'!C8&""
A34: =""&'Datos de Investigación'!$C$14&""
A35: Correo electrónico: | C35: =""&'Datos de Investigación'!$C$13&""
A36: Telf.: | B36: ='Datos de Investigación'!$C$11 -> 0
A38: NOTA: Revisar que el documento esté completo adecuadamente para guardar en PDF.
B40: REGRESAR | G40: =IF(A36="Telf.:",HYPERLINK("#"&"'Declaración de Interés Inst.'!A1","Pasar al siguiente documento"),"Documentos Investigaciones Sin Riesgo") -> Pasar al siguiente documento

Sheet Declaración de Interés Inst.
A1: Instrucciones: EN CASO DE QUE APLIQUE guardar/ imprimir en PDF la siguiente carta.
I2: ='Datos de Investigación'!C5 -> 0
I3: =""&'Datos de Investigación'!$C$7&""
H4: ='Datos de Investigación'!C6 -> 45699
A6: Carta de Declaración de Interés Institucional
A7: A quien pueda interesar
A9: ="Por medio de la presente manifiesto que el proyecto titulado: "&'Datos de Investigación'!$C$17&", es de interés institucional por los resultados que se pueden generar para el "&'Datos de Investigación'!$C$20&", tomando en cuenta que: "&'Datos de Investigación'!$C$18&" Informo también que la participación del "&'Datos de Investigación'!C20&", es libre y voluntaria; y, que en caso de solicitar datos anonimizados o seudonimizados el "&'Datos de Investigación'!C20&" cuenta con la capacidad de entregar los datos de manera anonimizada o seudonimizada según lo establecido en la Ley Orgánica de Protección de datos Personales entendiéndose"&" por datos personales: nombres, cédula de identidad y correo electrónico, etc; de contener alguna de esta información, no podrá categorizarse como investigaciones Sin Riesgo." -> Por medio de la presente manifiesto que el proyecto titulado: , es de interés institucional por los resultados que se pueden generar para el , tomando en cuenta que: Informo también que la participación del , es libre y voluntaria; y, que en caso de solicitar datos anonimizados o seudonimizados el cuenta con la capacidad de entregar los datos de manera anonimizada o seudonimizada según lo establecido en la Ley Orgánica de Protección de datos Personales entendiéndose por datos personales: nombres, cédula de identidad y correo electrónico, etc; de contener alguna de esta información, no podrá categorizarse como investigaciones Sin Riesgo.
A15: ="Además, los investigadores han manifestado que cuentan con los insumos necesarios para la ejecución del proyecto de Investigación. Por tanto, el "&'Datos de Investigación'!$C$20&" no contempla algún tipo de financiamiento para el desarrollo de este estudio. " -> Además, los investigadores han manifestado que cuentan con los insumos necesarios para la ejecución del proyecto de Investigación. Por tanto, el no contempla algún tipo de financiamiento para el desarrollo de este estudio.
A18: Se aclara que este documento no constituye la autorización, ni la aprobación del proyecto, o del uso de insumos o recursos humanos de la institución. Además, se informa que una vez que la investigación sea aprobada por un Comité de Ética de Investigación en Seres Humanos autorizado por el Ministerio de Salud Pública, el Investigador principal podrá solicitar los datos de los sujetos de estudio o datos de salud anonimizados o seudonimizado, debiendo adjuntar el protocolo de investigación aprobado y la carta de aprobación emitida por el CEISH.
A26: Quito, | B26: =H4 -> 45699
A32: =""&'Datos de Investigación'!$C$21&""
A33: =""&'Datos de Investigación'!$C$22&""
A35: NOTA: Revisar que el documento esté completo adecuadamente para guardar en PDF.
B37: REGRESAR | G37: =IF(A35="Nota: Revisar que el documento esté completo adecuadamente para guardar en PDF.",HYPERLINK("#"&"'Instrumentos de la invest.'!A1","Pasar al siguiente documento"),"Documentos Investigaciones Sin Riesgo") -> Pasar al siguiente documento

Sheet Instrumentos de la invest.
A1: Instrucciones: Incluir cualquier formulario que sirva para la recolección de información: Entrevistas, encuestas, instrucciones escritas, manuales, guías, entre otros. Pegar aquí la información en cualquier formato.
I2: ='Datos de Investigación'!C5 -> 0
I3: =""&'Datos de Investigación'!$C$7&""
H4: ='Datos de Investigación'!C6 -> 45699
A5: Instrumentos de la Investigación
A28: NOTA: Revisar que el documento esté completo adecuadamente para guardar en PDF.
A30: REGRESAR | D30: =IF(OR(#REF!="",ISBLANK(#REF!),#REF!="",ISBLANK(#REF!),#REF!="",ISBLANK(#REF!)),"Formulario incompleto","") -> #REF! | G30: =IF('Instrumentos de la invest.'!A28="NOTA: Revisar que el documento esté completo adecuadamente para guardar en PDF.",HYPERLINK("#"&"'Solicitud de Evaluación'!A1","Pasar al siguiente documento"),"Documentos Investigaciones Sin Riesgo") -> Pasar al siguiente documento

Sheet Solicitud de Evaluación
A1: Instrucciones: En la siguiente carta completar los campos en color gris, asegurarse que los campos se llenen de acuerdo a los comentarios que se despliegan al dar click en cada campo.
I2: ='Datos de Investigación'!C5 -> 0
I3: =""&'Datos de Investigación'!$C$7&""
G4: ='Datos de Investigación'!C6 -> 45699
A5: Señora, Ximena Garzón MD. PhD. Presidente del Comité de Ética de Investigación en Seres Humanos de la Universidad San Francisco de Quito USFQ (CEISH-USFQ)
A7: De mi mejor consideración:
A9: ="Por medio del presente, yo/nosotros "&'Datos de Investigación'!$C$8&" en calidad de investigador principal, solicito la evaluación de la investigación "&'Datos de Investigación'!$C$17&", que se sustenta en la siguiente documentación:" -> Por medio del presente, yo/nosotros en calidad de investigador principal, solicito la evaluación de la investigación , que se sustenta en la siguiente documentación:
A13: Documentos adjuntos | G13: Idioma Versión | I13: Fecha Doc. | J13: # págs
A14: 1 | B14: Protocolo de investigación
A15: 2 | B15: Formulario(s) de consentimiento informado.
A16: 3 | B16: Consentimiento informado colectivo o Comunitario en castellano y traducido al idioma ancestral (si aplica)
A17: 4 | B17: Instrumentos de la investigación (entrevistas, encuestas, instrucciones escritas, manuales, guías, entre otros).
A18: 5 | B18: Hoja de vida del investigador principal y equipo de investigación.
A19: 6 | B19: Declaración de compromiso de confidencialidad, suscrita por todos los investigadores.
A20: 7 | B20: Declaración de conflictos de interés, suscrita por todos los investigadores.
A21: 8 | B21: Declaración de responsabilidad del investigador principal
A22: 9 | B22: Carta de interés institucional, suscrita por la máxima autoridad del o de los establecimientos de salud o instituciones en las que se ejecutará la investigación (si aplica)
A25: Código HUBI | C25: ='Datos de Investigación'!$C$16 -> 0
A26: Colegio | C26: ='Datos de Investigación'!$C$15 -> 0
A28: Atentamente
A33: =""&'Datos de Investigación'!C8&""
A34: =""&'Datos de Investigación'!$C$14&""
A35: Correo electrónico: | C35: =""&'Datos de Investigación'!$C$13&""
A36: Telf.: | B36: ='Datos de Investigación'!$C$11 -> 0
A37: NOTA: Revisar que el documento esté completo adecuadamente para guardar en PDF.
C39: REGRESAR | G39: =IF('Instrumentos de la invest.'!A28="NOTA: Revisar que el documento esté completo adecuadamente para guardar en PDF.",HYPERLINK("#"&"'Hoja de vida.'!A1","Pasar al siguiente documento"),"Documentos Investigaciones Sin Riesgo") -> Pasar al siguiente documento

Sheet Hoja de vida.
A1: Instrucciones: Llenar una hoja de vida por cada miembro de la investigación, en caso de ser necesarios aumentar mas cuadros. Al momento de imprimir seleccionar la hoja de vida que se desea imprimir, ir a ARCHIVO>> IMPRIMIR>> CONFIGURACIÓN>> IMPRIMIR SELECCIÓN. De esta manera solo se imprimirá la hoja de vida seleccionada.
A5: Modelo Hoja de vida | K5: Modelo Hoja de vida | U5: Modelo Hoja de vida | AE5: Modelo Hoja de vida | AO5: Modelo Hoja de vida
A7: ='Datos de Investigación'!$C$8 -> 0 | K7: =""&Protocolo!$C$54&"" | U7: =""&Protocolo!$C$55&"" | AE7: =""&Protocolo!$C$56&"" | AO7: =""&Protocolo!$C$57&""
A9: DATOS GENERALES | K9: DATOS GENERALES | U9: DATOS GENERALES | AE9: DATOS GENERALES | AO9: DATOS GENERALES
A10: Cédula o pasaporte: | C10: ='Datos de Investigación'!$C$10 -> 0 | K10: Cédula o pasaporte: | M10: =""&Protocolo!$E$54&"" | U10: Cédula o pasaporte: | W10: =""&Protocolo!$E$55&"" | AE10: Cédula o pasaporte: | AG10: =""&Protocolo!$E$56&"" | AO10: Cédula o pasaporte: | AQ10: =""&Protocolo!$E$57&""
A11: Dirección: | C11: ='Datos de Investigación'!$C$12 -> 0 | K11: Dirección: | U11: Dirección: | AE11: Dirección: | AO11: Dirección:
A12: Teléfono: | C12: ='Datos de Investigación'!$C$11 -> 0 | K12: Teléfono: | M12: =""&Protocolo!$J$54&"" | U12: Teléfono: | W12: =""&Protocolo!$J$55&"" | AE12: Teléfono: | AG12: =""&Protocolo!$J$56&"" | AO12: Teléfono: | AQ12: =""&Protocolo!$J$57&""
A13: Correo electrónico: | C13: ='Datos de Investigación'!$C$10 -> 0 | K13: Correo electrónico: | M13: =""&Protocolo!$H$54&"" | U13: Correo electrónico: | W13: =""&Protocolo!$H$55&"" | AE13: Correo electrónico: | AG13: =""&Protocolo!$H$56&"" | AO13: Correo electrónico: | AQ13: =""&Protocolo!$H$57&""
A15: FORMACIÓN ACADÉMICA | K15: FORMACIÓN ACADÉMICA | U15: FORMACIÓN ACADÉMICA | AE15: FORMACIÓN ACADÉMICA | AO15: FORMACIÓN ACADÉMICA
A16: Título* | D16: Institución Superior | F16: Año | G16: País | I16: Nº. Registro SENESCYT | K16: Título* | N16: Institución Superior | P16: Año | Q16: País | S16: Nº. Registro SENESCYT | U16: Título* | X16: Institución Superior | Z16: Año | AA16: País | AC16: Nº. Registro SENESCYT | AE16: Título* | AH16: Institución Superior | AJ16: Año | AK16: País | AM16: Nº. Registro SENESCYT | AO16: Título* | AR16: Institución Superior | AT16: Año | AU16: País | AW16: Nº. Registro SENESCYT
A21: Registro Título SENESCYT | K21: Registro Título SENESCYT | U21: Registro Título SENESCYT | AE21: Registro Título SENESCYT | AO21: Registro Título SENESCYT
A26: EXPERIENCIA LABORAL (En caso de no tener experiencia laboral dejar este campo vacío). | K26: EXPERIENCIA LABORAL (En caso de no tener experiencia laboral dejar este campo vacío). | U26: EXPERIENCIA LABORAL (En caso de no tener experiencia laboral dejar este campo vacío). | AE26: EXPERIENCIA LABORAL (En caso de no tener experiencia laboral dejar este campo vacío). | AO26: EXPERIENCIA LABORAL (En caso de no tener experiencia laboral dejar este campo vacío).
A27: Institución | D27: Desde | E27: Hasta | F27: Cargo dentro de la institución | I27: Ciudad-País | K27: Institución | N27: Desde | O27: Hasta | P27: Cargo dentro de la institución | S27: Ciudad-País | U27: Institución | X27: Desde | Y27: Hasta | Z27: Cargo dentro de la institución | AC27: Ciudad-País | AE27: Institución | AH27: Desde | AI27: Hasta | AJ27: Cargo dentro de la institución | AM27: Ciudad-País | AO27: Institución | AR27: Desde | AS27: Hasta | AT27: Cargo dentro de la institución | AW27: Ciudad-País
A35: EXPERIENCIA EN INVESTIGACIÓN (En caso de no tener experiencia en investigación dejar este campo vacío). | K35: EXPERIENCIA EN INVESTIGACIÓN (En caso de no tener experiencia en investigación dejar este campo vacío). | U35: EXPERIENCIA EN INVESTIGACIÓN (En caso de no tener experiencia en investigación dejar este campo vacío). | AE35: EXPERIENCIA EN INVESTIGACIÓN (En caso de no tener experiencia en investigación dejar este campo vacío). | AO35: EXPERIENCIA EN INVESTIGACIÓN (En caso de no tener experiencia en investigación dejar este campo vacío).
A36: Título de la investigación | D36: Tipo de investigación | F36: Área de estudio | G36: Institución | I36: Rol en la investigación | K36: Título de la investigación | N36: Tipo de investigación | P36: Área de estudio | Q36: Institución | S36: Rol en la investigación | U36: Título de la investigación | X36: Tipo de investigación | Z36: Área de estudio | AA36: Institución | AC36: Rol en la investigación | AE36: Título de la investigación | AH36: Tipo de investigación | AJ36: Área de estudio | AK36: Institución | AM36: Rol en la investigación | AO36: Título de la investigación | AR36: Tipo de investigación | AT36: Área de estudio | AU36: Institución | AW36: Rol en la investigación
A43: Nª. Registro Investigador SENESCYT | D43: Categoría | H43: Estado | K43: Nª. Registro Investigador SENESCYT | N43: Categoría | R43: Estado | U43: Nª. Registro Investigador SENESCYT | X43: Categoría | AB43: Estado | AE43: Nª. Registro Investigador SENESCYT | AH43: Categoría | AL43: Estado | AO43: Nª. Registro Investigador SENESCYT | AR43: Categoría | AV43: Estado
A46: PUBLICACIONES | K46: PUBLICACIONES | U46: PUBLICACIONES | AE46: PUBLICACIONES | AO46: PUBLICACIONES
A47: Título de la publicación | D47: Tipo publicación | E47: Publicación | F47: Fecha publicación | G47: DOI o ISBN | I47: Autores | K47: Título de la publicación | N47: Tipo publicación | O47: Publicación | P47: Fecha publicación | Q47: DOI o ISBN | S47: Autores | U47: Título de la publicación | X47: Tipo publicación | Y47: Publicación | Z47: Fecha publicación | AA47: DOI o ISBN | AC47: Autores | AE47: Título de la publicación | AH47: Tipo publicación | AI47: Publicación | AJ47: Fecha publicación | AK47: DOI o ISBN | AM47: Autores | AO47: Título de la publicación | AR47: Tipo publicación | AS47: Publicación | AT47: Fecha publicación | AU47: DOI o ISBN | AW47: Autores
A54: CAPACITACIONES | K54: CAPACITACIONES | U54: CAPACITACIONES | AE54: CAPACITACIONES | AO54: CAPACITACIONES
A55: Curso, taller, seminario, congreso etc. | E55: Institución | G55: Duración | I55: Mes-año | K55: Curso, taller, seminario, congreso etc. | O55: Institución | Q55: Duración | S55: Mes-año | U55: Curso, taller, seminario, congreso etc. | Y55: Institución | AA55: Duración | AC55: Mes-año | AE55: Curso, taller, seminario, congreso etc. | AI55: Institución | AK55: Duración | AM55: Mes-año | AO55: Curso, taller, seminario, congreso etc. | AS55: Institución | AU55: Duración | AW55: Mes-año
A59: Certificados de Capacitación en Ética de la Investigación | K59: Certificados de Capacitación en Ética de la Investigación | U59: Certificados de Capacitación en Ética de la Investigación | AE59: Certificados de Capacitación en Ética de la Investigación | AO59: Certificados de Capacitación en Ética de la Investigación
A65: En caso de no contar con capacitación en ética de la investigación, completar los cursos: Introduction to Research Ethics Informed Consent Good Clinical Practice. Completar este curso solo si es investigador de un ensayo clínico. Estos cursos se encuentran disponibles de forma gratuita en la plataforma Training and Resources in | K65: En caso de no contar con capacitación en ética de la investigación, completar los cursos: Introduction to Research Ethics Informed Consent Good Clinical Practice. Completar este curso solo si es investigador de un ensayo clínico. Estos cursos se encuentran disponibles de forma gratuita en la plataforma Training and Resources in | U65: En caso de no contar con capacitación en ética de la investigación, completar los cursos: Introduction to Research Ethics Informed Consent Good Clinical Practice. Completar este curso solo si es investigador de un ensayo clínico. Estos cursos se encuentran disponibles de forma gratuita en la plataforma Training and Resources in | AE65: En caso de no contar con capacitación en ética de la investigación, completar los cursos: Introduction to Research Ethics Informed Consent Good Clinical Practice. Completar este curso solo si es investigador de un ensayo clínico. Estos cursos se encuentran disponibles de forma gratuita en la plataforma Training and Resources in | AO65: En caso de no contar con capacitación en ética de la investigación, completar los cursos: Introduction to Research Ethics Informed Consent Good Clinical Practice. Completar este curso solo si es investigador de un ensayo clínico. Estos cursos se encuentran disponibles de forma gratuita en la plataforma Training and Resources in
A71: Research Ethics Evaluation https://elearning.trree.org/ | D71: https://elearning.trree.org/ | K71: Research Ethics Evaluation https://elearning.trree.org/ | N71: https://elearning.trree.org/ | U71: Research Ethics Evaluation https://elearning.trree.org/ | X71: https://elearning.trree.org/ | AE71: Research Ethics Evaluation https://elearning.trree.org/ | AH71: https://elearning.trree.org/ | AO71: Research Ethics Evaluation https://elearning.trree.org/ | AR71: https://elearning.trree.org/
A73: NOTA: Revisar que el documento esté completo adecuadamente para guardar en PDF.
B74: REGRESAR | D74: Formulario completo | G74: =IF('Declaración Conflicto Interés'!A50="Telf.:",HYPERLINK("#"&"'Declaración Conflicto Interés'!A1","Pasar al siguiente documento"),"Documentos Investigaciones Observacionales") -> Pasar al siguiente documento

Sheet Declaración Conflicto Interés
A1: Instrucciones: En la siguiente carta responder con un SI o NO en la tabla de indicadores de conflictos de interés, revisar la información en color rojo luego de responder las preguntas.
I2: ='Datos de Investigación'!C5 -> 0 | S2: =I2 -> 0 | AC2: =S2 -> 0 | AM2: =AC2 -> 0 | AW2: =AM2 -> 0 | BG2: =AW2 -> 0
I3: =""&'Datos de Investigación'!$C$7&"" | S3: =I3 | AC3: =S3 | AM3: =AC3 | AW3: =AM3 | BG3: =AW3
H4: ='Datos de Investigación'!C6 -> 45699 | R4: =H4 -> 45699 | AB4: =R4 -> 45699 | AL4: =AB4 -> 45699 | AV4: =AL4 -> 45699 | BF4: =AV4 -> 45699
A6: Declaración de Conflictos de Interés | K6: Declaración de Conflictos de Interés | U6: Declaración de Conflictos de Interés | AE6: Declaración de Conflictos de Interés | AO6: Declaración de Conflictos de Interés | AY6: Declaración de Conflictos de Interés
A8: Título de la investigación: | D8: =""&'Datos de Investigación'!$C$17&"" | K8: Título de la investigación: | N8: =""&'Datos de Investigación'!$C$17&"" | U8: Título de la investigación: | X8: =""&'Datos de Investigación'!$C$17&"" | AE8: Título de la investigación: | AH8: =""&'Datos de Investigación'!$C$17&"" | AO8: Título de la investigación: | AR8: =""&'Datos de Investigación'!$C$17&"" | AY8: Título de la investigación: | BB8: =""&'Datos de Investigación'!$C$17&""
A10: Tabla de indicadores de posibles conflictos de interés | I10: Declaración | K10: Tabla de indicadores de posibles conflictos de interés | S10: Declaración | U10: Tabla de indicadores de posibles conflictos de interés | AC10: Declaración | AE10: Tabla de indicadores de posibles conflictos de interés | AM10: Declaración | AO10: Tabla de indicadores de posibles conflictos de interés | AW10: Declaración | AY10: Tabla de indicadores de posibles conflictos de interés | BG10: Declaración
A11: 1 | B11: Mantengo relación comercial o económica con el patrocinador | I11: Elija una opción | K11: 1 | L11: Mantengo relación comercial o económica con el patrocinador | S11: Elija una opción | U11: 1 | V11: Mantengo relación comercial o económica con el patrocinador | AC11: Elija una opción | AE11: 1 | AF11: Mantengo relación comercial o económica con el patrocinador | AM11: Elija una opción | AO11: 1 | AP11: Mantengo relación comercial o económica con el patrocinador | AW11: Elija una opción | AY11: 1 | AZ11: Mantengo relación comercial o económica con el patrocinador | BG11: Elija una opción
A12: 2 | B12: Tengo interés de propiedad intelectual relacionado con las actividades de la investigación. | I12: Elija una opción | K12: 2 | L12: Tengo interés de propiedad intelectual relacionado con las actividades de la investigación. | S12: Elija una opción | U12: 2 | V12: Tengo interés de propiedad intelectual relacionado con las actividades de la investigación. | AC12: Elija una opción | AE12: 2 | AF12: Tengo interés de propiedad intelectual relacionado con las actividades de la investigación. | AM12: Elija una opción | AO12: 2 | AP12: Tengo interés de propiedad intelectual relacionado con las actividades de la investigación. | AW12: Elija una opción | AY12: 2 | AZ12: Tengo interés de propiedad intelectual relacionado con las actividades de la investigación. | BG12: Elija una opción
A13: 3 | B13: Tengo interés financiero relacionado con las actividades de la investigación. | I13: Elija una opción | K13: 3 | L13: Tengo interés financiero relacionado con las actividades de la investigación. | S13: Elija una opción | U13: 3 | V13: Tengo interés financiero relacionado con las actividades de la investigación. | AC13: Elija una opción | AE13: 3 | AF13: Tengo interés financiero relacionado con las actividades de la investigación. | AM13: Elija una opción | AO13: 3 | AP13: Tengo interés financiero relacionado con las actividades de la investigación. | AW13: Elija una opción | AY13: 3 | AZ13: Tengo interés financiero relacionado con las actividades de la investigación. | BG13: Elija una opción
A14: 4 | B14: Formo parte de la empresa, organización, entidad o institución que será evaluada durante la investigación. | I14: Elija una opción | K14: 4 | L14: Formo parte de la empresa, organización, entidad o institución que será evaluada durante la investigación. | S14: Elija una opción | U14: 4 | V14: Formo parte de la empresa, organización, entidad o institución que será evaluada durante la investigación. | AC14: Elija una opción | AE14: 4 | AF14: Formo parte de la empresa, organización, entidad o institución que será evaluada durante la investigación. | AM14: Elija una opción | AO14: 4 | AP14: Formo parte de la empresa, organización, entidad o institución que será evaluada durante la investigación. | AW14: Elija una opción | AY14: 4 | AZ14: Formo parte de la empresa, organización, entidad o institución que será evaluada durante la investigación. | BG14: Elija una opción
A15: 5 | B15: He actuado como director, consejero, asesor científico u otro cargo de toma de decisiones en la entidad que patrocina la investigación. | I15: Elija una opción | K15: 5 | L15: He actuado como director, consejero, asesor científico u otro cargo de toma de decisiones en la entidad que patrocina la investigación. | S15: Elija una opción | U15: 5 | V15: He actuado como director, consejero, asesor científico u otro cargo de toma de decisiones en la entidad que patrocina la investigación. | AC15: Elija una opción | AE15: 5 | AF15: He actuado como director, consejero, asesor científico u otro cargo de toma de decisiones en la entidad que patrocina la investigación. | AM15: Elija una opción | AO15: 5 | AP15: He actuado como director, consejero, asesor científico u otro cargo de toma de decisiones en la entidad que patrocina la investigación. | AW15: Elija una opción | AY15: 5 | AZ15: He actuado como director, consejero, asesor científico u otro cargo de toma de decisiones en la entidad que patrocina la investigación. | BG15: Elija una opción
A16: 6 | B16: Un miembro de mi familia está relacionado directa o indirectamente con los aspectos intelectuales y/o financieros de la investigación. | I16: Elija una opción | K16: 6 | L16: Un miembro de mi familia está relacionado directa o indirectamente con los aspectos intelectuales y/o financieros de la investigación. | S16: Elija una opción | U16: 6 | V16: Un miembro de mi familia está relacionado directa o indirectamente con los aspectos intelectuales y/o financieros de la investigación. | AC16: Elija una opción | AE16: 6 | AF16: Un miembro de mi familia está relacionado directa o indirectamente con los aspectos intelectuales y/o financieros de la investigación. | AM16: Elija una opción | AO16: 6 | AP16: Un miembro de mi familia está relacionado directa o indirectamente con los aspectos intelectuales y/o financieros de la investigación. | AW16: Elija una opción | AY16: 6 | AZ16: Un miembro de mi familia está relacionado directa o indirectamente con los aspectos intelectuales y/o financieros de la investigación. | BG16: Elija una opción
A17: 7 | B17: Un miembro de mi familia está relacionado directa o indirectamente con la institución que financia la investigación. | I17: Elija una opción | K17: 7 | L17: Un miembro de mi familia está relacionado directa o indirectamente con la institución que financia la investigación. | S17: Elija una opción | U17: 7 | V17: Un miembro de mi familia está relacionado directa o indirectamente con la institución que financia la investigación. | AC17: Elija una opción | AE17: 7 | AF17: Un miembro de mi familia está relacionado directa o indirectamente con la institución que financia la investigación. | AM17: Elija una opción | AO17: 7 | AP17: Un miembro de mi familia está relacionado directa o indirectamente con la institución que financia la investigación. | AW17: Elija una opción | AY17: 7 | AZ17: Un miembro de mi familia está relacionado directa o indirectamente con la institución que financia la investigación. | BG17: Elija una opción
A18: 8 | B18: Otras circunstancias pueden afectar mi objetividad y/o independencia en el desarrollo de la investigación | I18: Elija una opción | K18: 8 | L18: Otras circunstancias pueden afectar mi objetividad y/o independencia en el desarrollo de la investigación | S18: Elija una opción | U18: 8 | V18: Otras circunstancias pueden afectar mi objetividad y/o independencia en el desarrollo de la investigación | AC18: Elija una opción | AE18: 8 | AF18: Otras circunstancias pueden afectar mi objetividad y/o independencia en el desarrollo de la investigación | AM18: Elija una opción | AO18: 8 | AP18: Otras circunstancias pueden afectar mi objetividad y/o independencia en el desarrollo de la investigación | AW18: Elija una opción | AY18: 8 | AZ18: Otras circunstancias pueden afectar mi objetividad y/o independencia en el desarrollo de la investigación | BG18: Elija una opción
A20: Si su respuesta al numeral 8 fue “Si”, detallar aquí las circunstancias que puedan suponer un conflicto de interés | K20: Si su respuesta al numeral 8 fue “Si”, detallar aquí las circunstancias que puedan suponer un conflicto de interés | U20: Si su respuesta al numeral 8 fue “Si”, detallar aquí las circunstancias que puedan suponer un conflicto de interés | AE20: Si su respuesta al numeral 8 fue “Si”, detallar aquí las circunstancias que puedan suponer un conflicto de interés | AO20: Si su respuesta al numeral 8 fue “Si”, detallar aquí las circunstancias que puedan suponer un conflicto de interés | AY20: Si su respuesta al numeral 8 fue “Si”, detallar aquí las circunstancias que puedan suponer un conflicto de interés
A25: Si todas las respuestas fueron “No”, deberá tomar en cuenta la siguiente declaración: | K25: Si todas las respuestas fueron “No”, deberá tomar en cuenta la siguiente declaración: | U25: Si todas las respuestas fueron “No”, deberá tomar en cuenta la siguiente declaración: | AE25: Si todas las respuestas fueron “No”, deberá tomar en cuenta la siguiente declaración: | AO25: Si todas las respuestas fueron “No”, deberá tomar en cuenta la siguiente declaración: | AY25: Si todas las respuestas fueron “No”, deberá tomar en cuenta la siguiente declaración:
A26: ="Así también en calidad de "&'Datos de Investigación'!C9&" de la investigación, declaro no tener conflicto de interés personal o profesional que pueda interferir en el desempeño de mis funciones." -> Así también en calidad de Investigador Principal de la investigación, declaro no tener conflicto de interés personal o profesional que pueda interferir en el desempeño de mis funciones. | K26: ="Así también en calidad de "&'Datos de Investigación'!M9&" de la investigación, declaro no tener conflicto de interés personal o profesional que pueda interferir en el desempeño de mis funciones." -> Así también en calidad de de la investigación, declaro no tener conflicto de interés personal o profesional que pueda interferir en el desempeño de mis funciones. | U26: ="Así también en calidad de "&'Datos de Investigación'!W9&" de la investigación, declaro no tener conflicto de interés personal o profesional que pueda interferir en el desempeño de mis funciones." -> Así también en calidad de de la investigación, declaro no tener conflicto de interés personal o profesional que pueda interferir en el desempeño de mis funciones. | AE26: ="Así también en calidad de "&'Datos de Investigación'!AG9&" de la investigación, declaro no tener conflicto de interés personal o profesional que pueda interferir en el desempeño de mis funciones." -> Así también en calidad de de la investigación, declaro no tener conflicto de interés personal o profesional que pueda interferir en el desempeño de mis funciones. | AO26: ="Así también en calidad de "&'Datos de Investigación'!AQ9&" de la investigación, declaro no tener conflicto de interés personal o profesional que pueda interferir en el desempeño de mis funciones." -> Así también en calidad de de la investigación, declaro no tener conflicto de interés personal o profesional que pueda interferir en el desempeño de mis funciones. | AY26: ="Así también en calidad de "&'Datos de Investigación'!BA9&" de la investigación, declaro no tener conflicto de interés personal o profesional que pueda interferir en el desempeño de mis funciones." -> Así también en calidad de de la investigación, declaro no tener conflicto de interés personal o profesional que pueda interferir en el desempeño de mis funciones.
A29: Me comprometo a informar al Comité de Ética de Investigación en Seres Humanos de la Universidad San Francisco de Quito USFQ (CEISH-USFQ), sobre cualquier conflicto de interés que pueda surgir durante la ejecución de la investigación. | K29: Me comprometo a informar al Comité de Ética de Investigación en Seres Humanos de la Universidad San Francisco de Quito USFQ (CEISH-USFQ), sobre cualquier conflicto de interés que pueda surgir durante la ejecución de la investigación. | U29: Me comprometo a informar al Comité de Ética de Investigación en Seres Humanos de la Universidad San Francisco de Quito USFQ (CEISH-USFQ), sobre cualquier conflicto de interés que pueda surgir durante la ejecución de la investigación. | AE29: Me comprometo a informar al Comité de Ética de Investigación en Seres Humanos de la Universidad San Francisco de Quito USFQ (CEISH-USFQ), sobre cualquier conflicto de interés que pueda surgir durante la ejecución de la investigación. | AO29: Me comprometo a informar al Comité de Ética de Investigación en Seres Humanos de la Universidad San Francisco de Quito USFQ (CEISH-USFQ), sobre cualquier conflicto de interés que pueda surgir durante la ejecución de la investigación. | AY29: Me comprometo a informar al Comité de Ética de Investigación en Seres Humanos de la Universidad San Francisco de Quito USFQ (CEISH-USFQ), sobre cualquier conflicto de interés que pueda surgir durante la ejecución de la investigación.
A33: Si alguna de las respuestas fue “Si”, deberá tomar en cuenta la siguiente declaración: | K33: Si alguna de las respuestas fue “Si”, deberá tomar en cuenta la siguiente declaración: | U33: Si alguna de las respuestas fue “Si”, deberá tomar en cuenta la siguiente declaración: | AE33: Si alguna de las respuestas fue “Si”, deberá tomar en cuenta la siguiente declaración: | AO33: Si alguna de las respuestas fue “Si”, deberá tomar en cuenta la siguiente declaración: | AY33: Si alguna de las respuestas fue “Si”, deberá tomar en cuenta la siguiente declaración:
A34: ="Yo "&'Datos de Investigación'!$C$8&" con cédula Nro. "&'Datos de Investigación'!$C$10&", declaro tener conflictos de interés con la investigación "&'Datos de Investigación'!$C$17&", por lo que solicito al Comité de Ética de Investigación en Seres Humanos de la Universidad San Francisco de Quito USFQ (CEISH-USFQ) evaluar la pertinencia de mi participación en la investigación." -> Yo con cédula Nro. , declaro tener conflictos de interés con la investigación , por lo que solicito al Comité de Ética de Investigación en Seres Humanos de la Universidad San Francisco de Quito USFQ (CEISH-USFQ) evaluar la pertinencia de mi participación en la investigación. | K34: ="Yo "&Protocolo!$C$54&" con cédula Nro. "&Protocolo!$E$54&", declaro tener conflictos de interés con la investigación "&'Datos de Investigación'!$C$17&", por lo que solicito al Comité de Ética de Investigación en Seres Humanos de la Universidad San Francisco de Quito USFQ (CEISH-USFQ) evaluar la pertinencia de mi participación en la investigación." -> Yo con cédula Nro. , declaro tener conflictos de interés con la investigación , por lo que solicito al Comité de Ética de Investigación en Seres Humanos de la Universidad San Francisco de Quito USFQ (CEISH-USFQ) evaluar la pertinencia de mi participación en la investigación. | U34: ="Yo "&Protocolo!$C$55&" con cédula Nro. "&Protocolo!$E$55&", declaro tener conflictos de interés con la investigación "&'Datos de Investigación'!$C$17&", por lo que solicito al Comité de Ética de Investigación en Seres Humanos de la Universidad San Francisco de Quito USFQ (CEISH-USFQ) evaluar la pertinencia de mi participación en la investigación." -> Yo con cédula Nro. , declaro tener conflictos de interés con la investigación , por lo que solicito al Comité de Ética de Investigación en Seres Humanos de la Universidad San Francisco de Quito USFQ (CEISH-USFQ) evaluar la pertinencia de mi participación en la investigación. | AE34: ="Yo "&Protocolo!$C$56&" con cédula Nro. "&Protocolo!$E$56&", declaro tener conflictos de interés con la investigación "&'Datos de Investigación'!$C$17&", por lo que solicito al Comité de Ética de Investigación en Seres Humanos de la Universidad San Francisco de Quito USFQ (CEISH-USFQ) evaluar la pertinencia de mi participación en la investigación." -> Yo con cédula Nro. , declaro tener conflictos de interés con la investigación , por lo que solicito al Comité de Ética de Investigación en Seres Humanos de la Universidad San Francisco de Quito USFQ (CEISH-USFQ) evaluar la pertinencia de mi participación en la investigación. | AO34: ="Yo "&Protocolo!$C$57&" con cédula Nro. "&Protocolo!$E$57&", declaro tener conflictos de interés con la investigación "&'Datos de Investigación'!$C$17&", por lo que solicito al Comité de Ética de Investigación en Seres Humanos de la Universidad San Francisco de Quito USFQ (CEISH-USFQ) evaluar la pertinencia de mi participación en la investigación." -> Yo con cédula Nro. , declaro tener conflictos de interés con la investigación , por lo que solicito al Comité de Ética de Investigación en Seres Humanos de la Universidad San Francisco de Quito USFQ (CEISH-USFQ) evaluar la pertinencia de mi participación en la investigación. | AY34: ="Yo "&Protocolo!$C$58&" con cédula Nro. "&Protocolo!$E$58&", declaro tener conflictos de interés con la investigación "&'Datos de Investigación'!$C$17&", por lo que solicito al Comité de Ética de Investigación en Seres Humanos de la Universidad San Francisco de Quito USFQ (CEISH-USFQ) evaluar la pertinencia de mi participación en la investigación." -> Yo con cédula Nro. , declaro tener conflictos de interés con la investigación , por lo que solicito al Comité de Ética de Investigación en Seres Humanos de la Universidad San Francisco de Quito USFQ (CEISH-USFQ) evaluar la pertinencia de mi participación en la investigación.
A45: Firma investigador principal | K45: Firma | U45: Firma | AE45: Firma | AO45: Firma | AY45: Firma
A47: ='Datos de Investigación'!$C$8 -> 0 | K47: =""&Protocolo!$C$54&"" | U47: =""&Protocolo!$C$55&"" | AE47: =""&Protocolo!$C$56&"" | AO47: =""&Protocolo!$C$57&"" | AY47: =""&Protocolo!$C$58&""
A48: ='Datos de Investigación'!$C$14 -> 0 | K48: =Protocolo!$G$54 -> 0 | U48: =Protocolo!$G$55 -> 0 | AE48: =Protocolo!$G$56 -> 0 | AO48: =Protocolo!$G$57 -> 0 | AY48: =Protocolo!$G$58 -> 0
A49: Correo electrónico: | C49: ='Datos de Investigación'!C13 -> 0 | K49: Correo electrónico: | M49: =Protocolo!$H$54 -> 0 | U49: Correo electrónico: | W49: =Protocolo!$H$55 -> 0 | AE49: Correo electrónico: | AG49: =Protocolo!$H$56 -> 0 | AO49: Correo electrónico: | AQ49: =Protocolo!$H$57 -> 0 | AY49: Correo electrónico: | BA49: =Protocolo!$H$58 -> 0
A50: Telf.: | B50: ='Datos de Investigación'!$C$11 -> 0 | K50: Telf.: | L50: =Protocolo!$J$54 -> 0 | U50: Telf.: | V50: =Protocolo!$J$55 -> 0 | AE50: Telf.: | AF50: =Protocolo!$J$56 -> 0 | AO50: Telf.: | AP50: =Protocolo!$J$57 -> 0 | AY50: Telf.: | AZ50: =Protocolo!$J$58 -> 0
A51: NOTA: Revisar que el documento esté completo adecuadamente para guardar en PDF. | K51: NOTA: Revisar que el documento esté completo adecuadamente para guardar en PDF. | U51: NOTA: Revisar que el documento esté completo adecuadamente para guardar en PDF. | AE51: NOTA: Revisar que el documento esté completo adecuadamente para guardar en PDF. | AO51: NOTA: Revisar que el documento esté completo adecuadamente para guardar en PDF. | AY51: NOTA: Revisar que el documento esté completo adecuadamente para guardar en PDF.
C53: REGRESAR | G53: FINALIZADO

Sheet Lista de Verificación SR
I1: ='Datos de Investigación'!C5 -> 0
I2: =""&'Datos de Investigación'!$C$7&""
G3: =TODAY() -> 45699
A4: Lista de Verificación de Recepción de Documentación Investigaciones Sin Riesgo
A6: DATOS DE LA INVESTIGACIÓN
A7: Título de la investigación: | D7: =""&'Datos de Investigación'!$C$17&""
A8: Equipo de Investigación:
A9: # | B9: Rol | D9: Nombre Completo | H9: Institución a la que pertenece
A10: 1 | B10: =""&Protocolo!$B$53&"" -> Investigador Principal | D10: =""&Protocolo!$C$53&"" -> 0 | H10: =""&Protocolo!$G$53&"" -> 0
A11: 2 | B11: =""&Protocolo!$B$54&"" | D11: =""&Protocolo!$C$54&"" | H11: =""&Protocolo!$G$54&""
A12: 3 | B12: =""&Protocolo!$B$55&"" | D12: =""&Protocolo!$C$55&"" | H12: =""&Protocolo!$G$55&""
A13: 4 | B13: =""&Protocolo!$B$56&"" | D13: =""&Protocolo!$C$56&"" | H13: =""&Protocolo!$G$56&""
A14: 5 | B14: =""&Protocolo!$B$57&"" | D14: =""&Protocolo!$C$57&"" | H14: =""&Protocolo!$G$57&""
A15: Tipo de Investigación: | D15: Elija un elemento
A16: Responsable de la verificación:
A17: Fecha recepción documentos
A18: Fecha de verificación | D18: =TODAY() -> 45699
A20: Documentos adjuntos | F20: Idioma Versión | G20: Fecha Doc. | I20: # págs | J20: Recepción
A21: 0 | B21: Carta de solicitud | J21: Elija un elemento
A22: 1 | B22: Protocolo de investigación | F22: =""&'Solicitud de Excención'!$G$15&"" | G22: =""&'Solicitud de Excención'!$I$15&"" | I22: =""&'Solicitud de Excención'!$J$15&"" | J22: Elija un elemento
A23: 2 | B23: Justificación de no aplicación de consentimiento informado/ Hoja Informativa | F23: =""&'Solicitud de Excención'!$G$16&"" | G23: =""&'Solicitud de Excención'!$I$16&"" | I23: =""&'Solicitud de Excención'!$J$16&"" | J23: Elija un elemento
A24: 3 | B24: Instrumentos de la investigación (entrevistas, encuestas, instrucciones escritas, manuales, guías, entre otros). | F24: =""&'Solicitud de Excención'!$G$17&"" | G24: =""&'Solicitud de Excención'!$I$17&"" | I24: =""&'Solicitud de Excención'!$J$17&"" | J24: Elija un elemento
A25: 4 | B25: Hoja de vida del investigador principal | F25: =""&'Solicitud de Excención'!$G$18&"" | G25: =""&'Solicitud de Excención'!$I$18&"" | I25: =""&'Solicitud de Excención'!$J$18&"" | J25: Elija un elemento
A26: 5 | B26: Declaración de responsabilidad del investigador principal | F26: =""&'Solicitud de Excención'!$G$19&"" | G26: =""&'Solicitud de Excención'!$I$19&"" | I26: =""&'Solicitud de Excención'!$J$19&"" | J26: Elija un elemento
A27: 6 | B27: Carta de interés institucional, suscrita por la máxima autoridad del o de los establecimientos de salud o instituciones en las que se ejecutará la investigación (si aplica) | F27: =""&'Solicitud de Excención'!$G$20&"" | G27: =""&'Solicitud de Excención'!$I$20&"" | I27: =""&'Solicitud de Excención'!$J$20&"" | J27: Elija un elemento
A29: Comentarios

Sheet Lista de Verificación Inv. Obs
I1: ='Datos de Investigación'!C5 -> 0
I2: =""&'Datos de Investigación'!$C$7&""
H3: =TODAY() -> 45699
A4: Lista de Verificación de Recepción de Documentación Investigaciones Observacionales
A6: DATOS DE LA INVESTIGACIÓN
A7: Título de la investigación: | D7: =""&'Datos de Investigación'!$C$17&""
A8: Equipo de Investigación:
A9: # | B9: Rol | D9: Nombre Completo | H9: Institución a la que pertenece
A10: 1 | B10: =""&Protocolo!$B$53&"" -> Investigador Principal | D10: =""&Protocolo!$C$53&"" -> 0 | H10: =""&Protocolo!$G$53&"" -> 0
A11: 2 | B11: =""&Protocolo!$B$54&"" | D11: =""&Protocolo!$C$54&"" | H11: =""&Protocolo!$G$54&""
A12: 3 | B12: =""&Protocolo!$B$55&"" | D12: =""&Protocolo!$C$55&"" | H12: =""&Protocolo!$G$55&""
A13: 4 | B13: =""&Protocolo!$B$56&"" | D13: =""&Protocolo!$C$56&"" | H13: =""&Protocolo!$G$56&""
A14: 5 | B14: =""&Protocolo!$B$57&"" | D14: =""&Protocolo!$C$57&"" | H14: =""&Protocolo!$G$57&""
A15: Tipo de Investigación: | D15: Elija un elemento
A16: Responsable de la verificación:
A17: Fecha recepción documentos
A18: Fecha de verificación | D18: =TODAY() -> 45699
A20: Documentos adjuntos | F20: Idioma Versión | G20: Fecha Doc. | I20: # págs | J20: Recepción
A21: 0 | B21: Carta de solicitud | J21: Elija un elemento
A22: 1 | B22: Protocolo de investigación | F22: =""&'Solicitud de Evaluación'!$G$14&"" | G22: =""&'Solicitud de Evaluación'!$I$14&"" | I22: =""&'Solicitud de Evaluación'!$J$14&"" | J22: Elija un elemento
A23: 2 | B23: Formulario(s) de consentimiento informado. | F23: =""&'Solicitud de Evaluación'!$G$15&"" | G23: =""&'Solicitud de Evaluación'!$I$15&"" | I23: =""&'Solicitud de Evaluación'!$J$15&"" | J23: Elija un elemento
A24: 3 | B24: Consentimiento informado colectivo o Comunitario en castellano y traducido al idioma ancestral (si aplica) | F24: =""&'Solicitud de Evaluación'!$G$16&"" | G24: =""&'Solicitud de Evaluación'!$I$16&"" | I24: =""&'Solicitud de Evaluación'!$J$16&"" | J24: Elija un elemento
A25: 4 | B25: Instrumentos de la investigación (entrevistas, encuestas, instrucciones escritas, manuales, guías, entre otros). | F25: =""&'Solicitud de Evaluación'!$G$17&"" | G25: =""&'Solicitud de Evaluación'!$I$17&"" | I25: =""&'Solicitud de Evaluación'!$J$17&"" | J25: Elija un elemento
A26: 5 | B26: Hoja de vida del investigador principal y equipo de investigación. | F26: =""&'Solicitud de Evaluación'!$G$18&"" | G26: =""&'Solicitud de Evaluación'!$I$18&"" | I26: =""&'Solicitud de Evaluación'!$J$18&"" | J26: Elija un elemento
A27: 6 | B27: Declaración de compromiso de confidencialidad, suscrita por todos los investigadores. | F27: =""&'Solicitud de Evaluación'!$G$19&"" | G27: =""&'Solicitud de Evaluación'!$I$19&"" | I27: =""&'Solicitud de Evaluación'!$J$19&"" | J27: Elija un elemento
A28: 7 | B28: Declaración de Conflicto de interés, suscrita por todos los investigadores. | F28: =""&'Solicitud de Evaluación'!$G$20&"" | G28: =""&'Solicitud de Evaluación'!$I$20&"" | I28: =""&'Solicitud de Evaluación'!$J$20&"" | J28: Elija un elemento
A29: 8 | B29: Declaración de responsabilidad del investigador principal | F29: =""&'Solicitud de Evaluación'!$G$21&"" | G29: =""&'Solicitud de Evaluación'!$I$21&"" | I29: =""&'Solicitud de Evaluación'!$J$21&"" | J29: Elija un elemento
A30: 9 | B30: Carta de interés institucional, suscrita por la máxima autoridad del o de los establecimientos de salud o instituciones en las que se ejecutará la investigación (si aplica) | F30: =""&'Solicitud de Evaluación'!$G$22&"" | G30: =""&'Solicitud de Evaluación'!$I$22&"" | I30: =""&'Solicitud de Evaluación'!$J$22&"" | J30: Elija un elemento
A32: Comentarios

Sheet Lista de Verificación Inv. Int.
I1: ='Datos de Investigación'!C5 -> 0
I2: =""&'Datos de Investigación'!$C$7&""
H3: =TODAY() -> 45699
A4: Lista de Verificación de Recepción de Documentación Investigaciones de Intervención
A6: DATOS DE LA INVESTIGACIÓN
A7: Título de la investigación: | D7: =""&'Datos de Investigación'!$C$17&""
A8: Equipo de Investigación:
A9: # | B9: Rol | D9: Nombre Completo | H9: Institución a la que pertenece
A10: 1 | B10: =""&Protocolo!$B$53&"" -> Investigador Principal | D10: =""&Protocolo!$C$53&"" -> 0 | H10: =""&Protocolo!$G$53&"" -> 0
A11: 2 | B11: =""&Protocolo!$B$54&"" | D11: =""&Protocolo!$C$54&"" | H11: =""&Protocolo!$G$54&""
A12: 3 | B12: =""&Protocolo!$B$55&"" | D12: =""&Protocolo!$C$55&"" | H12: =""&Protocolo!$G$55&""
A13: 4 | B13: =""&Protocolo!$B$56&"" | D13: =""&Protocolo!$C$56&"" | H13: =""&Protocolo!$G$56&""
A14: 5 | B14: =""&Protocolo!$B$57&"" | D14: =""&Protocolo!$C$57&"" | H14: =""&Protocolo!$G$57&""
A15: Tipo de Investigación: | D15: Elija un elemento
A16: Responsable de la verificación:
A17: Fecha recepción documentos
A18: Fecha de verificación | D18: =TODAY() -> 45699
A20: Documentos adjuntos | F20: Idioma Versión | G20: Fecha Doc. | I20: # págs | J20: Recepción
A21: 1 | B21: Protocolo de investigación | F21: =""&'Solicitud de Evaluación'!$G$14&"" | G21: =""&'Solicitud de Evaluación'!$I$14&"" | I21: =""&'Solicitud de Evaluación'!$J$14&"" | J21: Elija un elemento
A22: 2 | B22: Formulario(s) de consentimiento informado. | F22: =""&'Solicitud de Evaluación'!$G$15&"" | G22: =""&'Solicitud de Evaluación'!$I$15&"" | I22: =""&'Solicitud de Evaluación'!$J$15&"" | J22: Elija un elemento
A23: 3 | B23: Consentimiento informado colectivo o Comunitario en castellano y traducido al idioma ancestral (si aplica) | F23: =""&'Solicitud de Evaluación'!$G$16&"" | G23: =""&'Solicitud de Evaluación'!$I$16&"" | I23: =""&'Solicitud de Evaluación'!$J$16&"" | J23: Elija un elemento
A24: 4 | B24: Instrumentos de la investigación (entrevistas, encuestas, instrucciones escritas, manuales, guías, entre otros). | F24: =""&'Solicitud de Evaluación'!$G$17&"" | G24: =""&'Solicitud de Evaluación'!$I$17&"" | I24: =""&'Solicitud de Evaluación'!$J$17&"" | J24: Elija un elemento
A25: 5 | B25: Hoja de vida del investigador principal y equipo de investigación. | F25: =""&'Solicitud de Evaluación'!$G$18&"" | G25: =""&'Solicitud de Evaluación'!$I$18&"" | I25: =""&'Solicitud de Evaluación'!$J$18&"" | J25: Elija un elemento
A26: 6 | B26: Declaración de compromiso de confidencialidad, suscrita por todos los investigadores. | F26: =""&'Solicitud de Evaluación'!$G$19&"" | G26: =""&'Solicitud de Evaluación'!$I$19&"" | I26: =""&'Solicitud de Evaluación'!$J$19&"" | J26: Elija un elemento
A27: 7 | B27: Declaración de Conflicto de interés, suscrita por todos los investigadores. | F27: =""&'Solicitud de Evaluación'!$G$20&"" | G27: =""&'Solicitud de Evaluación'!$I$20&"" | I27: =""&'Solicitud de Evaluación'!$J$20&"" | J27: Elija un elemento
A28: 8 | B28: Declaración de responsabilidad del investigador principal | F28: =""&'Solicitud de Evaluación'!$G$21&"" | G28: =""&'Solicitud de Evaluación'!$I$21&"" | I28: =""&'Solicitud de Evaluación'!$J$21&"" | J28: Elija un elemento
A29: 9 | B29: Carta de interés institucional, suscrita por la máxima autoridad del o de los establecimientos de salud o instituciones en las que se ejecutará la investigación (si aplica) | F29: =""&'Solicitud de Evaluación'!$G$22&"" | G29: =""&'Solicitud de Evaluación'!$I$22&"" | I29: =""&'Solicitud de Evaluación'!$J$22&"" | J29: Elija un elemento
A30: 10 | B30: Ficha descriptiva de investigaciones de intervención (si aplica) | J30: Elija un elemento
A32: Comentarios

Sheet Notificación Recepción de Docs.
I2: =""&'Datos de Investigación'!$C$7&""
I3: Oficio N.
G4: Quito, | I4: =TODAY() -> 45699
A5: ="Señor/a, Dr/a "&'Datos de Investigación'!$C$8&" Investigador Principal "&'Datos de Investigación'!$C$14&" Presente" -> Señor/a, Dr/a Investigador Principal Presente
A7: Asunto: Notificación de recepción de documentación Referencia: Investigación 20XX-XXXXX
A8: De nuestra consideración:
A10: Por medio del presente, el Comité de Ética de Investigación en Seres Humanos de la Universidad San Francisco de Quito USFQ (CEISH-USFQ), certifica la recepción de la investigación detallada a continuación:
A13: Título de la Investigación | D13: =""&'Datos de Investigación'!$C$17&""
A14: Código CEISH-USFQ | D14: =""&'Datos de Investigación'!$C$7:$C$7&""
A15: Fecha de recepción de documentación
A17: Documentación recibida
A19: Documentos adjuntos | F19: Idioma Versión | G19: Fecha Doc. | I19: # págs | J19: Recepción
A20: 1 | J20: Elija un elemento
A21: 2 | J21: Elija un elemento
A22: 3 | J22: Elija un elemento
A23: 4 | J23: Elija un elemento
A24: 5 | J24: Elija un elemento
A25: 6 | J25: Elija un elemento
A26: 7 | J26: Elija un elemento
A27: 8 | J27: Elija un elemento
A28: 9 | J28: Elija un elemento
A29: 10 | J29: Elija un elemento
A30: 11 | J30: Elija un elemento
A32: Usted deberá remitir en la brevedad de lo posible, un correo electrónico a ceishusfq@usfq.edu.ec aceptando el inicio del proceso de evaluación. Una vez recibida su comunicación de aceptación, el CEISH-USFQ remitirá una resolución en el transcurso de cuarenta y cinco (45) días hábiles, según las disposiciones del Acuerdo Ministerial 00005-2022. En caso de no recibir su comunicación de aceptación, el CEISH-USFQ no podrá dar inicio con el proceso de evaluación y archivará su solicitud.
A38: Cualquier pregunta y/o correspondencia por favor diríjala al correo electrónico del Comité.
A41: Con sentimientos de distinguida consideración.
B43: Atentamente,
A51: Gulnara Patricia Borja Cabrera MD. PhD. | E51: Ximena Patricia Garzón Villalba MD. PhD.
B52: Presidente CEISH-USFQ | F52: Secretaria CEISH-USFQ
B53: ceishusfq@usfq.edu.ec
B55: CC. Archivos digitales

Sheet Evaluación
H1: ='Datos de Investigación'!C5 -> 0
F2: =""&'Datos de Investigación'!$C$7&""
G3: ='Datos de Investigación'!C6 -> 45699
B4: Informe de Evaluación
A5: 1. Evaluación de Investigaciones
A7: A. DATOS IDENTIFICATIVOS
A8: Título de la Investigación | C8: =""&'Datos de Investigación'!$C$17&""
A9: Código CEISH-USFQ | C9: =""&'Datos de Investigación'!$C$7&""
A10: Tipo de Investigación
A11: Campo de investigación | C11: Elija un elemento
A12: Lugares de implementación
A13: Nacional | C13: Provincia | E13: 2 o más provincias | G13: Local/ Centro de investigación
A14: =""&Protocolo!$D$44&"" | C14: =""&Protocolo!$D$45&"" | E14: =""&Protocolo!$D$46&"" | G14: =""&Protocolo!$D$47&""
A15: Equipo de Investigación
A16: # | B16: Rol | E16: Nombre | G16: Institución
A17: 1 | B17: =""&Protocolo!$B$53&"" -> Investigador Principal | E17: =""&Protocolo!$C$53&"" -> 0 | G17: =""&Protocolo!$G$53&"" -> 0
A18: 2 | B18: =""&Protocolo!$B$54&"" | E18: =""&Protocolo!$C$54&"" | G18: =""&Protocolo!$G$54&""
A19: 3 | B19: =""&Protocolo!$B$55&"" | E19: =""&Protocolo!$C$55&"" | G19: =""&Protocolo!$G$55&""
A20: 4 | B20: =""&Protocolo!$B$56&"" | E20: =""&Protocolo!$C$56&"" | G20: =""&Protocolo!$G$56&""
A21: 5 | B21: =""&Protocolo!$B$57&"" | E21: =""&Protocolo!$C$57&"" | G21: =""&Protocolo!$G$57&""
A22: 6 | B22: =""&Protocolo!$B$58&"" | E22: =""&Protocolo!$C$58&"" | G22: =""&Protocolo!$G$58&""
A23: 7 | B23: =""&Protocolo!$B$59&"" | E23: =""&Protocolo!$C$59&"" | G23: =""&Protocolo!$G$59&""
A24: 8 | B24: =""&Protocolo!$B$60&"" | E24: =""&Protocolo!$C$60&"" | G24: =""&Protocolo!$G$60&""
A25: Tiempo de ejecución | C25: Inicio | D25: =Protocolo!G28 -> 0 | E25: Finalización | F25: =Protocolo!G29 -> 0 | G25: Duración | H25: =Protocolo!G30 -> 0
A27: Evaluadores
A29: Investigaciones de riesgo mayor al mínimo | H29: SI | I29: NO
A30: Ensayos clínicos con medicamentos, vacunas, dispositivos médicos, innovación quirúrgica, productos biológicos o productos naturales procesados de uso medicinal, sujetos a registro sanitario. | H30: =""&'Formulario de clasificación'!$F$9&"" | I30: =""&'Formulario de clasificación'!$G$9&""
A31: Estudios de farmacología de Fase I a III. | H31: =""&'Formulario de clasificación'!$F$10&"" | I31: =""&'Formulario de clasificación'!$G$10&""
A32: Investigaciones con recopilación de información privada (historias clínicas), identificativa y/o sensible. | H32: =""&'Formulario de clasificación'!$F$11&"" | I32: =""&'Formulario de clasificación'!$G$11&""
A33: Investigaciones con uso de muestras biológicas humanas identificables. | H33: =""&'Formulario de clasificación'!$F$12&"" | I33: =""&'Formulario de clasificación'!$G$12&""
A34: Investigaciones con participación de población vulnerable o en condición de vulnerabilidad. | H34: =""&'Formulario de clasificación'!$F$13&"" | I34: =""&'Formulario de clasificación'!$G$13&""
A35: Estudios experimentales con nuevos dispositivos, nuevos métodos diagnósticos invasivos, preventivos, de rehabilitación o nuevos procedimientos quirúrgicos. | H35: =""&'Formulario de clasificación'!$F$14&"" | I35: =""&'Formulario de clasificación'!$G$14&""
A36: Investigaciones con fármacos con margen de seguridad estrecho. | H36: =""&'Formulario de clasificación'!$F$15&"" | I36: =""&'Formulario de clasificación'!$G$15&""
A37: Investigaciones psicológicas que implican manipulación de la conducta. | H37: =""&'Formulario de clasificación'!$F$16&"" | I37: =""&'Formulario de clasificación'!$G$16&""
A38: Investigaciones de intervención social. | H38: =""&'Formulario de clasificación'!$F$17&"" | I38: =""&'Formulario de clasificación'!$G$17&""
A39: Investigaciones con uso de procedimientos invasivos (ej. Amniocentesis, punción lumbar, cateterismo, entre otros) por fuera de la indicación y frecuencia de la práctica estándar. | H39: =""&'Formulario de clasificación'!$F$18&"" | I39: =""&'Formulario de clasificación'!$G$18&""
A40: Investigaciones que requieren del abandono o retiro de la medicación habitual. | H40: =""&'Formulario de clasificación'!$F$19&"" | I40: =""&'Formulario de clasificación'!$G$19&""
A41: Investigaciones en situación de emergencias sanitarias. | H41: =""&'Formulario de clasificación'!$F$20&"" | I41: =""&'Formulario de clasificación'!$G$20&""
A42: Investigaciones que se realicen por primera vez en seres humanos | H42: =""&'Formulario de clasificación'!$F$21&"" | I42: =""&'Formulario de clasificación'!$G$21&""
A45: Investigaciones Riesgo mínimo | H45: SI | I45: NO
A46: Investigación con recopilación de información identificativa de seres humanos | H46: =""&'Formulario de clasificación'!$F$24&"" | I46: =""&'Formulario de clasificación'!$G$24&""
A47: Investigación con recopilación de datos de grabaciones de voz, video o de imágenes | H47: =""&'Formulario de clasificación'!$F$25&"" | I47: =""&'Formulario de clasificación'!$G$25&""
A48: Investigaciones que se realizan con datos de salud o muestras biológicas almacenados en servicios de salud de manera tal que no se pueda determinar la identidad de los titulares (revisión de historias clínicas cuyos datos de identificación fueron anonimizados, análisis de muestras biológicas humanas anónimas o anonimizadas). Siempre y cuando el establecimiento o institución pública o privada cuente con un proceso estandarizado de anonimización o seudonimización, conforme lo determina la Ley Orgánica de Protección de Datos Personales. | H48: =""&'Formulario de clasificación'!$F$26&"" | I48: =""&'Formulario de clasificación'!$G$26&""
A53: Investigación con uso de muestras biológicas humanas anonimizadas, almacenadas en colecciones o biobancos, que cuenten con un consentimiento informado amplio para almacenamiento y uso de futuras investigaciones. | H53: =""&'Formulario de clasificación'!$F$27&"" | I53: =""&'Formulario de clasificación'!$G$27&""
A54: Investigación con análisis de medicamentos de amplio margen terapéutico, registrados por la ARCSA. Siempre que se respeten las indicaciones, dosis y vías de administración establecidas por las agencias reguladoras de medicamentos internacionales. Incluyen ensayos clínicos fase IV. | H54: =""&'Formulario de clasificación'!$F$28&"" | I54: =""&'Formulario de clasificación'!$G$28&""
A55: Investigación con mediciones o procedimientos aprobados en la práctica habitual (ej. Clínicos, educativos, físicos nutricionales, odontológicos o psicológicos). | H55: =""&'Formulario de clasificación'!$F$29&"" | I55: =""&'Formulario de clasificación'!$G$29&""
A56: Investigación que incluye interrogar, observar y/o medir cara a cara a los sujetos de investigación, en un área o materia que no sea sensible, siempre que la información se recopile de manera anónima. | H56: =""&'Formulario de clasificación'!$F$30&"" | I56: =""&'Formulario de clasificación'!$G$30&""
A57: Investigación con intervenciones probadas y eficaces. | H57: =""&'Formulario de clasificación'!$F$31&"" | I57: =""&'Formulario de clasificación'!$G$31&""
A58: Investigación de intervención educativa en adultos con recopilación de información identificativa. | H58: =""&'Formulario de clasificación'!$F$32&"" | I58: =""&'Formulario de clasificación'!$G$32&""
A60: Tipo de Investigación sin Riesgo | H60: SI | I60: NO
A61: Investigación que no se realizan sobre seres humanos, sus datos o sus muestras biológicas | H61: =""&'Formulario de clasificación'!$F$35&"" | I61: =""&'Formulario de clasificación'!$G$35&""
A62: Investigación con recopilación y análisis de datos abiertos o públicos. | H62: =""&'Formulario de clasificación'!$F$36&"" | I62: =""&'Formulario de clasificación'!$G$36&""
A63: Investigación con análisis secundario de datos consolidados o bases de datos anonimizadas, obtenidos de registros existentes que reposan en instituciones o establecimientos públicos o privados que cuentan con procesos estandarizados de anonimización o seudonimización de la información. | H63: =""&'Formulario de clasificación'!$F$37&"" | I63: =""&'Formulario de clasificación'!$G$37&""
A64: Revisiones de políticas públicas y/o reglamentación. | H64: =""&'Formulario de clasificación'!$F$38&"" | I64: =""&'Formulario de clasificación'!$G$38&""
A65: Investigación con análisis de información obtenida de fuentes secundarias de literatura científica. | H65: =""&'Formulario de clasificación'!$F$39&"" | I65: =""&'Formulario de clasificación'!$G$39&""
A66: Investigación que evalúa anónimamente el sabor y/o calidad de alimentos, o estudios de aceptación del consumidor. | H66: =""&'Formulario de clasificación'!$F$40&"" | I66: =""&'Formulario de clasificación'!$G$40&""
A67: Investigación que evalúa anónimamente programas públicos o prácticas educativas. | H67: =""&'Formulario de clasificación'!$F$41&"" | I67: =""&'Formulario de clasificación'!$G$41&""
A68: Investigación con recopilación de información de forma anónima, en las que no se registre información sensible o participe población vulnerable o en condición de vulnerabilidad. | H68: =""&'Formulario de clasificación'!$F$42&"" | I68: =""&'Formulario de clasificación'!$G$42&""
A70: B. DOCUMENTACIÓN DE LA INVESTIGACIÓN | F70: Idioma Versión | G70: Fecha Doc. | H70: # Págs. | I70: Revisión
A71: 1 | B71: Protocolo de investigación | F71: Ej. E01 | G71: 44824 | H71: 50 | I71: Elija un elemento.
A72: 2 | B72: Formulario(s) de consentimiento informado. | I72: Elija un elemento.
A73: 3 | B73: Consentimiento informado colectivo o Comunitario en castellano y traducido al idioma ancestral (si aplica) | I73: Elija un elemento.
A74: 4 | B74: Instrumentos de la investigación (entrevistas, encuestas, instrucciones escritas, manuales, guías, entre otros). | I74: Elija un elemento.
A75: 5 | B75: Hoja de vida del investigador principal y equipo de investigación. | I75: Elija un elemento.
A76: 6 | B76: Declaración de compromiso de confidencialidad, suscrita por todos los investigadores. | I76: Elija un elemento.
A77: 7 | B77: Declaración de conflictos de interés, suscrita por todos los investigadores. | I77: Elija un elemento.
A78: 8 | B78: Declaración de responsabilidad del investigador principal | I78: Elija un elemento.
A79: 9 | B79: Carta de interés institucional, suscrita por la máxima autoridad del o de los establecimientos de salud o instituciones en las que se ejecutará la investigación (si aplica) | I79: Elija un elemento.
A81: C. ASPECTOS METODOLÓGICOS | G81: Evaluación
A82: C1. El título describe claramente el propósito del estudio, el lugar, el período de ejecución y la población.
G83: Elija un elemento.
A84: C2. El período de duración está justificado. Para las fechas de inicio de ejecución se tomaron en consideración los tiempos de aprobación del CEISH.
G85: Elija un elemento.
A86: C3. Incluye un cronograma de trabajo factible. Justifica el periodo de duración de la investigación
G87: Elija un elemento.
A88: C4. Los objetivos son claros y precisos, de acuerdo con el problema de investigación: son susceptibles de alcanzar, son susceptibles de medición, siguen un orden metodológico.
G89: Elija un elemento.
A90: C5. Describe el diseño de la investigación
G91: Elija un elemento.
A92: C6. Detalla el Universo de la investigación
G93: Elija un elemento.
A94: C7. Detalla el método de estimación del tamaño muestral (Caso aplique)
G95: Elija un elemento.
A96: C8. Describe los criterios de inclusión y exclusión. ¿son adecuados?
G97: Elija un elemento.
A98: C9. Describe las variables a analizar durante la investigación (Caso aplique)
G99: Elija un elemento.
A100: C10. Describe todos los procedimientos a llevarse a cabo durante la investigación.
G101: Elija un elemento.
A102: C11. Describe el proceso de obtención del consentimiento informado: ¿Quién informará al participante? ¿cómo se dará la información? ¿en qué lugar se obtendrá? ¿cómo se asegurará que el participante entienda la investigación y la forma de consentir?
G103: Elija un elemento.
A104: C12. Muestras biológicas Humanas. Especifica propósito de obtención de la muestra., tipo de muestra, cantidad y número de tomas. Detalla los procedimientos a los que se someterá las muestras biológicas. Detalla las condiciones de transporte, almacenamiento y disposición final de la muestra.
G105: Elija un elemento.
A106: C13. Detalla los métodos de análisis de datos (análisis estadísticos), así como las herramientas informáticas que se emplearán.
G107: Elija un elemento.
A108: C14. Describe los recursos materiales e instrumentos (hojas de recolección de datos, encuestas, entrevistas, instrucciones escritas, manuales, guías, entre otros), que se emplearán durante la investigación. ¿Son adecuados?
G109: Elija un elemento.
A110: C15. Se evidencia la idoneidad del centro/institución en el que se ejecutará la investigación.
G111: Elija un elemento.
A112: C16. Otras observaciones
...

Sheet Conflicto Interés Evaluadores
A1: Declaración de conflictos de interés, Miembros CEISH-USFQ | K1: Declaración de conflictos de interés, Miembros CEISH-USFQ | U1: Declaración de conflictos de interés, Miembros CEISH-USFQ | AE1: Declaración de conflictos de interés, Miembros CEISH-USFQ | AO1: Declaración de conflictos de interés, Miembros CEISH-USFQ | AY1: Declaración de conflictos de interés, Miembros CEISH-USFQ | BI1: Declaración de conflictos de interés, Miembros CEISH-USFQ | BS1: Declaración de conflictos de interés, Miembros CEISH-USFQ
A3: Título de la Investigación | D3: =""&'Datos de Investigación'!$C$17&"" | K3: Título de la Investigación | N3: =""&'Datos de Investigación'!$C$17&"" | U3: Título de la Investigación | X3: =""&'Datos de Investigación'!$C$17&"" | AE3: Título de la Investigación | AH3: =""&'Datos de Investigación'!$C$17&"" | AO3: Título de la Investigación | AR3: =""&'Datos de Investigación'!$C$17&"" | AY3: Título de la Investigación | BB3: =""&'Datos de Investigación'!$C$17&"" | BI3: Título de la Investigación | BL3: =""&'Datos de Investigación'!$C$17&"" | BS3: Título de la Investigación | BV3: =""&'Datos de Investigación'!$C$17&""
A4: Código CEISH-USFQ | D4: =""&'Datos de Investigación'!$C$7&"" | K4: Código CEISH-USFQ | N4: =""&'Datos de Investigación'!$C$7&"" | U4: Código CEISH-USFQ | X4: =""&'Datos de Investigación'!$C$7&"" | AE4: Código CEISH-USFQ | AH4: =""&'Datos de Investigación'!$C$7&"" | AO4: Código CEISH-USFQ | AR4: =""&'Datos de Investigación'!$C$7&"" | AY4: Código CEISH-USFQ | BB4: =""&'Datos de Investigación'!$C$7&"" | BI4: Código CEISH-USFQ | BL4: =""&'Datos de Investigación'!$C$7&"" | BS4: Código CEISH-USFQ | BV4: =""&'Datos de Investigación'!$C$7&""
A5: Tipo de Investigación | K5: Tipo de Investigación | U5: Tipo de Investigación | AE5: Tipo de Investigación | AO5: Tipo de Investigación | AY5: Tipo de Investigación | BI5: Tipo de Investigación | BS5: Tipo de Investigación
A6: Campo de Investigación | D6: Elija un elemento | K6: Campo de Investigación | N6: Elija un elemento | U6: Campo de Investigación | X6: Elija un elemento | AE6: Campo de Investigación | AH6: Elija un elemento | AO6: Campo de Investigación | AR6: Elija un elemento | AY6: Campo de Investigación | BB6: Elija un elemento | BI6: Campo de Investigación | BL6: Elija un elemento | BS6: Campo de Investigación | BV6: Elija un elemento
A8: Lugares de implementación: | K8: Lugares de implementación: | U8: Lugares de implementación: | AE8: Lugares de implementación: | AO8: Lugares de implementación: | AY8: Lugares de implementación: | BI8: Lugares de implementación: | BS8: Lugares de implementación:
A9: Nacional | C9: Provincia | E9: 2 o más provincias | G9: Local/ Centro de investigación | K9: Nacional | M9: Provincia | O9: 2 o más provincias | Q9: Local/ Centro de investigación | U9: Nacional | W9: Provincia | Y9: 2 o más provincias | AA9: Local/ Centro de investigación | AE9: Nacional | AG9: Provincia | AI9: 2 o más provincias | AK9: Local/ Centro de investigación | AO9: Nacional | AQ9: Provincia | AS9: 2 o más provincias | AU9: Local/ Centro de investigación | AY9: Nacional | BA9: Provincia | BC9: 2 o más provincias | BE9: Local/ Centro de investigación | BI9: Nacional | BK9: Provincia | BM9: 2 o más provincias | BO9: Local/ Centro de investigación | BS9: Nacional | BU9: Provincia | BW9: 2 o más provincias | BY9: Local/ Centro de investigación
A10: =""&Protocolo!$D$44&"" | C10: =""&Protocolo!$D$45&"" | E10: =""&Protocolo!$D$46&"" | G10: =""&Protocolo!$D$47&"" | K10: =""&Protocolo!$D$44&"" | M10: =""&Protocolo!$D$45&"" | O10: =""&Protocolo!$D$46&"" | Q10: =""&Protocolo!$D$47&"" | U10: =""&Protocolo!$D$44&"" | W10: =""&Protocolo!$D$45&"" | Y10: =""&Protocolo!$D$46&"" | AA10: =""&Protocolo!$D$47&"" | AE10: =""&Protocolo!$D$44&"" | AG10: =""&Protocolo!$D$45&"" | AI10: =""&Protocolo!$D$46&"" | AK10: =""&Protocolo!$D$47&"" | AO10: =""&Protocolo!$D$44&"" | AQ10: =""&Protocolo!$D$45&"" | AS10: =""&Protocolo!$D$46&"" | AU10: =""&Protocolo!$D$47&"" | AY10: =""&Protocolo!$D$44&"" | BA10: =""&Protocolo!$D$45&"" | BC10: =""&Protocolo!$D$46&"" | BE10: =""&Protocolo!$D$47&"" | BI10: =""&Protocolo!$D$44&"" | BK10: =""&Protocolo!$D$45&"" | BM10: =""&Protocolo!$D$46&"" | BO10: =""&Protocolo!$D$47&"" | BS10: =""&Protocolo!$D$44&"" | BU10: =""&Protocolo!$D$45&"" | BW10: =""&Protocolo!$D$46&"" | BY10: =""&Protocolo!$D$47&""
A11: Equipo de Investigación: | K11: Equipo de Investigación: | U11: Equipo de Investigación: | AE11: Equipo de Investigación: | AO11: Equipo de Investigación: | AY11: Equipo de Investigación: | BI11: Equipo de Investigación: | BS11: Equipo de Investigación:
A12: # | B12: Rol | D12: Nombre Completo | H12: Institución a la que pertenece | K12: # | L12: Rol | N12: Nombre Completo | R12: Institución a la que pertenece | U12: # | V12: Rol | X12: Nombre Completo | AB12: Institución a la que pertenece | AE12: # | AF12: Rol | AH12: Nombre Completo | AL12: Institución a la que pertenece | AO12: # | AP12: Rol | AR12: Nombre Completo | AV12: Institución a la que pertenece | AY12: # | AZ12: Rol | BB12: Nombre Completo | BF12: Institución a la que pertenece | BI12: # | BJ12: Rol | BL12: Nombre Completo | BP12: Institución a la que pertenece | BS12: # | BT12: Rol | BV12: Nombre Completo | BZ12: Institución a la que pertenece
A13: 1 | B13: =""&Protocolo!$B$53&"" -> Investigador Principal | D13: =""&Protocolo!$C$53&"" -> 0 | H13: =""&Protocolo!$G$53&"" -> 0 | K13: 1 | L13: =""&Protocolo!$B$53&"" -> Investigador Principal | N13: =""&Protocolo!$C$53&"" -> 0 | R13: =""&Protocolo!$G$53&"" -> 0 | U13: 1 | V13: =""&Protocolo!$B$53&"" -> Investigador Principal | X13: =""&Protocolo!$C$53&"" -> 0 | AB13: =""&Protocolo!$G$53&"" -> 0 | AE13: 1 | AF13: =""&Protocolo!$B$53&"" -> Investigador Principal | AH13: =""&Protocolo!$C$53&"" -> 0 | AL13: =""&Protocolo!$G$53&"" -> 0 | AO13: 1 | AP13: =""&Protocolo!$B$53&"" -> Investigador Principal | AR13: =""&Protocolo!$C$53&"" -> 0 | AV13: =""&Protocolo!$G$53&"" -> 0 | AY13: 1 | AZ13: =""&Protocolo!$B$53&"" -> Investigador Principal | BB13: =""&Protocolo!$C$53&"" -> 0 | BF13: =""&Protocolo!$G$53&"" -> 0 | BI13: 1 | BJ13: =""&Protocolo!$B$53&"" -> Investigador Principal | BL13: =""&Protocolo!$C$53&"" -> 0 | BP13: =""&Protocolo!$G$53&"" -> 0 | BS13: 1 | BT13: =""&Protocolo!$B$53&"" -> Investigador Principal | BV13: =""&Protocolo!$C$53&"" -> 0 | BZ13: =""&Protocolo!$G$53&"" -> 0
A14: 2 | B14: =""&Protocolo!$B$54&"" | D14: =""&Protocolo!$C$54&"" | H14: =""&Protocolo!$G$54&"" | K14: 2 | L14: =""&Protocolo!$B$54&"" | N14: =""&Protocolo!$C$54&"" | R14: =""&Protocolo!$G$54&"" | U14: 2 | V14: =""&Protocolo!$B$54&"" | X14: =""&Protocolo!$C$54&"" | AB14: =""&Protocolo!$G$54&"" | AE14: 2 | AF14: =""&Protocolo!$B$54&"" | AH14: =""&Protocolo!$C$54&"" | AL14: =""&Protocolo!$G$54&"" | AO14: 2 | AP14: =""&Protocolo!$B$54&"" | AR14: =""&Protocolo!$C$54&"" | AV14: =""&Protocolo!$G$54&"" | AY14: 2 | AZ14: =""&Protocolo!$B$54&"" | BB14: =""&Protocolo!$C$54&"" | BF14: =""&Protocolo!$G$54&"" | BI14: 2 | BJ14: =""&Protocolo!$B$54&"" | BL14: =""&Protocolo!$C$54&"" | BP14: =""&Protocolo!$G$54&"" | BS14: 2 | BT14: =""&Protocolo!$B$54&"" | BV14: =""&Protocolo!$C$54&"" | BZ14: =""&Protocolo!$G$54&""
A15: 3 | B15: =""&Protocolo!$B$55&"" | D15: =""&Protocolo!$C$55&"" | H15: =""&Protocolo!$G$55&"" | K15: 3 | L15: =""&Protocolo!$B$55&"" | N15: =""&Protocolo!$C$55&"" | R15: =""&Protocolo!$G$55&"" | U15: 3 | V15: =""&Protocolo!$B$55&"" | X15: =""&Protocolo!$C$55&"" | AB15: =""&Protocolo!$G$55&"" | AE15: 3 | AF15: =""&Protocolo!$B$55&"" | AH15: =""&Protocolo!$C$55&"" | AL15: =""&Protocolo!$G$55&"" | AO15: 3 | AP15: =""&Protocolo!$B$55&"" | AR15: =""&Protocolo!$C$55&"" | AV15: =""&Protocolo!$G$55&"" | AY15: 3 | AZ15: =""&Protocolo!$B$55&"" | BB15: =""&Protocolo!$C$55&"" | BF15: =""&Protocolo!$G$55&"" | BI15: 3 | BJ15: =""&Protocolo!$B$55&"" | BL15: =""&Protocolo!$C$55&"" | BP15: =""&Protocolo!$G$55&"" | BS15: 3 | BT15: =""&Protocolo!$B$55&"" | BV15: =""&Protocolo!$C$55&"" | BZ15: =""&Protocolo!$G$55&""
A16: 4 | B16: =""&Protocolo!$B$56&"" | D16: =""&Protocolo!$C$56&"" | H16: =""&Protocolo!$G$56&"" | K16: 4 | L16: =""&Protocolo!$B$56&"" | N16: =""&Protocolo!$C$56&"" | R16: =""&Protocolo!$G$56&"" | U16: 4 | V16: =""&Protocolo!$B$56&"" | X16: =""&Protocolo!$C$56&"" | AB16: =""&Protocolo!$G$56&"" | AE16: 4 | AF16: =""&Protocolo!$B$56&"" | AH16: =""&Protocolo!$C$56&"" | AL16: =""&Protocolo!$G$56&"" | AO16: 4 | AP16: =""&Protocolo!$B$56&"" | AR16: =""&Protocolo!$C$56&"" | AV16: =""&Protocolo!$G$56&"" | AY16: 4 | AZ16: =""&Protocolo!$B$56&"" | BB16: =""&Protocolo!$C$56&"" | BF16: =""&Protocolo!$G$56&"" | BI16: 4 | BJ16: =""&Protocolo!$B$56&"" | BL16: =""&Protocolo!$C$56&"" | BP16: =""&Protocolo!$G$56&"" | BS16: 4 | BT16: =""&Protocolo!$B$56&"" | BV16: =""&Protocolo!$C$56&"" | BZ16: =""&Protocolo!$G$56&""
A17: 5 | B17: =""&Protocolo!$B$57&"" | D17: =""&Protocolo!$C$57&"" | H17: =""&Protocolo!$G$57&"" | K17: 5 | L17: =""&Protocolo!$B$57&"" | N17: =""&Protocolo!$C$57&"" | R17: =""&Protocolo!$G$57&"" | U17: 5 | V17: =""&Protocolo!$B$57&"" | X17: =""&Protocolo!$C$57&"" | AB17: =""&Protocolo!$G$57&"" | AE17: 5 | AF17: =""&Protocolo!$B$57&"" | AH17: =""&Protocolo!$C$57&"" | AL17: =""&Protocolo!$G$57&"" | AO17: 5 | AP17: =""&Protocolo!$B$57&"" | AR17: =""&Protocolo!$C$57&"" | AV17: =""&Protocolo!$G$57&"" | AY17: 5 | AZ17: =""&Protocolo!$B$57&"" | BB17: =""&Protocolo!$C$57&"" | BF17: =""&Protocolo!$G$57&"" | BI17: 5 | BJ17: =""&Protocolo!$B$57&"" | BL17: =""&Protocolo!$C$57&"" | BP17: =""&Protocolo!$G$57&"" | BS17: 5 | BT17: =""&Protocolo!$B$57&"" | BV17: =""&Protocolo!$C$57&"" | BZ17: =""&Protocolo!$G$57&""
A19: Financiamiento | D19: =""&Protocolo!$E$33&"" | K19: Financiamiento | N19: =""&Protocolo!$E$33&"" | U19: Financiamiento | X19: =""&Protocolo!$E$33&"" | AE19: Financiamiento | AH19: =""&Protocolo!$E$33&"" | AO19: Financiamiento | AR19: =""&Protocolo!$E$33&"" | AY19: Financiamiento | BB19: =""&Protocolo!$E$33&"" | BI19: Financiamiento | BL19: =""&Protocolo!$E$33&"" | BS19: Financiamiento | BV19: =""&Protocolo!$E$33&""
A20: Número informe evaluación | K20: Número informe evaluación | U20: Número informe evaluación | AE20: Número informe evaluación | AO20: Número informe evaluación | AY20: Número informe evaluación | BI20: Número informe evaluación | BS20: Número informe evaluación
A21: Evaluadores | D21: Ximena Patricia Garzón Villalba | K21: Evaluadores | N21: Gulnara | U21: Evaluadores | X21: Jenny | AE21: Evaluadores | AH21: Eve | AO21: Evaluadores | AR21: David | AY21: Evaluadores | BB21: David | BI21: Evaluadores | BL21: David | BS21: Evaluadores | BV21: David
A23: Tabla de indicadores de posibles conflictos de interés | I23: Declaración | K23: Tabla de indicadores de posibles conflictos de interés | S23: Declaración | U23: Tabla de indicadores de posibles conflictos de interés | AC23: Declaración | AE23: Tabla de indicadores de posibles conflictos de interés | AM23: Declaración | AO23: Tabla de indicadores de posibles conflictos de interés | AW23: Declaración | AY23: Tabla de indicadores de posibles conflictos de interés | BG23: Declaración | BI23: Tabla de indicadores de posibles conflictos de interés | BQ23: Declaración | BS23: Tabla de indicadores de posibles conflictos de interés | CA23: Declaración
A24: 1 | B24: Pertenezco al equipo de investigación o estoy relacionado con la investigación. | I24: Elija una opción | K24: 1 | L24: Pertenezco al equipo de investigación o estoy relacionado con la investigación. | S24: Elija una opción | U24: 1 | V24: Pertenezco al equipo de investigación o estoy relacionado con la investigación. | AC24: Elija una opción | AE24: 1 | AF24: Pertenezco al equipo de investigación o estoy relacionado con la investigación. | AM24: Elija una opción | AO24: 1 | AP24: Pertenezco al equipo de investigación o estoy relacionado con la investigación. | AW24: Elija una opción | AY24: 1 | AZ24: Pertenezco al equipo de investigación o estoy relacionado con la investigación. | BG24: Elija una opción | BI24: 1 | BJ24: Pertenezco al equipo de investigación o estoy relacionado con la investigación. | BQ24: Elija una opción | BS24: 1 | BT24: Pertenezco al equipo de investigación o estoy relacionado con la investigación. | CA24: Elija una opción
A25: 2 | B25: Estoy relacionado con el diseño, realización y/o ejecución de la investigación. | I25: Elija una opción | K25: 2 | L25: Estoy relacionado con el diseño, realización y/o ejecución de la investigación. | S25: Elija una opción | U25: 2 | V25: Estoy relacionado con el diseño, realización y/o ejecución de la investigación. | AC25: Elija una opción | AE25: 2 | AF25: Estoy relacionado con el diseño, realización y/o ejecución de la investigación. | AM25: Elija una opción | AO25: 2 | AP25: Estoy relacionado con el diseño, realización y/o ejecución de la investigación. | AW25: Elija una opción | AY25: 2 | AZ25: Estoy relacionado con el diseño, realización y/o ejecución de la investigación. | BG25: Elija una opción | BI25: 2 | BJ25: Estoy relacionado con el diseño, realización y/o ejecución de la investigación. | BQ25: Elija una opción | BS25: 2 | BT25: Estoy relacionado con el diseño, realización y/o ejecución de la investigación. | CA25: Elija una opción
A26: 3 | B26: Mantengo una relación personal o familiar con el patrocinador, investigador principal o miembros del equipo de investigación. | I26: Elija una opción | K26: 3 | L26: Mantengo una relación personal o familiar con el patrocinador, investigador principal o miembros del equipo de investigación. | S26: Elija una opción | U26: 3 | V26: Mantengo una relación personal o familiar con el patrocinador, investigador principal o miembros del equipo de investigación. | AC26: Elija una opción | AE26: 3 | AF26: Mantengo una relación personal o familiar con el patrocinador, investigador principal o miembros del equipo de investigación. | AM26: Elija una opción | AO26: 3 | AP26: Mantengo una relación personal o familiar con el patrocinador, investigador principal o miembros del equipo de investigación. | AW26: Elija una opción | AY26: 3 | AZ26: Mantengo una relación personal o familiar con el patrocinador, investigador principal o miembros del equipo de investigación. | BG26: Elija una opción | BI26: 3 | BJ26: Mantengo una relación personal o familiar con el patrocinador, investigador principal o miembros del equipo de investigación. | BQ26: Elija una opción | BS26: 3 | BT26: Mantengo una relación personal o familiar con el patrocinador, investigador principal o miembros del equipo de investigación. | CA26: Elija una opción
A27: 4 | B27: Actúo como director, consejero, asesor científico u otro cargo de toma de decisiones en la entidad que patrocina la investigación. | I27: Elija una opción | K27: 4 | L27: Actúo como director, consejero, asesor científico u otro cargo de toma de decisiones en la entidad que patrocina la investigación. | S27: Elija una opción | U27: 4 | V27: Actúo como director, consejero, asesor científico u otro cargo de toma de decisiones en la entidad que patrocina la investigación. | AC27: Elija una opción | AE27: 4 | AF27: Actúo como director, consejero, asesor científico u otro cargo de toma de decisiones en la entidad que patrocina la investigación. | AM27: Elija una opción | AO27: 4 | AP27: Actúo como director, consejero, asesor científico u otro cargo de toma de decisiones en la entidad que patrocina la investigación. | AW27: Elija una opción | AY27: 4 | AZ27: Actúo como director, consejero, asesor científico u otro cargo de toma de decisiones en la entidad que patrocina la investigación. | BG27: Elija una opción | BI27: 4 | BJ27: Actúo como director, consejero, asesor científico u otro cargo de toma de decisiones en la entidad que patrocina la investigación. | BQ27: Elija una opción | BS27: 4 | BT27: Actúo como director, consejero, asesor científico u otro cargo de toma de decisiones en la entidad que patrocina la investigación. | CA27: Elija una opción
A28: 5 | B28: Tengo poder administrativo directo sobre los investigadores, equipo de investigación y/o investigación. | I28: Elija una opción | K28: 5 | L28: Tengo poder administrativo directo sobre los investigadores, equipo de investigación y/o investigación. | S28: Elija una opción | U28: 5 | V28: Tengo poder administrativo directo sobre los investigadores, equipo de investigación y/o investigación. | AC28: Elija una opción | AE28: 5 | AF28: Tengo poder administrativo directo sobre los investigadores, equipo de investigación y/o investigación. | AM28: Elija una opción | AO28: 5 | AP28: Tengo poder administrativo directo sobre los investigadores, equipo de investigación y/o investigación. | AW28: Elija una opción | AY28: 5 | AZ28: Tengo poder administrativo directo sobre los investigadores, equipo de investigación y/o investigación. | BG28: Elija una opción | BI28: 5 | BJ28: Tengo poder administrativo directo sobre los investigadores, equipo de investigación y/o investigación. | BQ28: Elija una opción | BS28: 5 | BT28: Tengo poder administrativo directo sobre los investigadores, equipo de investigación y/o investigación. | CA28: Elija una opción
A29: 6 | B29: Tengo interés financiero en la investigación. | I29: Elija una opción | K29: 6 | L29: Tengo interés financiero en la investigación. | S29: Elija una opción | U29: 6 | V29: Tengo interés financiero en la investigación. | AC29: Elija una opción | AE29: 6 | AF29: Tengo interés financiero en la investigación. | AM29: Elija una opción | AO29: 6 | AP29: Tengo interés financiero en la investigación. | AW29: Elija una opción | AY29: 6 | AZ29: Tengo interés financiero en la investigación. | BG29: Elija una opción | BI29: 6 | BJ29: Tengo interés financiero en la investigación. | BQ29: Elija una opción | BS29: 6 | BT29: Tengo interés financiero en la investigación. | CA29: Elija una opción
A30: 7 | B30: He percibido compensaciones por parte del patrocinador o investigador durante el último año, en la actualidad o los recibiré a futuro. | I30: Elija una opción | K30: 7 | L30: He percibido compensaciones por parte del patrocinador o investigador durante el último año, en la actualidad o los recibiré a futuro. | S30: Elija una opción | U30: 7 | V30: He percibido compensaciones por parte del patrocinador o investigador durante el último año, en la actualidad o los recibiré a futuro. | AC30: Elija una opción | AE30: 7 | AF30: He percibido compensaciones por parte del patrocinador o investigador durante el último año, en la actualidad o los recibiré a futuro. | AM30: Elija una opción | AO30: 7 | AP30: He percibido compensaciones por parte del patrocinador o investigador durante el último año, en la actualidad o los recibiré a futuro. | AW30: Elija una opción | AY30: 7 | AZ30: He percibido compensaciones por parte del patrocinador o investigador durante el último año, en la actualidad o los recibiré a futuro. | BG30: Elija una opción | BI30: 7 | BJ30: He percibido compensaciones por parte del patrocinador o investigador durante el último año, en la actualidad o los recibiré a futuro. | BQ30: Elija una opción | BS30: 7 | BT30: He percibido compensaciones por parte del patrocinador o investigador durante el último año, en la actualidad o los recibiré a futuro. | CA30: Elija una opción
A31: 8 | B31: Tengo interés de propiedad en la investigación, incluyendo, pero no limitado a patente, marca registrada, derechos de autor o acuerdo de licencia. | I31: Elija una opción | K31: 8 | L31: Tengo interés de propiedad en la investigación, incluyendo, pero no limitado a patente, marca registrada, derechos de autor o acuerdo de licencia. | S31: Elija una opción | U31: 8 | V31: Tengo interés de propiedad en la investigación, incluyendo, pero no limitado a patente, marca registrada, derechos de autor o acuerdo de licencia. | AC31: Elija una opción | AE31: 8 | AF31: Tengo interés de propiedad en la investigación, incluyendo, pero no limitado a patente, marca registrada, derechos de autor o acuerdo de licencia. | AM31: Elija una opción | AO31: 8 | AP31: Tengo interés de propiedad en la investigación, incluyendo, pero no limitado a patente, marca registrada, derechos de autor o acuerdo de licencia. | AW31: Elija una opción | AY31: 8 | AZ31: Tengo interés de propiedad en la investigación, incluyendo, pero no limitado a patente, marca registrada, derechos de autor o acuerdo de licencia. | BG31: Elija una opción | BI31: 8 | BJ31: Tengo interés de propiedad en la investigación, incluyendo, pero no limitado a patente, marca registrada, derechos de autor o acuerdo de licencia. | BQ31: Elija una opción | BS31: 8 | BT31: Tengo interés de propiedad en la investigación, incluyendo, pero no limitado a patente, marca registrada, derechos de autor o acuerdo de licencia. | CA31: Elija una opción
A32: 9 | B32: Otra circunstancia que pueda influir en mi juicio por una intención o fin diferente al que estoy obligado a perseguir. | I32: Elija una opción | K32: 9 | L32: Otra circunstancia que pueda influir en mi juicio por una intención o fin diferente al que estoy obligado a perseguir. | S32: Elija una opción | U32: 9 | V32: Otra circunstancia que pueda influir en mi juicio por una intención o fin diferente al que estoy obligado a perseguir. | AC32: Elija una opción | AE32: 9 | AF32: Otra circunstancia que pueda influir en mi juicio por una intención o fin diferente al que estoy obligado a perseguir. | AM32: Elija una opción | AO32: 9 | AP32: Otra circunstancia que pueda influir en mi juicio por una intención o fin diferente al que estoy obligado a perseguir. | AW32: Elija una opción | AY32: 9 | AZ32: Otra circunstancia que pueda influir en mi juicio por una intención o fin diferente al que estoy obligado a perseguir. | BG32: Elija una opción | BI32: 9 | BJ32: Otra circunstancia que pueda influir en mi juicio por una intención o fin diferente al que estoy obligado a perseguir. | BQ32: Elija una opción | BS32: 9 | BT32: Otra circunstancia que pueda influir en mi juicio por una intención o fin diferente al que estoy obligado a perseguir. | CA32: Elija una opción
A34: Si todas las respuestas fueron “No”, deberá cumplimentar la siguiente declaración: | K34: Si todas las respuestas fueron “No”, deberá cumplimentar la siguiente declaración: | U34: Si todas las respuestas fueron “No”, deberá cumplimentar la siguiente declaración: | AE34: Si todas las respuestas fueron “No”, deberá cumplimentar la siguiente declaración: | AO34: Si todas las respuestas fueron “No”, deberá cumplimentar la siguiente declaración: | AY34: Si todas las respuestas fueron “No”, deberá cumplimentar la siguiente declaración: | BI34: Si todas las respuestas fueron “No”, deberá cumplimentar la siguiente declaración: | BS34: Si todas las respuestas fueron “No”, deberá cumplimentar la siguiente declaración:
A36: ="Yo, "&$D$21&" en calidad de miembro del Comité de Ética de Investigación en Seres Humanos de la Universidad San Francisco de Quito USFQ (CEISH-USFQ), declaro no tener conflictos de interés para actuar como evaluador de la investigación "&'Datos de Investigación'!$C$17&"" -> Yo, Ximena Patricia Garzón Villalba en calidad de miembro del Comité de Ética de Investigación en Seres Humanos de la Universidad San Francisco de Quito USFQ (CEISH-USFQ), declaro no tener conflictos de interés para actuar como evaluador de la investigación | K36: ="Yo, "&$N$21&" en calidad de miembro del Comité de Ética de Investigación en Seres Humanos de la Universidad San Francisco de Quito USFQ (CEISH-USFQ), declaro no tener conflictos de interés para actuar como evaluador de la investigación "&'Datos de Investigación'!$C$17&"" -> Yo, Gulnara en calidad de miembro del Comité de Ética de Investigación en Seres Humanos de la Universidad San Francisco de Quito USFQ (CEISH-USFQ), declaro no tener conflictos de interés para actuar como evaluador de la investigación | U36: ="Yo, "&$X$21&" en calidad de miembro del Comité de Ética de Investigación en Seres Humanos de la Universidad San Francisco de Quito USFQ (CEISH-USFQ), declaro no tener conflictos de interés para actuar como evaluador de la investigación "&'Datos de Investigación'!$C$17&"" -> Yo, Jenny en calidad de miembro del Comité de Ética de Investigación en Seres Humanos de la Universidad San Francisco de Quito USFQ (CEISH-USFQ), declaro no tener conflictos de interés para actuar como evaluador de la investigación | AE36: ="Yo, "&$AH$21&" en calidad de miembro del Comité de Ética de Investigación en Seres Humanos de la Universidad San Francisco de Quito USFQ (CEISH-USFQ), declaro no tener conflictos de interés para actuar como evaluador de la investigación "&'Datos de Investigación'!$C$17&"" -> Yo, Eve en calidad de miembro del Comité de Ética de Investigación en Seres Humanos de la Universidad San Francisco de Quito USFQ (CEISH-USFQ), declaro no tener conflictos de interés para actuar como evaluador de la investigación | AO36: ="Yo, "&$AR$21&" en calidad de miembro del Comité de Ética de Investigación en Seres Humanos de la Universidad San Francisco de Quito USFQ (CEISH-USFQ), declaro no tener conflictos de interés para actuar como evaluador de la investigación "&'Datos de Investigación'!$C$17&"" -> Yo, David en calidad de miembro del Comité de Ética de Investigación en Seres Humanos de la Universidad San Francisco de Quito USFQ (CEISH-USFQ), declaro no tener conflictos de interés para actuar como evaluador de la investigación | AY36: ="Yo, "&$BB$21&" en calidad de miembro del Comité de Ética de Investigación en Seres Humanos de la Universidad San Francisco de Quito USFQ (CEISH-USFQ), declaro no tener conflictos de interés para actuar como evaluador de la investigación "&'Datos de Investigación'!$C$17&"" -> Yo, David en calidad de miembro del Comité de Ética de Investigación en Seres Humanos de la Universidad San Francisco de Quito USFQ (CEISH-USFQ), declaro no tener conflictos de interés para actuar como evaluador de la investigación | BI36: ="Yo, "&$BL$21&" en calidad de miembro del Comité de Ética de Investigación en Seres Humanos de la Universidad San Francisco de Quito USFQ (CEISH-USFQ), declaro no tener conflictos de interés para actuar como evaluador de la investigación "&'Datos de Investigación'!$C$17&"" -> Yo, David en calidad de miembro del Comité de Ética de Investigación en Seres Humanos de la Universidad San Francisco de Quito USFQ (CEISH-USFQ), declaro no tener conflictos de interés para actuar como evaluador de la investigación | BS36: ="Yo, "&$BV$21&" en calidad de miembro del Comité de Ética de Investigación en Seres Humanos de la Universidad San Francisco de Quito USFQ (CEISH-USFQ), declaro no tener conflictos de interés para actuar como evaluador de la investigación "&'Datos de Investigación'!$C$17&"" -> Yo, David en calidad de miembro del Comité de Ética de Investigación en Seres Humanos de la Universidad San Francisco de Quito USFQ (CEISH-USFQ), declaro no tener conflictos de interés para actuar como evaluador de la investigación
A40: Si alguna de las respuestas fue “Si”, deberá cumplimentar la siguiente declaración: | K40: Si alguna de las respuestas fue “Si”, deberá cumplimentar la siguiente declaración: | U40: Si alguna de las respuestas fue “Si”, deberá cumplimentar la siguiente declaración: | AE40: Si alguna de las respuestas fue “Si”, deberá cumplimentar la siguiente declaración: | AO40: Si alguna de las respuestas fue “Si”, deberá cumplimentar la siguiente declaración: | AY40: Si alguna de las respuestas fue “Si”, deberá cumplimentar la siguiente declaración: | BI40: Si alguna de las respuestas fue “Si”, deberá cumplimentar la siguiente declaración: | BS40: Si alguna de las respuestas fue “Si”, deberá cumplimentar la siguiente declaración:
A42: ="Yo, "&$D$21&" en calidad de miembro del Comité de Ética de Investigación en Seres Humanos de la Universidad San Francisco de Quito USFQ (CEISH-USFQ), declaro tener conflictos de interés con la investigación "&'Datos de Investigación'!$C$17&", por lo que solicito se excuse mi participación de la evaluación y toma de decisiones de la misma." -> Yo, Ximena Patricia Garzón Villalba en calidad de miembro del Comité de Ética de Investigación en Seres Humanos de la Universidad San Francisco de Quito USFQ (CEISH-USFQ), declaro tener conflictos de interés con la investigación , por lo que solicito se excuse mi participación de la evaluación y toma de decisiones de la misma. | K42: ="Yo, "&$N$21&" en calidad de miembro del Comité de Ética de Investigación en Seres Humanos de la Universidad San Francisco de Quito USFQ (CEISH-USFQ), declaro tener conflictos de interés con la investigación "&'Datos de Investigación'!$C$17&", por lo que solicito se excuse mi participación de la evaluación y toma de decisiones de la misma." -> Yo, Gulnara en calidad de miembro del Comité de Ética de Investigación en Seres Humanos de la Universidad San Francisco de Quito USFQ (CEISH-USFQ), declaro tener conflictos de interés con la investigación , por lo que solicito se excuse mi participación de la evaluación y toma de decisiones de la misma. | U42: ="Yo, "&$X$21&" en calidad de miembro del Comité de Ética de Investigación en Seres Humanos de la Universidad San Francisco de Quito USFQ (CEISH-USFQ), declaro tener conflictos de interés con la investigación "&'Datos de Investigación'!$C$17&", por lo que solicito se excuse mi participación de la evaluación y toma de decisiones de la misma." -> Yo, Jenny en calidad de miembro del Comité de Ética de Investigación en Seres Humanos de la Universidad San Francisco de Quito USFQ (CEISH-USFQ), declaro tener conflictos de interés con la investigación , por lo que solicito se excuse mi participación de la evaluación y toma de decisiones de la misma. | AE42: ="Yo, "&$AH$21&" en calidad de miembro del Comité de Ética de Investigación en Seres Humanos de la Universidad San Francisco de Quito USFQ (CEISH-USFQ), declaro tener conflictos de interés con la investigación "&'Datos de Investigación'!$C$17&", por lo que solicito se excuse mi participación de la evaluación y toma de decisiones de la misma." -> Yo, Eve en calidad de miembro del Comité de Ética de Investigación en Seres Humanos de la Universidad San Francisco de Quito USFQ (CEISH-USFQ), declaro tener conflictos de interés con la investigación , por lo que solicito se excuse mi participación de la evaluación y toma de decisiones de la misma. | AO42: ="Yo, "&$AR$21&" en calidad de miembro del Comité de Ética de Investigación en Seres Humanos de la Universidad San Francisco de Quito USFQ (CEISH-USFQ), declaro tener conflictos de interés con la investigación "&'Datos de Investigación'!$C$17&", por lo que solicito se excuse mi participación de la evaluación y toma de decisiones de la misma." -> Yo, David en calidad de miembro del Comité de Ética de Investigación en Seres Humanos de la Universidad San Francisco de Quito USFQ (CEISH-USFQ), declaro tener conflictos de interés con la investigación , por lo que solicito se excuse mi participación de la evaluación y toma de decisiones de la misma. | AY42: ="Yo, "&$BB$21&" en calidad de miembro del Comité de Ética de Investigación en Seres Humanos de la Universidad San Francisco de Quito USFQ (CEISH-USFQ), declaro tener conflictos de interés con la investigación "&'Datos de Investigación'!$C$17&", por lo que solicito se excuse mi participación de la evaluación y toma de decisiones de la misma." -> Yo, David en calidad de miembro del Comité de Ética de Investigación en Seres Humanos de la Universidad San Francisco de Quito USFQ (CEISH-USFQ), declaro tener conflictos de interés con la investigación , por lo que solicito se excuse mi participación de la evaluación y toma de decisiones de la misma. | BI42: ="Yo, "&$BL$21&" en calidad de miembro del Comité de Ética de Investigación en Seres Humanos de la Universidad San Francisco de Quito USFQ (CEISH-USFQ), declaro tener conflictos de interés con la investigación "&'Datos de Investigación'!$C$17&", por lo que solicito se excuse mi participación de la evaluación y toma de decisiones de la misma." -> Yo, David en calidad de miembro del Comité de Ética de Investigación en Seres Humanos de la Universidad San Francisco de Quito USFQ (CEISH-USFQ), declaro tener conflictos de interés con la investigación , por lo que solicito se excuse mi participación de la evaluación y toma de decisiones de la misma. | BS42: ="Yo, "&$BV$21&" en calidad de miembro del Comité de Ética de Investigación en Seres Humanos de la Universidad San Francisco de Quito USFQ (CEISH-USFQ), declaro tener conflictos de interés con la investigación "&'Datos de Investigación'!$C$17&", por lo que solicito se excuse mi participación de la evaluación y toma de decisiones de la misma." -> Yo, David en calidad de miembro del Comité de Ética de Investigación en Seres Humanos de la Universidad San Francisco de Quito USFQ (CEISH-USFQ), declaro tener conflictos de interés con la investigación , por lo que solicito se excuse mi participación de la evaluación y toma de decisiones de la misma.
A46: =TODAY() -> 45699 | K46: =TODAY() -> 45699 | U46: =TODAY() -> 45699 | AE46: =TODAY() -> 45699 | AO46: =TODAY() -> 45699 | AY46: =TODAY() -> 45699 | BI46: =TODAY() -> 45699 | BS46: =TODAY() -> 45699
B51: Firma Evaluador | L51: Firma Evaluador | V51: Firma Evaluador | AF51: Firma Evaluador | AP51: Firma Evaluador | AZ51: Firma Evaluador | BJ51: Firma Evaluador | BT51: Firma Evaluador
A52: =""&$D$21&"" -> Ximena Patricia Garzón Villalba | K52: =""&$D$21&"" -> Ximena Patricia Garzón Villalba | U52: =""&$D$21&"" -> Ximena Patricia Garzón Villalba | AE52: =""&$D$21&"" -> Ximena Patricia Garzón Villalba | AO52: =""&$D$21&"" -> Ximena Patricia Garzón Villalba | AY52: =""&$D$21&"" -> Ximena Patricia Garzón Villalba | BI52: =""&$D$21&"" -> Ximena Patricia Garzón Villalba | BS52: =""&$D$21&"" -> Ximena Patricia Garzón Villalba

Sheet Formato resp. a observaciones
A1: Formato de respuesta a observaciones determinadas por el CEISH-USFQ
A3: Título de la Investigación | D3: =""&'Datos de Investigación'!$C$17&""
A4: Código CEISH-USFQ | D4: =""&'Datos de Investigación'!$C$7&""
A5: Tipo de Investigación | D5: =""&Evaluación!$C$10&""
A6: Campo de Investigación | D6: Elija un elemento
A8: Lugares de implementación:
A9: Nacional | C9: Provincia | E9: 2 o más provincias | G9: Local/ Centro de investigación
A10: =""&Protocolo!$D$44&"" | C10: =""&Protocolo!$D$45&"" | E10: =""&Protocolo!$D$46&"" | G10: =""&Protocolo!$D$47&""
A11: Equipo de Investigación:
A12: # | B12: Rol | D12: Nombre Completo | H12: Institución a la que pertenece
A13: 1 | B13: =""&Protocolo!$B$53&"" -> Investigador Principal | D13: =""&Protocolo!$C$53&"" -> 0 | H13: =""&Protocolo!$G$53&"" -> 0
A14: 2 | B14: =""&Protocolo!$B$54&"" | D14: =""&Protocolo!$C$54&"" | H14: =""&Protocolo!$G$54&""
A15: 3 | B15: =""&Protocolo!$B$55&"" | D15: =""&Protocolo!$C$55&"" | H15: =""&Protocolo!$G$55&""
A16: 4 | B16: =""&Protocolo!$B$56&"" | D16: =""&Protocolo!$C$56&"" | H16: =""&Protocolo!$G$56&""
A17: 5 | B17: =""&Protocolo!$B$57&"" | D17: =""&Protocolo!$C$57&"" | H17: =""&Protocolo!$G$57&""
A19: Duración de la investigación | D19: Inicio | E19: =Protocolo!G28 -> 0 | F19: Finalización | G19: =Protocolo!G29 -> 0 | H19: Duración | J19: =Protocolo!G30 -> 0
A20: Financiamiento
A21: Número informe evaluación
A22: Fecha de respuesta
A24: Observación CEISH- USFQ | F24: Respuesta/ Justificación
A34: =TODAY() -> 45699
C40: Firma Investigador Principal
A42: =""&'Datos de Investigación'!$C$8&""
A43: =""&'Datos de Investigación'!$C$14&""
A44: Correo electrónico: | C44: =""&'Datos de Investigación'!$C$13&""
A45: Telf.: | B45: ='Datos de Investigación'!$C$11 -> 0

Sheet Carta de aprobación Excención
H2: =""&'Datos de Investigación'!$C$7&""
I3: Oficio N.
H4: Quito, | I4: ='Datos de Investigación'!C6 -> 45699
A5: ="Señor/a, Dr/a "&'Datos de Investigación'!$C$8&" Investigador Principal "&'Datos de Investigación'!$C$14&" Presente" -> Señor/a, Dr/a Investigador Principal Presente
A7: Asunto: Exención de evaluación Referencia: Investigación 20XX-XXXXX
A8: De nuestra consideración:
A10: ="El Comité de Ética de Investigación en Seres Humanos de la Universidad San Francisco de Quito “CEISH-USFQ”, "&" notifica a usted que, analizó la investigación "&'Datos de Investigación'!$C$17&" con código "&'Datos de Investigación'!$C$7&", determinando que es una investigación exenta de evaluación, de conformidad a lo dispuesto en la normativa legal vigente." -> El Comité de Ética de Investigación en Seres Humanos de la Universidad San Francisco de Quito “CEISH-USFQ”, notifica a usted que, analizó la investigación con código , determinando que es una investigación exenta de evaluación, de conformidad a lo dispuesto en la normativa legal vigente.
A15: Título de la Investigación | D15: =""&'Datos de Investigación'!$C$17&""
A16: Código CEISH-USFQ | D16: =""&'Datos de Investigación'!$C$7&""
A17: Tipo de Investigación | D17: Elija un elemento
A18: Campo de Investigación | D18: Elija un elemento
A19: Equipo de Investigación:
A20: # | B20: Rol | D20: Nombre Completo | H20: Institución a la que pertenece
A21: 1 | B21: =""&Protocolo!$B$53&"" -> Investigador Principal | D21: =""&Protocolo!$C$53&"" -> 0 | H21: =""&Protocolo!$G$53&"" -> 0
A22: 2 | B22: =""&Protocolo!$B$54&"" | D22: =""&Protocolo!$C$54&"" | H22: =""&Protocolo!$G$54&""
A23: 3 | B23: =""&Protocolo!$B$55&"" | D23: =""&Protocolo!$C$55&"" | H23: =""&Protocolo!$G$55&""
A24: 4 | B24: =""&Protocolo!$B$56&"" | D24: =""&Protocolo!$C$56&"" | H24: =""&Protocolo!$G$56&""
A25: 5 | B25: =""&Protocolo!$B$57&"" | D25: =""&Protocolo!$C$57&"" | H25: =""&Protocolo!$G$57&""
A26: Duración de la Investigación
A28: Documentación de la investigación:
A30: Documentos adjuntos | G30: Idioma Versión | I30: Fecha Doc. | J30: # págs
A31: 1 | B31: ='Solicitud de Excención'!B15:F15 -> Protocolo de investigación | G31: =""&'Solicitud de Excención'!$G$15&"" | I31: =""&'Solicitud de Excención'!$I$15&"" | J31: =""&'Solicitud de Excención'!$J$15&""
A32: 2 | B32: ='Solicitud de Excención'!B16:F16 -> Justificación de no aplicación de consentimiento informado | G32: =""&'Solicitud de Excención'!$G$16&"" | I32: =""&'Solicitud de Excención'!$I$16&"" | J32: =""&'Solicitud de Excención'!$J$16&""
A33: 3 | B33: ='Solicitud de Excención'!B17:F17 -> Instrumentos de la investigación (entrevistas, encuestas, instrucciones escritas, manuales, guías, entre otros). | G33: =""&'Solicitud de Excención'!$G$17&"" | I33: =""&'Solicitud de Excención'!$I$17&"" | J33: =""&'Solicitud de Excención'!$J$17&""
A34: 4 | B34: ='Solicitud de Excención'!B18:F18 -> Hoja de vida del investigador principal | G34: =""&'Solicitud de Excención'!$G$18&"" | I34: =""&'Solicitud de Excención'!$I$18&"" | J34: =""&'Solicitud de Excención'!$J$18&""
A35: 5 | B35: ='Solicitud de Excención'!B19:F19 -> Declaración de responsabilidad del investigador principal | G35: =""&'Solicitud de Excención'!$G$19&"" | I35: =""&'Solicitud de Excención'!$I$19&"" | J35: =""&'Solicitud de Excención'!$J$19&""
A36: 6 | B36: ='Solicitud de Excención'!B20:F20 -> Carta de interés institucional, suscrita por la máxima autoridad del o de los establecimientos de salud o instituciones en las que se ejecutará la investigación (si aplica). | G36: =""&'Solicitud de Excención'!$G$20&"" | I36: =""&'Solicitud de Excención'!$I$20&"" | J36: =""&'Solicitud de Excención'!$J$20&""
A37: 7 | B37: ='Solicitud de Excención'!B21:F21 -> 0 | G37: =""&'Solicitud de Excención'!$G$21&"" | I37: =""&'Solicitud de Excención'!$I$21&"" | J37: =""&'Solicitud de Excención'!$J$21&""
A39: Esta carta de exención tiene una vigencia de ___ meses, desde ___ (día) de ______ (mes) de_____ (año), hasta el ___ (día) de ______ (mes) de_____ (año).
A43: Recordamos que usted deberá: - Conducir la investigación de conformidad a lo estipulado en el protocolo de investigación presentado al CEISH-USFQ. - Solicitar al CEISH-USFQ la evaluación y aprobación de enmiendas a la investigación y/o documentación relacionada, previo a su implementación. - Emitir al CEISH-USFQ publicación científica oficial de la investigación. - Cumplir con las demás obligaciones contraídas con el CEISH-USFQ en la “Declaración de Responsabilidad del investigador principal”.
A54: La documentación presentada ante el CEISH-USFQ es de responsabilidad exclusiva del investigador principal, quien asume su veracidad, originalidad y autoría. Con sentimientos de distinguida consideración.
B59: Atentamente,
A67: Gulnara Patricia Borja Cabrera MD. PhD. | E67: Ximena Patricia Garzón Villalba MD. PhD.
B68: Presidente CEISH-USFQ | F68: Secretaria CEISH-USFQ
B69: comitebioetica@usfq.edu.ec ceish_riesgominimo@usfq.edu.ec
B70: Adjunto Informe de evaluación ______

Sheet Aprobación Riesgo Mínimo
H2: =""&'Datos de Investigación'!$C$7&""
I3: Oficio N.
H4: Quito, | I4: ='Datos de Investigación'!C6 -> 45699
A5: ="Señor/a, Dr/a "&'Datos de Investigación'!$C$8&" Investigador Principal "&'Datos de Investigación'!$C$14&" Presente" -> Señor/a, Dr/a Investigador Principal Presente
A7: Asunto: Aprobación de investigación Referencia: Investigación 20XX-XXXXX
A8: De nuestra consideración:
A10: ="El Comité de Ética de Investigación en Seres Humanos de la Universidad San Francisco de Quito “CEISH-USFQ”, "&" notifica a usted que, evaluó los aspectos éticos, metodológicos y jurídicos de la investigación "&'Datos de Investigación'!$C$17&" con código "&'Datos de Investigación'!$C$7&", acordando su Aprobación." -> El Comité de Ética de Investigación en Seres Humanos de la Universidad San Francisco de Quito “CEISH-USFQ”, notifica a usted que, evaluó los aspectos éticos, metodológicos y jurídicos de la investigación con código , acordando su Aprobación.
A15: Título de la Investigación | D15: =""&'Datos de Investigación'!$C$17&""
A16: Código CEISH-USFQ | D16: =""&'Datos de Investigación'!$C$7&""
A17: Tipo de Investigación
A18: Campo de Investigación | D18: Elija un elemento
A19: Equipo de Investigación:
A20: # | B20: Rol | D20: Nombre Completo | H20: Institución a la que pertenece
A21: 1 | B21: =""&Protocolo!$B$53&"" -> Investigador Principal | D21: =""&Protocolo!$C$53&"" -> 0 | H21: =""&Protocolo!$G$53&"" -> 0
A22: 2 | B22: =""&Protocolo!$B$54&"" | D22: =""&Protocolo!$C$54&"" | H22: =""&Protocolo!$G$54&""
A23: 3 | B23: =""&Protocolo!$B$55&"" | D23: =""&Protocolo!$C$55&"" | H23: =""&Protocolo!$G$55&""
A24: 4 | B24: =""&Protocolo!$B$56&"" | D24: =""&Protocolo!$C$56&"" | H24: =""&Protocolo!$G$56&""
A25: 5 | B25: =""&Protocolo!$B$57&"" | D25: =""&Protocolo!$C$57&"" | H25: =""&Protocolo!$G$57&""
A26: Duración de la Investigación
A28: Como respaldo de la aprobación, reposan en los archivos del CEISH-USFQ la documentación presentada por el investigador principal y la empleada por Comité para la evaluación de la investigación.
A31: En tal virtud, se adjunta a la presente la siguiente documentación con certificación del CEISH-USFQ:
A33: Documentos adjuntos | G33: Idioma Versión | I33: Fecha Doc. | J33: # págs
A34: 1
A35: 2
A36: 3
A37: 4
A38: 5
A39: 6
A40: 7
A42: La vigencia de aprobación de la investigación es de ___ meses, desde ___ (día) de ______ (mes) de_____ (año), hasta el ___ (día) de ______ (mes) de_____ (año), tomando en consideración las fechas de inicio y finalización descritas en el protocolo de investigación aprobado.
A46: Recordamos que usted deberá: - Conducir la investigación de conformidad a lo estipulado en el protocolo de investigación aprobado por el CEISH-USFQ. - Aplicar el consentimiento informado según los procesos y formatos aprobados por el CEISH-USFQ. - Solicitar al CEISH-USFQ la evaluación y aprobación de enmiendas a la investigación y/o documentación relacionada, previo a su implementación. - Presentar informe de inicio y final de la investigación. - Presentar informes de avance de la investigación con una periodicidad semestral. - Solicitar la renovación de la aprobación la investigación, con anticipación a la terminación de la vigencia de aprobación otorgada con este oficio. - Emitir al CEISH-USFQ publicación científica oficial de la investigación. - Cumplir con las demás obligaciones contraídas con el CEISH-USFQ en la “Declaración de Responsabilidad del investigador principal”.
A61: La documentación presentada ante el CEISH-USFQ es de responsabilidad exclusiva del investigador principal, quien asume su veracidad, originalidad y autoría. Con sentimientos de distinguida consideración.
B66: Atentamente,
A74: Gulnara Patricia Borja Cabrera MD. PhD. | E74: Ximena Patricia Garzón Villalba MD. PhD.
B75: Presidente CEISH-USFQ | F75: Secretaria CEISH-USFQ
B76: comitebioetica@usfq.edu.ec ceish_riesgominimo@usfq.edu.ec
B77: Adjunto Informe de evaluación ______

Sheet Aprobación RMM
I2: =""&'Datos de Investigación'!$C$7&""
I3: Oficio N.
H4: Quito, | I4: ='Datos de Investigación'!C6 -> 45699
A5: ="Señor/a, Dr/a "&'Datos de Investigación'!$C$8&" Investigador Principal "&'Datos de Investigación'!$C$14&" Presente" -> Señor/a, Dr/a Investigador Principal Presente
A7: Asunto: Aprobación de investigación Referencia: Investigación 20XX-XXXXX
A8: De nuestra consideración:
A10: ="El Comité de Ética de Investigación en Seres Humanos de la Universidad San Francisco de Quito USFQ (CEISH-USFQ),"&" notifica a usted que, en sesión _________( sesión ordinaria o extraordinaria), celebrada el día______________ (día, mes, año), con acta _________ (número de acta de sesión), "&"evaluó los aspectos éticos, metodológicos y jurídicos de la investigación "&'Datos de Investigación'!$C$17&", con código "&'Datos de Investigación'!$C$7&" , acordando su Aprobación.""" -> El Comité de Ética de Investigación en Seres Humanos de la Universidad San Francisco de Quito USFQ (CEISH-USFQ), notifica a usted que, en sesión _________( sesión ordinaria o extraordinaria), celebrada el día______________ (día, mes, año), con acta _________ (número de acta de sesión), evaluó los aspectos éticos, metodológicos y jurídicos de la investigación , con código , acordando su Aprobación."
A17: Título de la Investigación | D17: =""&'Datos de Investigación'!$C$17&""
A18: Código CEISH-USFQ | D18: =""&'Datos de Investigación'!$C$7&""
A19: Tipo de Investigación | D19: Elija un elemento
A20: Campo de Investigación | D20: Elija un elemento
A21: Equipo de Investigación:
A22: # | B22: Rol | D22: Nombre Completo | H22: Institución a la que pertenece
A23: 1 | B23: =""&Protocolo!$B$53&"" -> Investigador Principal | D23: =""&Protocolo!$C$53&"" -> 0 | H23: =""&Protocolo!$G$53&"" -> 0
A24: 2 | B24: =""&Protocolo!$B$54&"" | D24: =""&Protocolo!$C$54&"" | H24: =""&Protocolo!$G$54&""
A25: 3 | B25: =""&Protocolo!$B$55&"" | D25: =""&Protocolo!$C$55&"" | H25: =""&Protocolo!$G$55&""
A26: 4 | B26: =""&Protocolo!$B$56&"" | D26: =""&Protocolo!$C$56&"" | H26: =""&Protocolo!$G$56&""
A27: 5 | B27: =""&Protocolo!$B$57&"" | D27: =""&Protocolo!$C$57&"" | H27: =""&Protocolo!$G$57&""
A28: Duración de la Investigación
A30: Como respaldo de la aprobación, reposan en los archivos del CEISH-USFQ la documentación presentada por el investigador principal y la empleada por Comité para la evaluación de la investigación.
A33: En tal virtud, se adjunta a la presente la siguiente documentación con certificación del CEISH-USFQ:
A35: Documentos adjuntos | G35: Idioma Versión | I35: Fecha Doc. | J35: # págs
A36: 1
A37: 2
A38: 3
A39: 4
A40: 5
A41: 6
A42: 7
A44: La vigencia de aprobación de la investigación es de ___ meses, desde ___ (día) de ______ (mes) de_____ (año), hasta el ___ (día) de ______ (mes) de_____ (año), tomando en consideración las fechas de inicio y finalización descritas en el protocolo de investigación aprobado.
A48: Recordamos que usted deberá: 1. Conducir la investigación de conformidad a lo estipulado en el protocolo de investigación aprobado por el CEISH-USFQ. 2. Aplicar el consentimiento informado según los procesos y formatos aprobados por el CEISH-USFQ. 3. Solicitar al CEISH-USFQ la evaluación y aprobación de enmiendas a la investigación y/o documentación relacionada, previo a su implementación. 4. Presentar informe de inicio y final de la investigación. 5. Presentar informes de avance de la investigación con una periodicidad semestral. 6. Solicitar la renovación de la aprobación la investigación, con anticipación a la terminación de la vigencia de aprobación otorgada con este oficio. 7. Emitir al CEISH-USFQ publicación científica oficial de la investigación. 8. Cumplir con las demás obligaciones contraídas con el CEISH-USFQ en la “Declaración de Responsabilidad del investigador principal”.
A62: Elija un elemento
A65: La documentación presentada ante el CEISH-USFQ es de responsabilidad exclusiva del investigador principal, quien asume su veracidad, originalidad y autoría. Con sentimientos de distinguida consideración.
B70: Atentamente,
A78: Gulnara Patricia Borja Cabrera MD. PhD. | E78: Ximena Patricia Garzón Villalba MD. PhD.
B79: Presidente CEISH-USFQ | F79: Secretaria CEISH-USFQ
B80: comitebioetica@usfq.edu.ec ceish_riesgominimo@usfq.edu.ec
B81: Adjunto Informe de evaluación ______

Sheet Seguimiento (Informe Inicial)
H1: =""&'Datos de Investigación'!$C$7&""
F2: =TODAY() -> 45699
A4: Informe de Inicio de Investigaciones de Riesgo Mínimo y Riesgo Mayor al mínimo
A6: A. DATOS DE LA INVESTIGACIÓN
A7: Código CEISH-USFQ | D7: =""&'Datos de Investigación'!$C$7&""
A8: Tipo de Investigación | D8: Investigación de intervención educativa
A9: Campo de Investigación | D9: Ciencias de la Educación
A10: Periodo del informe | F10: Fecha del informe | G10: =TODAY() -> 45699
A12: 1. Título de la Investigación
A13: =""&'Datos de Investigación'!$C$17&""
A15: 2. Objetivos de la Investigación
A18: 3. Financiamiento o monto
A19: =""&Protocolo!$E$33&""
A21: 4. Equipo de Investigación
A22: Función/Rol | B22: Nombre completo | D22: Cédula / Pasaporte | E22: Entidad a la que pertenece | G22: Correo electrónico personal | H22: Teléfono celular
A23: =""&Protocolo!$B$53&"" -> Investigador Principal | B23: =""&Protocolo!$C$53&"" -> 0 | D23: =""&Protocolo!$E$53&"" -> 0 | E23: =""&Protocolo!$G$53&"" -> 0 | G23: =""&Protocolo!$H$53&"" -> 0 | H23: =Protocolo!J53 -> 0
A24: =""&Protocolo!$B$54&"" | B24: =""&Protocolo!$C$54&"" | D24: =""&Protocolo!$E$54&"" | E24: =""&Protocolo!$G$54&"" | G24: =""&Protocolo!$H$54&"" | H24: =Protocolo!J54 -> 0
A25: =""&Protocolo!$B$55&"" | B25: =""&Protocolo!$C$55&"" | D25: =""&Protocolo!$E$55&"" | E25: =""&Protocolo!$G$55&"" | G25: =""&Protocolo!$H$55&"" | H25: =Protocolo!J55 -> 0
A26: =""&Protocolo!$B$56&"" | B26: =""&Protocolo!$C$56&"" | D26: =""&Protocolo!$E$56&"" | E26: =""&Protocolo!$G$56&"" | G26: =""&Protocolo!$H$56&"" | H26: =Protocolo!J56 -> 0
A27: =""&Protocolo!$B$57&"" | B27: =""&Protocolo!$C$57&"" | D27: =""&Protocolo!$E$57&"" | E27: =""&Protocolo!$G$57&"" | G27: =""&Protocolo!$H$57&"" | H27: =Protocolo!J57 -> 0
A28: =""&Protocolo!$B$58&"" | B28: =""&Protocolo!$C$58&"" | D28: =""&Protocolo!$E$58&"" | E28: =""&Protocolo!$G$58&"" | G28: =""&Protocolo!$H$58&"" | H28: =Protocolo!J58 -> 0
A29: =""&Protocolo!$B$59&"" | B29: =""&Protocolo!$C$59&"" | D29: =""&Protocolo!$E$59&"" | E29: =""&Protocolo!$G$59&"" | G29: =""&Protocolo!$H$59&"" | H29: =Protocolo!J59 -> 0
A31: 5. INSTITUCIONES PARTICIPANTES EN LA INVESTIGACIÓN
A32: Nombre de la Institución | C32: Pública/ Privada | D32: Dirección Postal | E32: Persona de Contacto | F32: Correo electrónico persona contacto | G32: Teléfono persona de contacto
A33: =""&Protocolo!$B$67&"" | C33: =Protocolo!$C$67 -> Elija un elemento | D33: =""&Protocolo!$D$67&"" | E33: =""&Protocolo!$E$67&"" | F33: =""&Protocolo!$F$67&"" | G33: =Protocolo!J67 -> 0
A34: =""&Protocolo!$B$68&"" | C34: =Protocolo!$C$68 -> Elija un elemento | D34: =""&Protocolo!$D$68&"" | E34: =""&Protocolo!$E$68&"" | F34: =""&Protocolo!$F$68&"" | G34: =Protocolo!J68 -> 0
A35: =""&Protocolo!$B$69&"" | C35: =Protocolo!$C$69 -> Elija un elemento | D35: =""&Protocolo!$D$69&"" | E35: =""&Protocolo!$E$69&"" | F35: =""&Protocolo!$F$69&"" | G35: =Protocolo!J69 -> 0
A36: =""&Protocolo!$B$70&"" | C36: =Protocolo!$C$70 -> Elija un elemento | D36: =""&Protocolo!$D$70&"" | E36: =""&Protocolo!$E$70&"" | F36: =""&Protocolo!$F$70&"" | G36: =Protocolo!J70 -> 0
A37: =""&Protocolo!$B$71&"" | C37: =Protocolo!$C$71 -> Elija un elemento | D37: =""&Protocolo!$D$71&"" | E37: =""&Protocolo!$E$71&"" | F37: =""&Protocolo!$F$71&"" | G37: =Protocolo!J71 -> 0
A38: =""&Protocolo!$B$72&"" | C38: =Protocolo!$C$72 -> Elija un elemento | D38: =""&Protocolo!$D$72&"" | E38: =""&Protocolo!$E$72&"" | F38: =""&Protocolo!$F$72&"" | G38: =Protocolo!J72 -> 0
A40: B. AUTORIZACIÓN DE EJECUCIÓN DE LA INVESTIGACIÓN
A41: Aprobación CEISH-USFQ | C41: Informe | F41: Fecha
C42: Aprobación | F42: Fecha
A44: C. EJECUCIÓN DE LA INVESTIGACIÓN
A45: Fecha de inicio de ejecución de la investigación: | D45: =""&Protocolo!$G$28&""
A46: Fecha prevista de finalización de la investigación: | D46: =""&Protocolo!$G$29&""
A48: 1. Ejecución
A49: Reclutamiento | C49: Elija un elemento
A51: Fecha de inclusión de primer sujeto de investigación:
A53: Fecha de cierre de reclutamiento:
A57: I. En caso de estar abierto el proceso de reclutamiento, adjuntar aquí una copia del último consentimiento informado obtenido.
A60: 2. Sujetos de la investigación
A61: Tamaño muestral:
A62: Número de sujetos incluidos en la investigación hasta el momento:
A63: ¿Se alcanzará el tamaño muestral? | D63: Elija un elemento
A66: 3. Avances
A67: ACTIVIDADES REALIZADAS
A68: Descripción | H68: Porcentaje
A76: 4. Limitaciones
A80: Certifico que la información contenida en este documento es veraz y que la investigación se ejecuta de conformidad a los documentos aprobados por el Comité de Ética de Investigación en Seres Humanos de la Universidad San Francisco de Quito USFQ (CEISH-USFQ).
A89: Firma del Investigador Principal
A92: =""&'Datos de Investigación'!C8&""
A93: =""&'Datos de Investigación'!$C$14&""
A94: Correo electrónico: | C94: =""&'Datos de Investigación'!$C$13&""
A95: Telf.: | B95: ='Datos de Investigación'!$C$11 -> 0

Sheet Seguimiento (Informe Avance)
H1: =""&'Datos de Investigación'!$C$7&""
F2: =TODAY() -> 45699
A4: Informe de Avance de Investigaciones de Riesgo Mínimo y Riesgo Mayor al mínimo
A6: A. DATOS DE LA INVESTIGACIÓN
A7: Código CEISH-USFQ | D7: =""&'Datos de Investigación'!$C$7&""
A8: Tipo de Investigación | D8: Elija un elemento
A9: Campo de Investigación | D9: Elija un elemento
A10: Periodo del informe | F10: Fecha del informe | G10: =TODAY() -> 45699
A12: 1. Título de la Investigación
A13: =""&'Datos de Investigación'!$C$17&""
A15: 2. Objetivos de la Investigación
A18: 3. Financiamiento o monto
A19: =Protocolo!E33 -> 0
A21: 4. Equipo de Investigación
A22: Función/Rol | B22: Nombre completo | D22: Cédula / Pasaporte | E22: Entidad a la que pertenece | G22: Correo electrónico personal | H22: Teléfono celular
A23: =""&Protocolo!$B$53&"" -> Investigador Principal | B23: =""&Protocolo!$C$53&"" -> 0 | D23: =""&Protocolo!$E$53&"" -> 0 | E23: =""&Protocolo!$G$53&"" -> 0 | G23: =""&Protocolo!$H$53&"" -> 0 | H23: =Protocolo!J53 -> 0
A24: =""&Protocolo!$B$54&"" | B24: =""&Protocolo!$C$54&"" | D24: =""&Protocolo!$E$54&"" | E24: =""&Protocolo!$G$54&"" | G24: =""&Protocolo!$H$54&"" | H24: =Protocolo!J54 -> 0
A25: =""&Protocolo!$B$55&"" | B25: =""&Protocolo!$C$55&"" | D25: =""&Protocolo!$E$55&"" | E25: =""&Protocolo!$G$55&"" | G25: =""&Protocolo!$H$55&"" | H25: =Protocolo!J55 -> 0
A26: =""&Protocolo!$B$56&"" | B26: =""&Protocolo!$C$56&"" | D26: =""&Protocolo!$E$56&"" | E26: =""&Protocolo!$G$56&"" | G26: =""&Protocolo!$H$56&"" | H26: =Protocolo!J56 -> 0
A27: =""&Protocolo!$B$57&"" | B27: =""&Protocolo!$C$57&"" | D27: =""&Protocolo!$E$57&"" | E27: =""&Protocolo!$G$57&"" | G27: =""&Protocolo!$H$57&"" | H27: =Protocolo!J57 -> 0
A28: =""&Protocolo!$B$58&"" | B28: =""&Protocolo!$C$58&"" | D28: =""&Protocolo!$E$58&"" | E28: =""&Protocolo!$G$58&"" | G28: =""&Protocolo!$H$58&"" | H28: =Protocolo!J58 -> 0
A29: =""&Protocolo!$B$59&"" | B29: =""&Protocolo!$C$59&"" | D29: =""&Protocolo!$E$59&"" | E29: =""&Protocolo!$G$59&"" | G29: =""&Protocolo!$H$59&"" | H29: =Protocolo!J59 -> 0
A31: 5. INSTITUCIONES PARTICIPANTES EN LA INVESTIGACIÓN
A32: Nombre de la Institución | C32: Pública/ Privada | D32: Dirección Postal | E32: Persona de Contacto | F32: Correo electrónico persona contacto | G32: Teléfono persona de contacto
A33: =""&Protocolo!$B$67&"" | C33: =Protocolo!$C$67 -> Elija un elemento | D33: =""&Protocolo!$D$67&"" | E33: =""&Protocolo!$E$67&"" | F33: =""&Protocolo!$F$67&"" | G33: =Protocolo!J67 -> 0
A34: =""&Protocolo!$B$68&"" | C34: =Protocolo!$C$68 -> Elija un elemento | D34: =""&Protocolo!$D$68&"" | E34: =""&Protocolo!$E$68&"" | F34: =""&Protocolo!$F$68&"" | G34: =Protocolo!J68 -> 0
A35: =""&Protocolo!$B$69&"" | C35: =Protocolo!$C$69 -> Elija un elemento | D35: =""&Protocolo!$D$69&"" | E35: =""&Protocolo!$E$69&"" | F35: =""&Protocolo!$F$69&"" | G35: =Protocolo!J69 -> 0
A36: =""&Protocolo!$B$70&"" | C36: =Protocolo!$C$70 -> Elija un elemento | D36: =""&Protocolo!$D$70&"" | E36: =""&Protocolo!$E$70&"" | F36: =""&Protocolo!$F$70&"" | G36: =Protocolo!J70 -> 0
A37: =""&Protocolo!$B$71&"" | C37: =Protocolo!$C$71 -> Elija un elemento | D37: =""&Protocolo!$D$71&"" | E37: =""&Protocolo!$E$71&"" | F37: =""&Protocolo!$F$71&"" | G37: =Protocolo!J71 -> 0
A38: =""&Protocolo!$B$72&"" | C38: =Protocolo!$C$72 -> Elija un elemento | D38: =""&Protocolo!$D$72&"" | E38: =""&Protocolo!$E$72&"" | F38: =""&Protocolo!$F$72&"" | G38: =Protocolo!J72 -> 0
A40: B. HISTORIAL DE ENMIENDAS
A41: # Enm | B41: Fecha Solicitud | C41: Documentación | H41: Aprobación CEISH- USFQ
C42: Documento | D42: Versión | E42: Fecha | F42: Resumen Enmienda
A48: C. HISTORIAL DE RENOVACIONES
A49: Nº. | B49: Fecha Solicitud | C49: Aprobación | F49: Periodo Renovación
A57: D. EJECUCIÓN DE LA INVESTIGACIÓN
A58: Fecha de inicio de ejecución de la investigación: | D58: =""&Protocolo!$G$28&""
A59: Fecha prevista de finalización de la investigación: | D59: =""&Protocolo!$G$29&""
A61: 1. Ejecución
A62: Reclutamiento | C62: Elija un elemento
A64: Fecha de inclusión de primer sujeto de investigación:
A66: Fecha de cierre de reclutamiento:
A68: Procesamiento/análisis muestras biológicas humanas | F68: Elija un elemento
A69: Recopilación de información | F69: Elija un elemento
A70: Seguimiento de sujetos de investigación | F70: Elija un elemento
A71: Procesamiento de datos | F71: Elija un elemento
A72: Análisis de datos | F72: Elija un elemento
A74: I. En caso de estar abierto el proceso de reclutamiento, adjuntar aquí una copia del último consentimiento informado obtenido.
A77: 2. Sujetos de la investigación
A78: Retiro de la Investigación
A79: Tamaño muestral:
A80: Nro. Sujetos de investigación reclutados
A81: ¿Se alcanzará el tamaño muestral? | D81: Elija un elemento
A84: Retiro de la Investigación
A85: Motivo | E85: Nro. De sujetos retirados
A86: Voluntariamente
A87: Pérdida de seguimiento
A88: Otros (Especificar aquí)
A89: Total | E89: =SUM(E86:H88) -> 0
A91: 3. Muestras Biológicas (LLENAR ESTE CUADRO SOLO SI SU INVESTIGACIÓN CORRESPONDE A RIESGO MAYOR AL MÍNIMO OBSERVACIONAL).
A92: Nro. Muestras biológicas recolectadas | B92: Tipo muestras biológicas | C92: Nro. Tomas de muestra biológica | D92: Volumen/ peso | E92: Análisis/procesamiento | G92: Condiciones Almacenamiento | H92: Destino final
H93: Elija un elemento
H94: Elija un elemento
H95: Elija un elemento
H96: Elija un elemento
H97: Elija un elemento
H98: Elija un elemento
A100: 3.1. Muestras Biológicas (anónimas/anonimizadas) (LLENAR ESTE CUADRO SOLO SI SU INVESTIGACIÓN CORRESPONDE A RIESGO MÍNIMO).
A101: Total Muestras biológicas | B101: Tipo muestras biológicas | D101: Volumen/ peso | E101: Análisis/procesamiento | G101: Procedencia | H101: Destino final
H102: Elija un elemento
H103: Elija un elemento
H104: Elija un elemento
H105: Elija un elemento
H106: Elija un elemento
H107: Elija un elemento
A109: 3.2. Información Recopilada (LLENAR ESTE CUADRO SOLO SI SU INVESTIGACIÓN CORRESPONDE A RIESGO MÍNIMO).
A110: Tipo de información recopilada | C110: Confidencialidad de los datos | E110: Custodio de la información | G110: Almacenamiento de información | H110: Destino final
H111: Elija un elemento
H112: Elija un elemento
H113: Elija un elemento
H114: Elija un elemento
H115: Elija un elemento
H116: Elija un elemento
A118: 4. Avances
A119: ACTIVIDADES REALIZADAS
A120: Descripción | H120: Porcentaje
A127: ACTIVIDADES PENDIENTES
A128: Descripción | H128: Porcentaje
A135: 5. CRONOGRAMA DE EJECUCIÓN DE ACTIVIDADES
A136: Fecha estimada de inicio de la investigación: | D136: =""&Protocolo!$F$148&"" -> 0 | F136: Especifique en semanas o en meses la duración de cada actividad
A137: Fecha estimada de término de la investigación: | D137: =""&Protocolo!$F$149&"" -> 0
A138: Descripción de las actividades para desarrollar la investigación | D138: =""&Protocolo!$G$148&"" -> Elija una opción | E138: =""&Protocolo!$H$148&"" | F138: =""&Protocolo!$I$148&"" | G138: =""&Protocolo!$J$148&"" | H138: Período de duración de la actividad
D139: Mes (Inicio de actividad) | E139: =""&Protocolo!$G$151&"" | F139: Mes (Fin de actividad) | G139: =""&Protocolo!$I$151&""
A140: =""&Protocolo!$B$152&"" | D140: =""&Protocolo!$F$152&"" -> 1 | F140: =""&Protocolo!$H$152&"" -> Elija una opción | H140: =F140-D140 -> #VALUE!
A141: =""&Protocolo!$B$153&"" | D141: =""&Protocolo!$F$153&"" -> Elija una opción | F141: =""&Protocolo!$H$153&"" -> Elija una opción | H141: =F141-D141 -> #VALUE!
A142: =""&Protocolo!$B$154&"" | D142: =""&Protocolo!$F$154&"" -> Elija una opción | F142: =""&Protocolo!$H$154&"" -> Elija una opción | H142: =F142-D142 -> #VALUE!
A143: =""&Protocolo!$B$155&"" | D143: =""&Protocolo!$F$155&"" -> Elija una opción | F143: =""&Protocolo!$H$155&"" -> Elija una opción | H143: =F143-D143 -> #VALUE!
A144: =""&Protocolo!$B$156&"" | D144: =""&Protocolo!$F$156&"" -> Elija una opción | F144: =""&Protocolo!$H$156&"" -> Elija una opción | H144: =F144-D144 -> #VALUE!
A145: =""&Protocolo!$B$157&"" | D145: =""&Protocolo!$F$157&"" -> Elija una opción | F145: =""&Protocolo!$H$157&"" -> Elija una opción | H145: =F145-D145 -> #VALUE!
A146: =""&Protocolo!$B$158&"" | D146: =""&Protocolo!$F$158&"" -> Elija una opción | F146: =""&Protocolo!$H$158&"" -> Elija una opción | H146: =F146-D146 -> #VALUE!
...

Sheet Seguimiento (Informe Final)
H1: =""&'Datos de Investigación'!$C$7&""
F2: =TODAY() -> 45699
A4: Informe de Final de Investigaciones de Riesgo Mínimo y Riesgo Mayor al mínimo
A6: A. DATOS DE LA INVESTIGACIÓN
A7: Código CEISH-USFQ | D7: =""&'Datos de Investigación'!$C$7&""
A8: Tipo de Investigación | D8: Elija un elemento
A9: Campo de Investigación | D9: Elija un elemento
A10: Periodo del informe | F10: Fecha del informe | G10: =TODAY() -> 45699
A12: 1. Título de la Investigación
A13: =""&'Datos de Investigación'!$C$17&""
A15: 2. Objetivos de la Investigación
A18: 3. Financiamiento o monto
A19: =Protocolo!E33 -> 0
A21: 4. Equipo de Investigación
A22: Función/Rol | B22: Nombre completo | D22: Cédula / Pasaporte | E22: Entidad a la que pertenece | G22: Correo electrónico personal | H22: Teléfono celular
A23: =""&Protocolo!$B$53&"" -> Investigador Principal | B23: =""&Protocolo!$C$53&"" -> 0 | D23: =""&Protocolo!$E$53&"" -> 0 | E23: =""&Protocolo!$G$53&"" -> 0 | G23: =""&Protocolo!$H$53&"" -> 0 | H23: =Protocolo!J53 -> 0
A24: =""&Protocolo!$B$54&"" | B24: =""&Protocolo!$C$54&"" | D24: =""&Protocolo!$E$54&"" | E24: =""&Protocolo!$G$54&"" | G24: =""&Protocolo!$H$54&"" | H24: =Protocolo!J54 -> 0
A25: =""&Protocolo!$B$55&"" | B25: =""&Protocolo!$C$55&"" | D25: =""&Protocolo!$E$55&"" | E25: =""&Protocolo!$G$55&"" | G25: =""&Protocolo!$H$55&"" | H25: =Protocolo!J55 -> 0
A26: =""&Protocolo!$B$56&"" | B26: =""&Protocolo!$C$56&"" | D26: =""&Protocolo!$E$56&"" | E26: =""&Protocolo!$G$56&"" | G26: =""&Protocolo!$H$56&"" | H26: =Protocolo!J56 -> 0
A27: =""&Protocolo!$B$57&"" | B27: =""&Protocolo!$C$57&"" | D27: =""&Protocolo!$E$57&"" | E27: =""&Protocolo!$G$57&"" | G27: =""&Protocolo!$H$57&"" | H27: =Protocolo!J57 -> 0
A28: =""&Protocolo!$B$58&"" | B28: =""&Protocolo!$C$58&"" | D28: =""&Protocolo!$E$58&"" | E28: =""&Protocolo!$G$58&"" | G28: =""&Protocolo!$H$58&"" | H28: =Protocolo!J58 -> 0
A29: =""&Protocolo!$B$59&"" | B29: =""&Protocolo!$C$59&"" | D29: =""&Protocolo!$E$59&"" | E29: =""&Protocolo!$G$59&"" | G29: =""&Protocolo!$H$59&"" | H29: =Protocolo!J59 -> 0
A31: 5. INSTITUCIONES PARTICIPANTES EN LA INVESTIGACIÓN
A32: Nombre de la Institución | C32: Pública/ Privada | D32: Dirección Postal | E32: Persona de Contacto | F32: Correo electrónico persona contacto | G32: Teléfono persona de contacto
A33: =""&Protocolo!$B$67&"" | C33: =Protocolo!$C$67 -> Elija un elemento | D33: =""&Protocolo!$D$67&"" | E33: =""&Protocolo!$E$67&"" | F33: =""&Protocolo!$F$67&"" | G33: =Protocolo!J67 -> 0
A34: =""&Protocolo!$B$68&"" | C34: =Protocolo!$C$68 -> Elija un elemento | D34: =""&Protocolo!$D$68&"" | E34: =""&Protocolo!$E$68&"" | F34: =""&Protocolo!$F$68&"" | G34: =Protocolo!J68 -> 0
A35: =""&Protocolo!$B$69&"" | C35: =Protocolo!$C$69 -> Elija un elemento | D35: =""&Protocolo!$D$69&"" | E35: =""&Protocolo!$E$69&"" | F35: =""&Protocolo!$F$69&"" | G35: =Protocolo!J69 -> 0
A36: =""&Protocolo!$B$70&"" | C36: =Protocolo!$C$70 -> Elija un elemento | D36: =""&Protocolo!$D$70&"" | E36: =""&Protocolo!$E$70&"" | F36: =""&Protocolo!$F$70&"" | G36: =Protocolo!J70 -> 0
A37: =""&Protocolo!$B$71&"" | C37: =Protocolo!$C$71 -> Elija un elemento | D37: =""&Protocolo!$D$71&"" | E37: =""&Protocolo!$E$71&"" | F37: =""&Protocolo!$F$71&"" | G37: =Protocolo!J71 -> 0
A38: =""&Protocolo!$B$72&"" | C38: =Protocolo!$C$72 -> Elija un elemento | D38: =""&Protocolo!$D$72&"" | E38: =""&Protocolo!$E$72&"" | F38: =""&Protocolo!$F$72&"" | G38: =Protocolo!J72 -> 0
A40: B. HISTORIAL DE ENMIENDAS
A41: # Enm | B41: Fecha Solicitud | C41: Documentación | H41: Aprobación CEISH- USFQ
C42: Documento | D42: Versión | E42: Fecha | F42: Resumen Enmienda
A48: C. HISTORIAL DE RENOVACIONES
A49: Nº. | B49: Fecha Solicitud | C49: Aprobación | F49: Periodo Renovación
A57: D. EJECUCIÓN DE LA INVESTIGACIÓN
A58: Fecha de inicio de ejecución de la investigación: | D58: =""&Protocolo!$G$28&""
A59: Fecha prevista de finalización de la investigación: | D59: =""&Protocolo!$G$29&""
A60: ¿Finalizó prematuramente la investigación? | D60: Elija un elemento
A64: 1. Ejecución
A65: Reclutamiento | C65: Elija un elemento
A67: Fecha de inclusión de primer sujeto de investigación:
A69: Fecha de cierre de reclutamiento:
A71: Procesamiento/análisis muestras biológicas humanas | F71: Elija un elemento
A72: Recopilación de información | F72: Elija un elemento
A73: Seguimiento de sujetos de investigación | F73: Elija un elemento
A74: Procesamiento de datos | F74: Elija un elemento
A75: Análisis de datos | F75: Elija un elemento
A77: I. En caso de estar abierto el proceso de reclutamiento, adjuntar aquí una copia del último consentimiento informado obtenido.
A80: 2. Sujetos de la investigación
A81: Retiro de la Investigación
A82: Tamaño muestral:
A83: Nro. Sujetos de investigación reclutados
A84: ¿Se alcanzará el tamaño muestral? | D84: Elija un elemento
A87: Retiro de la Investigación
A88: Motivo | E88: Nro. De sujetos retirados
A89: Voluntariamente
A90: Pérdida de seguimiento
A91: Otros (Especificar aquí)
A92: Total | E92: =SUM(E89:H91) -> 0
A94: 3. Cumplimiento de Objetivos
A95: Descripción | H95: Porcentaje cumplido
A102: 4. Transferencia de resultados
A103: Entrega de beneficios/resultados a Sujetos de Investigación | E103: Divulgación de Resultados de Investigación
A111: 5. Muestras Biológicas (LLENAR ESTE CUADRO SOLO SI SU INVESTIGACIÓN CORRESPONDE A RIESGO MAYOR AL MÍNIMO OBSERVACIONAL).
A112: Nro. Muestras biológicas recolectadas | B112: Tipo muestras biológicas | C112: Nro. Tomas de muestra biológica | D112: Volumen/ peso | E112: Análisis/procesamiento | G112: Condiciones Almacenamiento | H112: Destino final
H113: Elija un elemento
H114: Elija un elemento
H115: Elija un elemento
H116: Elija un elemento
H117: Elija un elemento
H118: Elija un elemento
A120: 5.1. Muestras Biológicas (anónimas/anonimizadas) (LLENAR ESTE CUADRO SOLO SI SU INVESTIGACIÓN CORRESPONDE A RIESGO MÍNIMO).
A121: Total Muestras biológicas | B121: Tipo muestras biológicas | D121: Volumen/ peso | E121: Análisis/procesamiento | G121: Procedencia | H121: Destino final
H122: Elija un elemento
H123: Elija un elemento
H124: Elija un elemento
H125: Elija un elemento
H126: Elija un elemento
H127: Elija un elemento
A129: 5.2. Información Recopilada (LLENAR ESTE CUADRO SOLO SI SU INVESTIGACIÓN CORRESPONDE A RIESGO MÍNIMO).
A130: Tipo de información recopilada | C130: Confidencialidad de los datos | E130: Custodio de la información | G130: Almacenamiento de información | H130: Destino final
H131: Elija un elemento
H132: Elija un elemento
H133: Elija un elemento
H134: Elija un elemento
H135: Elija un elemento
H136: Elija un elemento
A141: 6. Publicaciones Científicas
A142: Año | B142: Revista | C142: Título | F142: DOI | G142: Autores
A150: 7. Desviaciones
A151: ¿Se produjeron desviaciones al protocolo de investigación aprobado? | F151: Elija un elemento
A152: Fecha | B152: Tipo de desviación | C152: Descripción | F152: Centro | G152: Acción correctiva
B153: Elija un elemento
B154: Elija un elemento
B155: Elija un elemento
B156: Elija un elemento
B157: Elija un elemento
A159: 8. EAG Y RAGI (LLENAR ESTE CUADRO SOLO SI SU INVESTIGACIÓN CORRESPONDE A RIESGO MAYOR AL MÍNIMO DE INTERVENCIÓN).
A160: ¿Se produjeron eventos adversos graves (EAG) y/o reacciones adversas graves e inesperadas (RAGI)? | F160: Elija un elemento
...

Sheet Solicitud Renovación de APROB.
H1: =""&'Datos de Investigación'!$C$7&""
F2: =TODAY() -> 45699
A4: Señora, Gulnara Borja Presidente del Comité de Ética de Investigación en Seres Humanos de la Universidad San Francisco de Quito USFQ (CEISH-USFQ)
A6: De mi mejor consideración:
A8: ="Por medio del presente, yo "&'Datos de Investigación'!$C$8&" en calidad de investigador principal, solicito la renovación de la aprobación de la investigación "&'Datos de Investigación'!$C$17&", previamente aprobada por el CEISH-USFQ con código "&'Datos de Investigación'!$C$7&"." -> Por medio del presente, yo en calidad de investigador principal, solicito la renovación de la aprobación de la investigación , previamente aprobada por el CEISH-USFQ con código .
A13: A. DATOS DE LA INVESTIGACIÓN
A14: Título de la Investigación | D14: =""&'Datos de Investigación'!$C$17&""
A15: Código CEISH-USFQ | D15: =""&'Datos de Investigación'!$C$7&""
A16: Fecha aprobación
A17: Tipo de Investigación | D17: Elija un elemento
A18: Campo de Investigación | D18: Elija un elemento
A19: Nivel de Riesgo Aprobado | D19: Elija un elemento
A20: Equipo de Investigación:
A21: # | B21: Rol | D21: Nombre Completo | G21: Institución a la que pertenece
A22: 1 | B22: =""&Protocolo!$B$53&"" -> Investigador Principal | D22: =""&Protocolo!$C$53&"" -> 0 | G22: =""&Protocolo!$G$53&"" -> 0
A23: 2 | B23: =""&Protocolo!$B$54&"" | D23: =""&Protocolo!$C$54&"" | G23: =""&Protocolo!$G$54&""
A24: 3 | B24: =""&Protocolo!$B$55&"" | D24: =""&Protocolo!$C$55&"" | G24: =""&Protocolo!$G$55&""
A25: 4 | B25: =""&Protocolo!$B$56&"" | D25: =""&Protocolo!$C$56&"" | G25: =""&Protocolo!$G$56&""
A26: 5 | B26: =""&Protocolo!$B$57&"" | D26: =""&Protocolo!$C$57&"" | G26: =""&Protocolo!$G$57&""
A28: Financiamiento | D28: =Protocolo!$E$33 -> 0
A30: Tiempo de ejecución | C30: Inicio | D30: =Protocolo!$G$28 -> 0 | E30: Finalización | F30: =Protocolo!$G$29 -> 0 | G30: Duración | H30: =F30-D30 -> 0
A32: B. RENOVACIÓN SOLICITADA
A33: Nro. Renovación:
A34: Período de aprobación:
A35: Extensión solicitada:
A37: Justifiación de Renovación
A42: C. HISTORIAL DE ENMIENDAS
A43: # Enm | B43: Fecha Solicitud | C43: Documentación | H43: Aprobación CEISH- USFQ
C44: Documento | D44: Versión | E44: Fecha | F44: Resumen Enmienda
A53: D. HISTORIAL DE RENOVACIONES
A54: Nº. | B54: Fecha Solicitud | C54: Aprobación | F54: Periodo Renovación
A62: Resúmen de Avance de la Investigación
A67: Certifico que la información que sustenta esta solicitud de renovación es veraz, y que se ha solicitado de forma previa a la culminación de la vigencia de aprobación, por lo cual las actividades de esta investigación se han realizado dentro del período y estándares aprobados por el CEISH-USFQ.
A71: Atentamente
A76: =""&'Datos de Investigación'!C8&""
A77: =""&'Datos de Investigación'!$C$14&""
A78: Correo electrónico: | C78: =""&'Datos de Investigación'!$C$13&""
A79: Telf.: | B79: ='Datos de Investigación'!$C$11 -> 0

Sheet Carta Renovación de Aprobación
I2: ='Datos de Investigación'!C7 -> 0
I3: Oficio N.
H4: Quito, | I4: =TODAY() -> 45699
A5: ="Señor/a, Dr/a "&'Datos de Investigación'!$C$8&" Investigador Principal "&'Datos de Investigación'!$C$14&" Presente" -> Señor/a, Dr/a Investigador Principal Presente
A7: Asunto: Renovación de Aprobación RXX Referencia: Investigación 20XX-XXXXX
A8: De nuestra consideración:
A10: ="El Comité de Ética de Investigación en Seres Humanos de la Universidad San Francisco de Quito USFQ (CEISH-USFQ),"&" notifica a usted que, en sesión _________( sesión ordinaria o extraordinaria), celebrada el día______________ (día, mes, año), con acta _________ (número de acta de sesión), "&"evaluó la solicitud de renovación de aprobación Nro. ___, a la investigación "&'Datos de Investigación'!$C$17&", con código "&'Datos de Investigación'!$C$7&" , acordando Renovar la aprobación de la investigación, por ___ meses: " -> El Comité de Ética de Investigación en Seres Humanos de la Universidad San Francisco de Quito USFQ (CEISH-USFQ), notifica a usted que, en sesión _________( sesión ordinaria o extraordinaria), celebrada el día______________ (día, mes, año), con acta _________ (número de acta de sesión), evaluó la solicitud de renovación de aprobación Nro. ___, a la investigación , con código , acordando Renovar la aprobación de la investigación, por ___ meses:
A16: desde ___ (día) de ______ (mes) de_____ (año), hasta el ___ (día) de ______ (mes) de_____ (año).
A18: Como respaldo de la aprobación, reposan en los archivos del CEISH-USFQ la documentación presentada por el investigador principal y la empleada por Comité para analizar la solicitud de renovación. Recordamos que, usted deberá solicitar la renovación de la aprobación la investigación anualmente, con al menos sesenta (60) días de anticipación a la terminación de la vigencia de aprobación otorgada por el Comité. La documentación presentada ante el CEISH-USFQ es de responsabilidad exclusiva del investigador principal, quien asume su veracidad, originalidad y autoría. Con sentimientos de distinguida consideración.
B20: Atentamente,
B28: Gulnara Patricia Borja Cabrera | F28: Ximena Patricia Garzón Villalba
B29: Presidente CEISH-USFQ | F29: Secretaria CEISH-USFQ
B30: comitebioetica@usfq.edu.ec ceish_riesgominimo@usfq.edu.ec
B31: Adjunto Historial de la investigación ______

Sheet Solicitud Evaluación Enmiendas
G2: Quito, | H2: =TODAY() -> 45699
A3: Señora, Gulnara Borja Presidente del Comité de Ética de Investigación en Seres Humanos de la Universidad San Francisco de Quito USFQ (CEISH-USFQ)
A4: De mi mejor consideración:
A5: ="Por medio del presente, yo "&'Datos de Investigación'!$C$8&" en calidad de investigador principal, solicito la renovación de la aprobación de la investigación "&'Datos de Investigación'!$C$17&", previamente aprobada por el CEISH-USFQ con código "&'Datos de Investigación'!$C$7&". Para el efecto se adjunta la siguiente documentación:" -> Por medio del presente, yo en calidad de investigador principal, solicito la renovación de la aprobación de la investigación , previamente aprobada por el CEISH-USFQ con código . Para el efecto se adjunta la siguiente documentación:
A8: Documentos adjuntos | F8: Idioma Versión | I8: Fecha Doc. | J8: # págs
A9: 1
A10: 2
A11: 3
A12: 4
A13: 5
A14: 6
A15: 7
A18: Atentamente
A24: =""&'Datos de Investigación'!C8&""
A25: =""&'Datos de Investigación'!$C$14&""
A26: Correo electrónico: | C26: =""&'Datos de Investigación'!$C$13&""
A27: Telf.: | B27: ='Datos de Investigación'!$C$11 -> 0

Sheet Carta aprobación de enmiendas
I2: ='Datos de Investigación'!C7 -> 0
I3: Oficio N.
H4: Quito, | I4: =TODAY() -> 45699
A5: ="Señor/a, Dr/a "&'Datos de Investigación'!$C$8&" Investigador Principal "&'Datos de Investigación'!$C$14&" Presente" -> Señor/a, Dr/a Investigador Principal Presente
A7: Asunto: Aprobación de Enmienda MXX Referencia: Investigación 20XX-XXXXX
A8: De nuestra consideración:
A10: ="El Comité de Ética de Investigación en Seres Humanos de la Universidad San Francisco de Quito USFQ (CEISH-USFQ),"&" notifica a usted que, en sesión _________( sesión ordinaria o extraordinaria), celebrada el día______________ (día, mes, año), con acta _________ (número de acta de sesión), "&"evaluó la solicitud de enmienda Nro. ___, a la investigación "&'Datos de Investigación'!$C$17&", con código "&'Datos de Investigación'!$C$7&" ,acordando Aprobar las enmiendas que se resumen en la tabla a continuación: " -> El Comité de Ética de Investigación en Seres Humanos de la Universidad San Francisco de Quito USFQ (CEISH-USFQ), notifica a usted que, en sesión _________( sesión ordinaria o extraordinaria), celebrada el día______________ (día, mes, año), con acta _________ (número de acta de sesión), evaluó la solicitud de enmienda Nro. ___, a la investigación , con código ,acordando Aprobar las enmiendas que se resumen en la tabla a continuación:
A16: # Enmienda | C16: Documento | E16: Versión | F16: Fecha | G16: Resumen Enmienda
A23: Como respaldo de la aprobación, reposan en los archivos del CEISH-USFQ la documentación presentada por el investigador principal y la empleada por Comité para la evaluación de la enmienda. A continuación, se detalla la documentación en vigencia después de la aprobación de la enmienda ___:
A26: Documentos adjuntos | G26: Idioma Versión | I26: Fecha Doc. | J26: # págs
A27: 1
A28: 2
A29: 3
A31: La documentación presentada ante el CEISH-USFQ es de responsabilidad exclusiva del investigador principal, quien asume su veracidad, originalidad y autoría. Con sentimientos de distinguida consideración. Atentamente,
A41: Gulnara Patricia Borja Cabrera MD. PhD. | F41: Ximena Patricia Garzón Villalba MD. PhD.
B42: Presidente CEISH-USFQ | F42: Secretaria CEISH-USFQ
B43: comitebioetica@usfq.edu.ec ceish_riesgominimo@usfq.edu.ec
B44: Adjunto Informe de evaluación ______

Sheet Mod. Justificación de enmiendas
H1: =""&'Datos de Investigación'!$C$7&""
F2: =TODAY() -> 45699
A4: Modelo de Justificación de enmiendas
A6: A. DATOS DE LA INVESTIGACIÓN
A7: Título de la Investigación | D7: =""&'Datos de Investigación'!$C$17&""
A8: Código CEISH-USFQ | D8: =""&'Datos de Investigación'!$C$7&""
A9: Fecha aprobación
A10: Tipo de Investigación | D10: Elija un elemento
A11: Campo de Investigación | D11: Elija un elemento
A12: Nivel de Riesgo Aprobado | D12: Elija un elemento
A13: Equipo de Investigación:
A14: # | B14: Rol | D14: Nombre Completo | G14: Institución a la que pertenece
A15: 1 | B15: =""&Protocolo!$B$53&"" -> Investigador Principal | D15: =""&Protocolo!$C$53&"" -> 0 | G15: =""&Protocolo!$G$53&"" -> 0
A16: 2 | B16: =""&Protocolo!$B$54&"" | D16: =""&Protocolo!$C$54&"" | G16: =""&Protocolo!$G$54&""
A17: 3 | B17: =""&Protocolo!$B$55&"" | D17: =""&Protocolo!$C$55&"" | G17: =""&Protocolo!$G$55&""
A18: 4 | B18: =""&Protocolo!$B$56&"" | D18: =""&Protocolo!$C$56&"" | G18: =""&Protocolo!$G$56&""
A19: 5 | B19: =""&Protocolo!$B$57&"" | D19: =""&Protocolo!$C$57&"" | G19: =""&Protocolo!$G$57&""
A21: Financiamiento | D21: =Protocolo!$E$33 -> 0
A23: Tiempo de ejecución | C23: Inicio | D23: =Protocolo!$G$28 -> 0 | E23: Finalización | F23: =Protocolo!$G$29 -> 0 | G23: Duración | H23: =F23-D23 -> 0
A26: B. HISTORIAL DE ENMIENDAS
A27: # Enm | B27: Fecha Solicitud | C27: Documentación | H27: Aprobación CEISH- USFQ
C28: Documento | D28: Versión | E28: Fecha | F28: Resumen Enmienda
A37: C. ENMIENDAS SOLICITADAS
A38: Aprobado Originalmente | E38: Enmienda
A39: Elija un elemento.
A40: Original: | E40: Enmienda:
A41: Justificación enmienda:
A44: Elija un elemento.
A45: Original: | E45: Enmienda:
A46: Justificación enmienda:
A49: Elija un elemento.
A50: Original: | E50: Enmienda:
A51: Justificación enmienda:
A54: Elija un elemento.
A55: Original: | E55: Enmienda:
A56: Justificación enmienda:
A59: Elija un elemento.
A60: Original: | E60: Enmienda:
A61: Justificación enmienda:
A64: Elija un elemento.
A65: Original: | E65: Enmienda:
A66: Justificación enmienda:
A69: Elija un elemento.
A70: Original: | E70: Enmienda:
A71: Justificación enmienda:
A74: Elija un elemento.
A75: Original: | E75: Enmienda:
A76: Justificación enmienda:
A79: Elija un elemento.
A80: Original: | E80: Enmienda:
A81: Justificación enmienda:
A84: Elija un elemento.
A85: Original: | E85: Enmienda:
A86: Justificación enmienda:
A89: Certifico que la información proporcionada es veraz, y que las enmiendas solicitadas tienen la intención de mejorar la implementación y calidad de los procesos éticos y metodológicos de la investigación.
A92: Atentamente
A97: =""&'Datos de Investigación'!C8&""
A98: =""&'Datos de Investigación'!$C$14&""
A99: Correo electrónico: | C99: =""&'Datos de Investigación'!$C$13&""
A100: Telf.: | B100: ='Datos de Investigación'!$C$11 -> 0

Sheet Evaluación de Enmiendas
H1: =""&'Datos de Investigación'!$C$7&""
F2: =TODAY() -> 45699
A3: Evaluación de enmiendas
A5: A. DOCUMENTACIÓN EVALUADA | E5: Idioma Versión | F5: Fecha Doc. | G5: # Págs. | H5: Revisión
A7: 1 | H7: Elija un elemento
A8: 2 | H8: Elija un elemento
A9: 3 | H9: Elija un elemento
A10: 4 | H10: Elija un elemento
A11: 5 | H11: Elija un elemento
A13: B. HISTORIAL DE ENMIENDAS
A14: # Enm | B14: Fecha Solicitud | C14: Documentación | H14: Aprobación
C15: Documento | D15: Versión | E15: Fecha | F15: Resumen Enmienda | H15: CEISH-USFQ
A22: C. EVALUACIÓN ENMIENDAS
A23: Aprobado | E23: Enmienda
A24: Elija un elemento.
A25: ='Mod. Justificación de enmiendas'!A40 -> Original: | E25: ='Mod. Justificación de enmiendas'!E40 -> Enmienda:
A26: ='Mod. Justificación de enmiendas'!A41 -> Justificación enmienda:
A28: Observaciones CEISH-USFQ:
A31: Elija un elemento.
